Workbook

Sheet Indicators and data sources
B2: Numbering | C2: Source of risk | D2: Overview of identified potential indicators | E2: Description | F2: Contributes to the risk: A company may not have access to a product | G2: Contributes to the risk: A product may change suddenly substantially in price | H2: Contributes to the risk: A company's reputation may be affected by the use of a product | I2: Country-dependent index / Indicators weighted by producing or exporting countries | J2: Relevance for minerals/metals | K2: Relevance for biotic materials | L2: Included in IRTC | M2: Included in BIRD | N2: Included in GeoPolRisk | O2: Included in Ioannidou | P2: Relevance for natural growth (e.g. of bamboo) | Q2: Relevance for cultivation (e.g. of bamboo) | R2: Relevance for processing (e.g. treatment of bamboo) | S2: Relevance for production of intermediate product (e.g. viscose) | T2: Relevance for production of final product (e.g. textile clothing) | U2: Original score range | V2: Transformation to 0-100 scale, with a higher score reflecting a higher risk | W2: (Suggested) data source(s) | X2: Reference year | Y2: Wood covered? How detailed, different types of wood? | Z2: Biochemicals covered? | AA2: Pulp and paper covered? | AB2: Textile covered? | AC2: Other construction materials? | AD2: Other biomaterials covered? Which? | AE2: Colonne1
B3: 1 | C3: Supply is dominated in a few countries | D3: Concentration of mining countries | E3: The concentration of mining countries gives an indication of the diversity of the supply from mines. It is calculated by the Herfindahl–Hirschman Index (HHI), based on the number of mining countries and their contribution (in %) to the annual production. The Herfindahl–Hirschman Index (HHI) is calculated as follows: HHI(a)= ∑_(i=1)^N▒〖(a_i^2)〗, where: N is the number of mining countries, and ai is the contribution (in %) of a country to the annual production from mining multiplied by 100. | F3: X | G3: X | I3: Yes | J3: x | L3: x | N3: x | U3: [0 – 10 000] from highly diversified (0) to highly concentrated (10 000) | V3: 17.5 x ln (HHI) – 61.18 (see (Graedel et al. 2012)) | W3: (U.S. Geological Survey 2022) (European Commission 2019) (European Commission 2020a) (European Commission 2020b) | X3: 2021
B4: 2 | C4: Supply is dominated in a few countries | D4: Concentration of biotic resources | E4: The concentration of resources refers to the number of countries where the considered species (resource) is available and can be extracted as well as their share in the global stocks are reflected. In case all species occur in only few countries, the concentration and as consequence risk of limited availability is high. This category only applies to species used as biotic resources and not to man-made biotic materials because only species used as biotic resources occur in nature. The Herfindahl–Hirschman Index (HHI) is calculated as follows: HHI(a)= ∑_(i=1)^N▒〖(a_i^2)〗, where: N is the number of countries holding biotic resources, and ai is the contribution (in %) of a country to the annual production from these resources multiplied by 100. | F4: X | G4: X | I4: Yes | K4: x | M4: x | P4: x | U4: [0 – 10 000] from highly diversified (0) to highly concentrated (10 000) | V4: 17.5 x ln (HHI) – 61.18 (see (Graedel et al. 2012)) | W4: Index mundi FAOSTAT, 2022 Section: Crops and livestock products Element: production | X4: 2022 | Y4: Flax, raw or retted Hempseed Linseed True hemp, raw or retted Cottonseed Wheat | Z4: Barley Lupins Cottonseed oil Linseed oil Soybeans Sunflower-seed oil, crude Maize (corn) Peas, dry Sugar beet Molasses Mustard seed Tallow Palm oil | AA4: Cotton lint, ginned Cotton seed Flax, raw or retted Kenaf, and other textile bast fibers, raw or retted Sisal, raw Cereals, primary Hemp Jute Wheat | AB4: Cottonseed Flax, raw or retted Hempseed True hemp, raw or retted Wool (shorn wool, greasy) Linen and hemp | AC4: Hempseed True hemp, raw or retted Flax, raw or retted Wheat Cottonseed Rice Sunflower seed
B5: 3 | C5: Supply is dominated in a few countries | D5: Concentration of harvesting | E5: Concentration of harvesting refers to the number of countries harvesting species used as biotic materials and the share of the globally produced material. Limited availability can occur when most of the harvesting activities occur in only few countries. This category applies to biotic resources as well as man-made biotic materials because for both species are harvested. The Herfindahl–Hirschman Index (HHI) is calculated as follows: HHI(a)= ∑_(i=1)^N▒〖(a_i^2)〗, where: N is the number of harvesting countries, and ai is the contribution (in %) of a country to the annual production multiplied by 100. | F5: X | G5: X | I5: Yes | K5: x | M5: x | Q5: x | U5: [0 – 10 000] from highly diversified (0) to highly concentrated (10 000) | V5: 17.5 x ln (HHI) – 61.18 (see (Graedel et al. 2012)) | W5: Index mundi World Bank - WDI | X5: Various, typically not after 2022 | Y5: Cotton Cottonseed meal, cottonseed oil Rapeseed oil Sunflowerssed oil | Z5: Barley Corn Cotton Cottonseed Oil | AA5: Barley Cotton Cottonseed oil Coconut oil Palm oil Rapeseed oil | AB5: Cotton Cottonseed Meal Cottonseed Oil Coconut oil Palm oil Peanut oil Palm oil Soybean oil Soybean meal Sunflowerseed oil | AC5: Cotton Cottonseed oil Soybean oil Rapeseed oil Palm oil | AF5: The HHI can also be used to assess the concentration of harvesting activities, considering the size of each country's share of total harvesting with the total harvested amounts (production or extraction volumes) for each country.
B6: 4 | C6: Supply is dominated in a few countries | D6: Concentration of producing countries of intermediate and final products | E6: The Herfindahl-Hirschman Index (HHI) can also indicate the concentration of countries that produce intermediate and final products, similar as the concentration of mining, refining, or harvesting countries. | F6: X | G6: X | I6: Yes | J6: x | K6: x | L6: x | M6: x | R6: x | S6: x | T6: x | U6: [0 – 10 000] from highly diversified (0) to highly concentrated (10 000) | V6: 17.5 x ln (HHI) – 61.18 (see (Graedel et al. 2012))
B7: 5 | C7: Supply is dominated in a few countries | D7: Concentration of refining countries | E7: The refining/processing stage, also called the post-mining stage for minerals/metals, is a series of operations that transform raw materials into substances that are used to make products. The concentration of refining countries gives an indication of the diversity of the supply from refineries. It is calculated by the Herfindahl–Hirschman Index (HHI), based on the number of refining countries and their contribution (in %) to the annual production. The Herfindahl–Hirschman Index (HHI) is calculated as follows: HHI(a)= ∑_(i=1)^N▒〖(a_i^2)〗, where: N is the number of refining countries, and ai is the contribution (in %) of a country to the annual production from refining/processing multiplied by 100. | F7: X | G7: X | I7: Yes | J7: x | K7: x | L7: x | U7: [0 – 10 000] from highly diversified (0) to highly concentrated (10 000) | V7: 17.5 x ln (HHI) – 61.18 (see (Graedel et al. 2012)) | W7: (U.S. Geological Survey 2022) (European Commission 2019) (European Commission 2020a) (Adamas Intelligence 2019) | X7: 2021
B8: 6 | C8: Material is difficult to store | D8: (Country-dependent) moisture content | E8: Country-dependent moisture content refers to the varying water levels in materials like biomass, soil, or agricultural products, influenced by a country's climate, geography, and farming practices. High moisture content can complicate storage, increasing risks of insect infestations, fungal growth, and spoilage | F8: X | G8: X | I8: No | K8: x | M8: x | Q8: x (not in BIRD) | R8: x | S8: x | T8: x | U8: Percentage of humidity in a product | V8: No conversion needed | W8: Various. Most likely primary data. | X8: Various
B9: 7 | C9: Supplying country is subject to an unstable investment climate | D9: WGI – Political stability & absence of Violence/terrorism | E9: The Worldwide Governance Indicator “Political stability & absence of violence/terrorism” indicates the likelihood of destabilization or overthrowing of the government by unconstitutional or violent means, including politically motivated violence and terrorism. | F9: X | G9: X | I9: Yes | J9: x | K9: x | L9: x | P9: x | Q9: x | R9: x | S9: x | T9: x | U9: [0-100] From weak to strong | V9: 100-WGIpercentile score | W9: (World Bank 2022) | X9: 2020 | Y9: Only dependent on the country, not in the material/product
B10: 8 | C10: Supplying country is subject to an unstable investment climate | D10: WGI - Government effectiveness | E10: The Worldwide Governance Indicator “Government effectiveness” gives information about the quality of public services, civil service, the degree of its independence from political pressures, the quality of policy formulation and implementation, and the credibility of the government’s commitment to such policies. | F10: X | G10: X | I10: Yes | J10: x | K10: x | L10: x | P10: x | Q10: x | R10: x | S10: x | T10: x | U10: [0-100] From weak to strong | V10: 100-WGIpercentile score | W10: (World Bank 2022) | X10: 2020 | Y10: Only dependent on the country, not in the material/product
B11: 9 | C11: Supplying country is subject to an unstable investment climate | D11: WGI - Regulatory Quality | E11: The Worldwide Governance Indicator “Regulatory quality” gives information about the ability of the government to formulate and implement sound policies and regulations that permit and promote the development of the private sector. | F11: X | G11: X | I11: Yes | J11: x | K11: x | L11: x | P11: x | Q11: x | R11: x | S11: x | T11: x | U11: [0-100] From weak to strong | V11: 100-WGIpercentile score | W11: (World Bank 2022) | X11: 2020 | Y11: Only dependent on the country, not in the material/product
B12: 10 | C12: Supplying country is subject to an unstable investment climate | D12: Economic Vulnerability Index | E12: The EVI aims to measure developing countries’ structural vulnerability, vulnerability resulting from transitory features such as economic policy cannot be used as a criterion for long run aid allocation. The EVI is hence a synthetic index of the magnitude of shocks and the exposure to shocks. The EVI is an arithmetic average of different indexes | F12: X | G12: X | I12: Yes | J12: x | K12: x | M12: x | Q12: x (not in BIRD) | R12: x | S12: x | T12: x | U12: [0-100] The higher the worse | V12: No conversion needed | W12: UN CDP, 2024 | X12: 2024 | Y12: Only dependent on the country, not in the material/product
B13: 11 | C13: Supplying country is subject to an unstable investment climate | D13: Economic Vulnerability Index - Share of population living in low elevated coastal zones | E13: Measure the share of the population in a country living in low elevated coastal zones (below 5 meters) | F13: X | G13: X | I13: Yes | J13: x | K13: x | M13: x | Q13: x (not in BIRD) | R13: x | S13: x | T13: x | U13: [0-100] | V13: No conversion needed | W13: UN CDP, 2029 | X13: 2029
B14: 12 | C14: Supplying country is subject to an unstable investment climate | D14: Economic Vulnerability Index - Share of population living in drylands | E14: Share of population living in drylands | F14: X | G14: X | I14: Yes | J14: x | K14: x | M14: x | Q14: x (not in BIRD) | R14: x | S14: x | T14: x | U14: [0-100] | V14: No conversion needed | W14: UN CDP, 2030 | X14: 2030
B15: 13 | C15: Supplying country is subject to an unstable investment climate | D15: Economic Vulnerability Index - Share of agriculture, forestry and fisheries | E15: Percentage share of the agriculture, hunting, forestry and fishing sectors in the gross value added of a country | F15: X | G15: X | I15: Yes | J15: x | K15: x | M15: x | Q15: x (not in BIRD) | R15: x | S15: x | T15: x | U15: [0-100] | V15: No conversion needed | W15: UN CDP, 2025 | X15: 2025
B16: 14 | C16: Supplying country is subject to an unstable investment climate | D16: Economic Vulnerability Index - Remoteness and landlockedness | E16: Weighted average distance from neerest trading partners with a cumulative share in world trade of 50% | F16: X | G16: X | I16: Yes | J16: x | K16: x | M16: x | Q16: x (not in BIRD) | R16: x | S16: x | T16: x | U16: [0-100] | V16: No conversion needed | W16: UN CDP, 2026 | X16: 2026
B17: 15 | C17: Supplying country is subject to an unstable investment climate | D17: Economic Vulnerability Index - Export instability | E17: Standard deviation of the difference between the value of annual export earnings and its 20-year trend | F17: X | G17: X | I17: Yes | J17: x | K17: x | M17: x | Q17: x (not in BIRD) | R17: x | S17: x | T17: x | U17: [0-100] | V17: No conversion needed | W17: UN CDP, 2028 | X17: 2028
B18: 16 | C18: Supplying country is subject to an unstable investment climate | D18: Economic Vulnerability Index - Export concentration | E18: Measures the product and market concentration of a country's exports | F18: X | G18: X | I18: Yes | J18: x | K18: x | M18: x | Q18: x (not in BIRD) | R18: x | S18: x | T18: x | U18: [0-100] | V18: No conversion needed | W18: UN CDP, 2027 | X18: 2027
B19: 17 | C19: Supplying country is subject to an unstable investment climate | D19: Economic Vulnerability Index - Agricultural instability | E19: Standard deviation of the difference between agricultural production and its 20-year trend | F19: X | G19: X | I19: Yes | J19: x | K19: x | M19: x | Q19: x (not in BIRD) | R19: x | S19: x | T19: x | U19: [0-100] | V19: No conversion needed | W19: UN CDP, 2031 | X19: 2031
B20: 18 | C20: Supplying country is subject to an unstable investment climate | D20: Economic Vulnerability Index - Victims of disasters (%) | E20: Share of population who are victims of disasters, defined as deaths, missing persons and directly affected persons attributed to disasters | F20: X | G20: X | I20: Yes | J20: x | K20: x | M20: x | Q20: x (not in BIRD) | R20: x | S20: x | T20: x | U20: [0-100] | V20: No conversion needed | W20: UN CDP, 2032 | X20: 2032
B21: 19 | C21: Supplying country is subject to an unstable investment climate | D21: Fragile States Index | E21: This index provides information about the vulnerability to conflict or collapse of countries, based on the following indicators: Security Apparatus, Factionalized Elites, Group Grievance, Economic Decline and Poverty, Uneven Economic Development, Human Flight and Brain Drain, State Legitimacy, Public Services, Human Rights and Rule of Law, Demographic Pressures, Refugees and Internally Displaced Persons, and External Intervention. | F21: X | G21: X | I21: Yes | J21: x | K21: x | L21: x | P21: x | Q21: x | R21: x | S21: x | T21: x | U21: [0-120] The higher the index, the worse the situation | V21: 100 x (FSI value/120) | W21: (The Fund for Peace 2023) | X21: 2022 | Y21: Only dependent on the country, not in the material/product
B22: 20 | C22: Supplying country is subject to political instability | D22: WGI - Voice and accountability | E22: The Worldwide Governance Indicator “Voice and accountability” indicates to which extent a country’s citizens can participate in selecting their government. It also shows the freedom of expression and association and free media. | F22: X | G22: X | I22: Yes | J22: x | K22: x | M22: x | P22: x | Q22: x | R22: x | S22: x | T22: x | U22: [0-100] From weak to strong | V22: 100-WGIpercentile score | W22: (World Bank 2022) | X22: 2020 | AD22: Do not cover biobase materials but political instability | AF22: Forced labour refers to situations where individuals are compelled to work through violence, intimidation, deception, or restricted freedom to leave like in human trafficking for labour exploitation, and involuntary work under threat.
B23: 21 | C23: Supplying country is subject to political instability | D23: WGI – Political stability & absence of Violence/terrorism | E23: The Worldwide Governance Indicator “Political stability & absence of violence/terrorism” indicates the likelihood of destabilization or overthrowing of the government by unconstitutional or violent means, including politically motivated violence and terrorism. | F23: X | G23: X | I23: Yes | J23: x | K23: x | M23: x | N23: x | P23: x | Q23: x | R23: x | S23: x | T23: x | U23: [0-100] From weak to strong | V23: 100-WGIpercentile score | W23: (World Bank 2022) | X23: 2020 | Y23: Only dependent on the country, not in the material/product
B24: 22 | C24: Supplying country is subject to political instability | D24: WGI - Government effectiveness | E24: The Worldwide Governance Indicator “Government effectiveness” gives information about the quality of public services, civil service, the degree of its independence from political pressures, the quality of policy formulation and implementation, and the credibility of the government’s commitment to such policies. | F24: X | G24: X | I24: Yes | J24: x | K24: x | M24: x | P24: x | Q24: x | R24: x | S24: x | T24: x | U24: [0-100] From weak to strong | V24: 100-WGIpercentile score | W24: (World Bank 2022) | X24: 2020 | Y24: Only dependent on the country, not in the material/product | AD24: Do not cover biobase materials but political instability
B25: 23 | C25: Supplying country is subject to political instability | D25: WGI - Regulatory Quality | E25: The Worldwide Governance Indicator “Regulatory quality” gives information about the ability of the government to formulate and implement sound policies and regulations that permit and promote the development of the private sector. | F25: X | G25: X | I25: Yes | J25: x | K25: x | M25: x | P25: x | Q25: x | R25: x | S25: x | T25: x | U25: [0-100] From weak to strong | V25: 100-WGIpercentile score | W25: (World Bank 2022) | X25: 2020 | AD25: Do not cover biobase materials but political instability
B26: 24 | C26: Supplying country is subject to political instability | D26: WGI – Rule of law | E26: The Worldwide Governance Indicator “Rule of law” indicates to which extent agents have confidence in and abide by the rules of society, especially the quality of contract enforcement, property rights, the police, and the courts, and the likelihood of crime and violence. | F26: X | G26: X | I26: Yes | J26: x | K26: x | M26: x | P26: x | Q26: x | R26: x | S26: x | T26: x | U26: [0-100] From weak to strong | V26: 100-WGIpercentile score | W26: (World Bank 2022) | X26: 2020 | AD26: Do not cover biobase materials but political instability
B27: 25 | C27: Supplying country is subject to political instability | D27: WGI – Control of corruption | E27: The Worldwide Governance Indicator “Control of corruption” indicates to which extent public power benefits from private gain, covering all forms of corruption and the control of the state by elites and special interests. | F27: X | G27: X | I27: Yes | J27: x | K27: x | M27: x | P27: x | Q27: x | R27: x | S27: x | T27: x | U27: [0-100] From weak to strong | V27: 100-WGIpercentile score | W27: (World Bank 2022) | X27: 2020 | Y27: Only dependent on the country, not in the material/product
B28: 26 | C28: Supplying country is subject to societal unrest | D28: WGI – Rule of law | E28: The Worldwide Governance Indicator “Rule of law” indicates to which extent agents have confidence in and abide by the rules of society, especially the quality of contract enforcement, property rights, the police, and the courts, and the likelihood of crime and violence. | F28: X | G28: X | I28: Yes | J28: x | K28: x | L28: x | P28: x | Q28: x | R28: x | S28: x | T28: x | U28: [0-100] From weak to strong | V28: 100-WGIpercentile score | W28: (World Bank 2022) | X28: 2020
B29: 27 | C29: Supplying country is subject to societal unrest | D29: WGI – Political stability & absence of Violence/terrorism | E29: The Worldwide Governance Indicator “Political stability & absence of violence/terrorism” indicates the likelihood of destabilization or overthrowing of the government by unconstitutional or violent means, including politically motivated violence and terrorism. | F29: X | G29: X | I29: Yes | J29: x | K29: x | L29: x | P29: x | Q29: x | R29: x | S29: x | T29: x | U29: [0-100] From weak to strong | V29: 100-WGIpercentile score | W29: (World Bank 2022) | X29: 2020 | Y29: Only dependent on the country, not in the material/product
B30: 28 | C30: Supplying country is subject to trade restrictions/ resource nationalism | D30: Export restrictions between 2017-2020 | E30: Share of supply (%) subjected to trade restrictions between 2017-2020 | F30: X | G30: X | I30: Yes | J30: x | K30: x | L30: x | Q30: x | R30: x | U30: Percentage % The higher the worse | V30: No conversion needed | W30: (OECD 2022) (WTO, 2024) | X30: 2021 2024 | Y30: 6 types of wood are covered, for the rest mostly metals and minerals In the WTO, there is wood and articles of wood, cork and articles of cork | Z30: Organic chemicals Pharmaceutical products Fertilisers Tanning or dyeing extracts | AA30: Pulp of wood or of other fibrous cellulosic material Recovered (waste and scrap) paper and paperboard Paper and paperboard, articles of of paper pulp, of paper of of paperboard | AB30: Silk Wool Cotton Other vegetable textile fibres, paper yarn and woven fabrics of paper yarn | AC30: Straw Furniture, mattress supports, prefabricated buildings
B31: 29 | C31: Supplying country is subject to trade restrictions/ resource nationalism | D31: Enabling trade index | E31: Evaluates to which extent economies facilitate the free flow of goods over borders (and to their destination). | F31: X | G31: X | I31: Yes | J31: x | K31: x | L31: x | M31: x | Q31: x | R31: x | S31: x | T31: x | U31: [1-7] A higher score represents a better facilitation of trade | V31: 100 x (1-(ETI value-1)/6) | W31: (World Economic Forum 2016) | X31: 2016 | Y31: Only dependent on the country, not in the material/product
B32: 30 | C32: Supplying country is subject to natural disasters | D32: Not quantified | E32: When a supplying country suffers from natural disasters, such as flooding, tsunamis, landslides, earthquakes, and storms, this can cause damages to mines, refiners, or other production facilities. This can lead to the (temporary) closure of these facilities, causing a supply shortage. There is currently no quantified indicator for this risk source. | F32: X | G32: X | I32: NA | J32: x | K32: x | L32: x | P32: x | Q32: x | R32: x | S32: x | T32: x
B33: 31 | C33: Supplying country is subject to natural disasters (Floods and droughts) | D33: Natural disaster risk (NDR) indicator | E33: The Natural Disaster Risk (NDR) indicator is used to evaluate the vulnerability of supply chains for bio-based materials due to the risk of natural disasters. NDRi = Ʃ(gpsi,x * NDIx) Where: gps: global production share NDI: natural disaster index i= analysed product/material x=production country | F33: X | G33: X | I33: Yes | J33: x | K33: x | M33: x | O33: x | P33: x | Q33: x | R33: x (not in BIRD) | S33: x (not in BIRD) | T33: x (not in BIRD) | U33: [0-100] - The NRI of specific production countries are aggregated and then multiplied by the global production share of the material analysed. The higher the NDRi, the greater the likelihood of restrictions on the availability of bio-based materials. From the BIRD report and the references they mention, I cannot find anywhere the values they included in the suplementary informations or how the natural disaster index is calculated. We suggested the method INFORM from the European Commission which is updated and already has possible values for 2025 per country. https://drmkc.jrc.ec.europa.eu/inform-index/INFORM-Risk/Results-and-data | V33: No conversion needed | W33: NaturaUnited Nations Office for Disaster Risk Reduction https://ec.europa.eu/eurostat/databrowser/view/naio_10_fgfd/default/bar?lang=en&category=na10.naio_10.naio_10_f.naio_10_fg (to check after) | X33: 2013 | AE33: Natural disasters such as floods, droughts, hurricanes, earthquakes, and wildfires can impact regions, affecting both natural and man-made biotic resources. They are particularly critical during cultivation and harvesting stages but can also disrupt other supply chain stages, such as when production facilities are damaged by floods.
B34: 32 | C34: Supplying country is subject to natural disasters | D34: Disease outbreaks | F34: X | G34: X | K34: x | O34: x | P34: x | Q34: x
B35: 33 | C35: Limited availability of resources needed for cultivation | D35: Amount of phosphorous applied (kg) in a product system | E35: Only phosphorus is considered, as it is a limited resource that can significantly restrict agricultural production. Its usage during cultivation is commonly reported in case studies on agricultural systems. | F35: X | G35: X | I35: No | K35: x | M35: x | Q35: x | U35: Any amount. For the determination of phosphor use either measured values provided by the practitioner (e.g., farmer) or average values based on literature research can be used | V35: No conversion needed | W35: Various | X35: Various | AD35: Every type of agricultural systems using phosphorus fertilizer
B36: 34 | C36: Limited availability of resources needed for cultivation | D36: Amount of land used (h/year) in a product system | E36: hectare of land used pe year in a product system | F36: X | G36: X | I36: No | K36: x | M36: x | O36: x | P36: x | Q36: x | U36: Any amount. The amount of land use for the cultivation of a specific species used as a material (with regard to the functional unit) can be determined either by measurements provided by the practitioner (e.g., farmer) or average values based on literature research or within common LCA databases like GaBi and ecoinvent | V36: No conversion needed | AD36: Every type of agricultural systems using land
B37: 35 | C37: Limited availability of resources needed for cultivation | D37: Water Depletion Index (WDI) | E37: The Water Depletion Index (WDI) evaluates the risk of freshwater depletion by considering not just the water consumption but also how water is replenished through processes like atmospheric evaporation and precipitation, while capturing the vulnerability of regions to water shortages, taking into account both the local water availability and the overall water cycle dynamics (e.g., water recycling through evaporation). WSi =Ʃ(gpsi _ WDIx) Where: gps: global production share WDI: natural depletion index i= analysed product/material x=production country | F37: X | G37: X | I37: Yes | K37: x | M37: x | P37: x | Q37: x | R37: Check via hotspot analysis in LCA | S37: Check via hotspot analysis in LCA | T37: Check via hotspot analysis in LCA | U37: [0-1] WDI turns 1 is regarded as the threshold of extreme water stress. A higher WDI indicates a greater depletion risk, meaning that the area’s freshwater resources are under more stress due to consumption or lack of natural replenishment. The WDI of specific production countries are aggregated and then multiplied by the global production share of the material analysed. | W37: https://www.tu.berlin/en/see/research-projects/data-sets-methods-and-tools/wave | X37: 2018
B38: 36 | C38: A product can be associated with environmental impacts that are deemed unacceptable by social norms | D38: Cradle-to-gate Life Cycle Assessment | E38: Cradle-to-gate Life Cycle Assessment (LCA) is a method used to quantify the environmental burdens associated with producing 1 kg of raw material, covering the resource extraction, refining, and distribution stages. These current scores refer to the “environmental implications” (EI) score of Graedel et al., which is based on the endpoint environmental damages to human health and ecosystems. The impacts are given per kilogram of material (cradle-to-gate) using the ReCiPe 1.10 (World) H/H method. Damages to human health and ecosystems refer to the results after normalization and weighting using the hierarchical perspective and weighting set. | F38: X | G38: X | H38: X | I38: No | J38: x | K38: x | L38: x | P38: x | Q38: x | R38: x | S38: x | T38: x | U38: [0 – 100], a higher score represents a higher impact | V38: Normalization to the highest-scoring alternative | W38: (Graedel et al. 2015) | X38: 2015
B39: 37 | C39: A product can be associated with environmental impacts that are deemed unacceptable by social norms | D39: Climate change | E39: Based on PEF. this indicator measures the rise in global temperatures caused by greenhouse gas (GHG) emissions, primarily from fossil fuel combustion (coal, oil, and natural gas). The global warming potential of GHGs is expressed in kilograms of carbon dioxide equivalent (kg CO2 eq), comparing all GHGs to the warming potential of 1 kg of CO2. | F39: X | G39: X | H39: X | I39: No | J39: x | K39: x | M39: x | P39: Assessed at the input gate of the system at risk | Q39: Assessed at the input gate of the system at risk | R39: Assessed at the input gate of the system at risk | S39: Assessed at the input gate of the system at risk | T39: Assessed at the input gate of the system at risk | U39: Any Value | V39: Normalization to the highest-scoring alternative | W39: LCA study
B40: 38 | C40: A product can be associated with environmental impacts that are deemed unacceptable by social norms | D40: Acidification | E40: Based on PEF. Acidification has led to declining coniferous forests and increased fish mortality. It results from air emissions and their deposition in water and soil, primarily from combustion in electricity, heat production, and transport. Fuels with higher sulfur content contribute more to acidification. The impact is measured in moles of hydron equivalents (mol H+ eq), representing substances' acidification potential. | F40: X | G40: X | H40: X | I40: No | J40: x | K40: x | M40: x | P40: Assessed at the input gate of the system at risk | Q40: Assessed at the input gate of the system at risk | R40: Assessed at the input gate of the system at risk | S40: Assessed at the input gate of the system at risk | T40: Assessed at the input gate of the system at risk | U40: Any Value | V40: Normalization to the highest-scoring alternative | W40: LCA study
B41: 39 | C41: A product can be associated with environmental impacts that are deemed unacceptable by social norms | D41: Eutrophication | E41: Based on PEF. Eutrophication impacts ecosystems due to substances containing nitrogen (N) or phosphorus (P), which promotes growth of algae or specific plants. If algae grow too rapidly, it can leave water without enough oxygen for fish to survive. | F41: X | G41: X | H41: X | I41: No | J41: x | K41: x | M41: x | P41: Assessed at the input gate of the system at risk | Q41: Assessed at the input gate of the system at risk | R41: Assessed at the input gate of the system at risk | S41: Assessed at the input gate of the system at risk | T41: Assessed at the input gate of the system at risk | U41: Any Value | V41: Normalization to the highest-scoring alternative | W41: LCA study
B42: 40 | C42: A product can be associated with environmental impacts that are deemed unacceptable by social norms | D42: Ozone Depletion | E42: Based on PEF. The stratospheric ozone (O₃) layer shields us from harmful UV-B radiation. Its depletion raises risks of skin cancer in humans and damages plants. The impacts of ozone-depleting substances are expressed in kilograms of trichlorofluoromethane equivalents (kg CFC-11 eq), based on their potential to deplete ozone | F42: X | G42: X | H42: X | I42: No | J42: x | K42: x | M42: x | P42: Assessed at the input gate of the system at risk | Q42: Assessed at the input gate of the system at risk | R42: Assessed at the input gate of the system at risk | S42: Assessed at the input gate of the system at risk | T42: Assessed at the input gate of the system at risk | U42: Any Value | V42: Normalization to the highest-scoring alternative | W42: LCA study
B43: 41 | C43: A product can be associated with environmental impacts that are deemed unacceptable by social norms | D43: Photochemical ozone formation | E43: Based on PEF. Ground-level ozone (O₃) in the troposphere is harmful, damaging organic compounds in animals and plants and exacerbating respiratory issues, especially during photochemical smog ("summer smog") in cities. The impact of substances contributing to ozone formation is measured in kilograms of Non-Methane Volatile Organic Compounds (NMVOCs) equivalent | F43: X | G43: X | H43: X | I43: No | J43: x | K43: x | M43: x | P43: Assessed at the input gate of the system at risk | Q43: Assessed at the input gate of the system at risk | R43: Assessed at the input gate of the system at risk | S43: Assessed at the input gate of the system at risk | T43: Assessed at the input gate of the system at risk | U43: Any Value | V43: Normalization to the highest-scoring alternative | W43: LCA study | AF43: A combined species-level SHI metric is given as the average species Area and Connectivity at a given point in time compared to the reference period. For example, a 4% and 6% decrease in Area and Connectivity, respectively, would result in species-level SHI = 95 (average between 96 for Area and 94 for Connectivity) compared to a baseline SHI = 100 [0-100] The PAR score is calculated as the weighted average of the proportional coverage of protected areas in each ecological region. The higher the PAR score, the better the country's protected areas are at representing its ecological diversity.
B44: 42 | C44: A product can be associated with environmental impacts that are deemed unacceptable by social norms | D44: Environmental Performance Index | E44: Assesses and ranks the environmental health and the ecosystem vitality in 180 countries. EPI provides the state of sustainability in these countries by evaluating how close those countries are to established environmental policy targets. | F44: X | G44: X | H44: X | I44: Yes | J44: x | K44: x | L44: x | P44: x | Q44: x | R44: x | S44: x | T44: x | U44: [0-100] The higher the EPI, the better the country's environmental performance | V44: 100-EPI value | W44: (Wendling et al. 2020) | X44: 2020
B45: 43 | C45: A product can be associated with environmental impacts that are deemed unacceptable by social norms | D45: EPI Protected Area Representativeness Index | E45: The Protected Areas Representativeness (PAR) Index evaluates how effectively protected areas capture the diversity of environmental conditions and biological species within a country. | F45: X | G45: X | H45: X | I45: Yes | J45: x | K45: x | M45: x | P45: x | Q45: x | R45: x | S45: x | T45: x | U45: [0-100] The higher the EPI, the better the country's performance | V45: 100-EPI value | W45: Environmental performance Index - 2024 Report | X45: 2024 | AF45: Percentage of a country's EEZ covered by MPAs and effectiveness of these MPAs in meeting conservation goals, such as biodiversity protection and ecosystem restoration. Countries with well managed MPA may have a value exceeding 30% while nations with poorly managed MPA if often below 10%
B46: 44 | C46: A product can be associated with environmental impacts that are deemed unacceptable by social norms | D46: EPI Species Habitat Index | E46: The Species Habitat Index (SHI) estimates potential population declines and extinction risks, both regional and global, using habitat loss as a proxy. It measures the proportion of suitable habitat remaining intact for each species in a country compared to a baseline from 2001 | F46: X | G46: X | H46: X | I46: Yes | J46: x | K46: x | M46: x | P46: x | Q46: x | R46: x | S46: x | T46: x | U46: [0-100] The higher the EPI, the better the country's performance | V46: 100-EPI value | W46: Environmental performance Index - 2024 Report | X46: 2024 | AF46: The percentage of a country’s land area designated as protected. Countries with well managed protected areas may have a value exceeding 30% while nations with poorly managed protected areas if often below 10%
B47: 45 | C47: A product can be associated with environmental impacts that are deemed unacceptable by social norms | D47: EPI Marine Protected Areas | E47: The EPI Marine Protected Areas (MPAs) measures the extent and effectiveness of marine protected areas within a country's exclusive economic zone (EEZ) | F47: X | G47: X | H47: X | I47: Yes | J47: x | K47: x | M47: x | P47: x | Q47: x | R47: x | S47: x | T47: x | U47: [0-100] The higher the EPI, the better the country's performance | V47: 100-EPI value | W47: Environmental performance Index - 2024 Report | X47: 2024
B48: 46 | C48: A product can be associated with environmental impacts that are deemed unacceptable by social norms | D48: EPI Terrestrial Protected Areas | E48: The EPI Terrestrial Protected Areas (TPA) is an indicator assessing the extent and effectiveness of protected terrestrial areas within a country’s land territory. | F48: X | G48: X | H48: X | I48: Yes | J48: x | K48: x | M48: x | P48: x | Q48: x | R48: x | S48: x | T48: x | U48: [0-100] The higher the EPI, the better the country's performance | V48: 100-EPI value | W48: Environmental performance Index - 2024 Report | X48: 2024
B49: 47 | C49: The supply of a product can be associated with the violation of human rights | D49: Human Development Index (HDI) | E49: The Human Development Index (HDI) is a country-specific measure of the average achievement in three basic dimensions of human development: long and healthy life, knowledge, and a decent standard of living. | F49: X | G49: X | H49: X | I49: Yes | J49: x | K49: x | L49: x | P49: x | Q49: x | R49: x | S49: x | T49: x | U49: [0-1] The higher the HDI, the better | V49: (1- HDI value) x 100 | W49: (UNDP 2022) | X49: 2019
B50: 48 | C50: The supply of a product can be associated with the violation of human rights | D50: WGI – Voice and accountability | E50: The Worldwide Governance Indicator “Voice and accountability” indicates to which extent a country’s citizens can participate in selecting their government. It also shows the freedom of expression and association and free media. | F50: X | G50: X | H50: X | I50: Yes | J50: x | K50: x | L50: x | P50: x | Q50: x | R50: x | S50: x | T50: x | U50: [0-100] From weak to strong | V50: 100-WGIpercentile score | W50: (World Bank 2022) | X50: 2020
B51: 49 | C51: The supply of a product can be associated with forced labour | D51: Forced labour per country per sector (SHDB) | E51: The Forced Labour per Country per Sector (SHDB) indicator tracks forced labor across countries and sectors. Defined by the UN Global Compact and ILO Conventions 29 and 105, forced labor involves work extracted under threat or penalty, without voluntary consent. It violates human rights, hinders societal development, and limits education opportunities. This indicator helps identify high-risk sectors and regions, supporting efforts to eliminate forced labor and enforce penalties as required by international conventions. | F51: X | G51: X | H51: X | I51: Yes | J51: x | K51: x | M51: x | P51: x | Q51: x | R51: x | S51: x | T51: x | U51: [0-100] Risk score based on the number of people working more than 48 hours/week per country and per sector and labor laws and protection | V51: No conversion needed | W51: U.S. Department of State, 2018 U.S. Department of Labor, 2017 Global Slavery Index, 2016 | X51: From 2016-2018
B52: 50 | C52: The supply of a product can be associated with conflict | D52: Heidelberg Conflict Barometer (not quantified) | E52: Heidelberg Conflict Barometer evaluates and documents the political conflicts worldwide. It presents the Conflict's name, parties, items, start date, and the Levels of intensity (Int). The level of intensity is quantified as follow: Int= 5 (war); Int= 4 (limited war); Int= 3 (violent crisis); Int= 2 (non-violent crisis); and Int= 1 (dispute). This indicator is currently not integrated into the model due to the lack of a single available score per country. | F52: X | G52: X | H52: X | I52: Yes | J52: x | K52: x | L52: x | P52: x | Q52: x | R52: x | S52: x | T52: x | U52: Not implemented | V52: Not implemented | W52: (Heidelberg Institute for International Conflict Research 2022) | X52: 2022
B53: 51 | C53: The supply of a product can be associated with conflict | D53: Global Peace Index | E53: Analyses and quantifies which nations are the most peaceful, and which nations are the most dangerous by evaluating three distinct categories (militarization, safety and security, and domestic and international conflict). | F53: X | G53: X | H53: X | I53: Yes | J53: x | K53: x | L53: x | P53: x | Q53: x | R53: x | S53: x | T53: x | U53: [1-5] The lower the score the more peaceful the country | V53: 100 x (GPI value -1)/4 | W53: (Institute for Economics & Peace 2022) | X53: 2022
B54: 52 | C54: The supply of a product can be associated with conflict | D54: High conflict zones per country per sector (SHDB) | E54: The "Conflict Zone" indicator assesses the risk or severity of social impacts related to armed conflicts, political tensions, or social unrest in a specific area. This includes civil or international wars, insurrections, clan wars, community conflicts, and political instability or unrest with significant risks of violence | F54: X | G54: X | H54: X | I54: Yes | J54: x | K54: x | M54: x | P54: x | Q54: x | R54: x | S54: x | T54: x | U54: [0-100] Risk score based on the region and the sector and taking into account the number of refugees, the mortality rate for injuries, the frequency and intensity of armed or social conflics. An high number represent a high risk | V54: No conversion needed | W54: Social Hotspots Database | X54: 2013
B55: 53 | C55: The supply of a product can be associated with corruption | D55: Corruption Perception Index | E55: Evaluates the perceived levels of public sector corruption in 180 countries worldwide. | F55: X | G55: X | H55: X | I55: Yes | J55: x | K55: x | L55: x | P55: x | Q55: x | R55: x | S55: x | T55: x | U55: [0-100] From highly corrupted (0) to very clean (100) | V55: 100 - CPI value | W55: (Transparency International 2021) | X55: 2021
B56: 54 | C56: The supply of a product can be associated with corruption | D56: WGI – Control of corruption | E56: The Worldwide Governance Indicator “Control of corruption” indicates to which extent public power benefits from private gain, covering all forms of corruption and the control of the state by elites and special interests. | F56: X | G56: X | H56: X | I56: Yes | J56: x | K56: x | L56: x | P56: x | Q56: x | R56: x | S56: x | T56: x | U56: [0-100] From weak to strong | V56: 100-WGIpercentile score | W56: (World Bank 2022) | X56: 2020 | Y56: Only dependent on the country, not in the material/product
B57: 55 | C57: The supply of a product can be associated with child labour | D57: Child labour (% ages 5-17) | E57: Country-specific percentage of children involved in child labour, measured by their engagement in economic activities, substantial unpaid household services, or hazardous working conditions, considering age-dependent threshold values. | F57: X | G57: X | H57: X | I57: Yes | J57: x | K57: x | L57: x | P57: x | Q57: x | R57: x | S57: x | T57: x | U57: Percentage % The higher the worse | V57: Normalization to the highest-scoring alternative | W57: (UNSDG 2022) | X57: 2022
B58: 56 | C58: The supply of a product can be associated with child labour | D58: Child labour per country per sector (SHDB) | E58: Probability of children working to produce goods | F58: X | G58: X | H58: X | I58: Yes | J58: x | K58: x | M58: x | P58: x | Q58: x | R58: x | S58: x | T58: x | U58: [0-100] Risk score based on the child labor percentage in country and by sector, the scholarisation rate and laws of protection Criteria for assessing child labor risk by sector using quantitative data: In agriculture, forestry, and fishing: Very High: If over 50% of children are engaged in economic activities. High: If more than 10% are involved. Medium: If any percentage is above 0%. In other sectors: Very High: If more than 10% of children participate in economic activities. High: If over 1% are involved. Medium: If any percentage exceeds 0%. | V58: No conversion needed | W58: UCW Project, 2018 UNICEF, 2017 U.S. Department of Labor, 2016 and 2017 International Trade Union Confederation (ITUC), 2012 | X58: from 2012-2018
B59: 57 | C59: The product is potentially toxic | D59: Candidate List of substances of very high concern for Authorisation | E59: Inclusion in the Candidate List of substances of very high concern for Authorisation, under the REACH framework. | F59: X | I59: No | J59: x | K59: x | L59: x | P59: x | Q59: x | R59: x | S59: x | T59: x | U59: Yes/no | V59: Yes = 100, No = 0 | W59: (ECHA 2023) | X59: 2023
B60: 58 | C60: The material is mainly produced as a by-product of another product. If the demand of the main product decreases, the supply of the by-product decreases as well | D60: By-product dependency | E60: The percentage of a raw material supplied as a by-product like minerals, metals, or other products that are produced as a secondary result of manufacturing another product, such as the main carrier metal. By-product dependency influences the supply elasticity and the temporal availability of these resources | F60: X | G60: X | I60: No | J60: x | K60: x | L60: x | M60: x | P60: x | Q60: x | R60: x | S60: x | T60: x | U60: Percentage % The higher the worse | V60: Normalization to the highest-scoring alternative | W60: (Nassar et al. 2015) | X60: 2008
B61: 59 | C61: Demand is expected to strongly increase | D61: Expected demand increase in energy technologies between 2020-2050 | E61: KU Leuven and Eurometaux’s study on “Metals for Clean Energy” evaluates how Europe can fulfil its goal of “achieving resource security” and “reducing strategic dependencies” for its energy transition metals. The expected demand increase is reflected by the Compound Annual Growth Rate between 2020-2050 of global total demand in the Sustainable Development Scenario of the International Energy Agency. Only a limited number of raw materials is quantified via this indicator. | F61: X | G61: X | I61: No | J61: x | K61: x | L61: x | P61: x | Q61: x | R61: x | S61: x | T61: x | U61: Percentage % The higher the worse | V61: Normalization to the highest-scoring alternative | W61: (Gregoir et al. 2022) | X61: 2020
B62: 60 | C62: Demand is expected to strongly increase | D62: Expected demand increase in emerging technologies between 2020-2040 | E62: The DERA study on raw materials for emerging technologies evaluates potentially critical mineral raw materials that are essential for economic, environmental and socio-cultural developments. The expected demand growth is reflected by the Compound Annual Growth Rate between 2018-2040 of global total demand in the Sustainable Development Scenario of the International Energy Agency. The indicator includes a limited number of metals for the following 5 technologies: Mobility and aerospace, Digitisation and Industry 4.0, Energy technologies and decarbonisation, Recycling and water management and Power and data networks. | F62: X | G62: X | I62: No | J62: x | K62: x | L62: x | P62: x | Q62: x | R62: x | S62: x | T62: x | U62: Percentage % The higher the worse | V62: Normalization to the highest-scoring alternative | W62: (Marscheider-Weidemann et al. 2021) | X62: 2018
B63: 61 | C63: Demand is expected to strongly increase | D63: Expected demand increase in strategic sectors between 2020-2030 | E63: The JRC study "supply chain analysis and material demand forecast in strategic technologies and sectors in the EU" assesses the material demand for entire supply chains for 15 key technologies across five strategic sectors. The expected demand growth is reflected by the Compound Annual Growth Rate between 2020-2030 of global total demand in a High Demand Scenario. The High Demand Scenario is in line with the ambitious energy and climate change mitigation targets set by various countries. The indicator includes a limited number of metals relevant for the following five strategic sectors: Renewable energy, Electromobility, Energy-intensive industry, Digital, and Aerospace/defence. | F63: X | G63: X | I63: No | J63: x | K63: x | L63: x | P63: x | Q63: x | R63: x | S63: x | T63: x | U63: Percentage % The higher the worse | V63: Normalization to the highest-scoring alternative | W63: (Carrara et al. 2023) | X63: 2020
B64: 62 | C64: Demand is expected to strongly increase | D64: Production/consumption increase/decrease over the last five years | E64: Historical demand growth may be used as a proxy for expected future demand growth, if such data are not available. | F64: X | G64: X | I64: No | J64: x | K64: x | M64: x | Q64: x | R64: x | S64: x | T64: x | U64: Average of yearly changes (%) in production (or consumption) taken for 5 years | V64: Normalization to the highest-scoring alternative | W64: USDA (2024) World Agriculture production report | X64: 2024 | AD64: Wheat, Coarse grains, Milled rice, Total grains, Oilseeds, Cotton
B65: 63 | C65: Low potential to increase supply from mines | D65: Policy Perception Index of countries holding reserves | E65: The Policy Perception Index indicates the overall attractiveness of governmental policies for the investment in exploration. The PPI is evaluated for countries holding raw material reserves. | F65: X | G65: X | I65: Yes | J65: x | L65: x | U65: [0-100] The higher the PPI, the more attractive the country's policies | V65: 100-PPI value | W65: (U.S. Geological Survey 2022) (European Commission 2019) (European Commission 2020a) (European Commission 2020b) (Yunis and Aliakbari 2022) | X65: 2021
B66: 64 | C66: The amount of resources extracted from the environment exceeds the replenishment rate and therefore decreases the resource stock (biotic resource depletion) | D66: Biotic resource depletion | E66: The Biotic Resource Availability Indicator (BRAI) measures the availability of biotic resources, which decreases when the extraction of resources surpasses the replenishment rate, leading to resource depletion. This results in a reduction of the overall biotic resource stock. | F66: X | G66: X | K66: x | M66: x | O66: x | P66: x | U66: The BRAI is determined by subtracting the replenishment rate from the extraction rate, multiplying it by the Thratened Species Index (TSI) and dividing it by the squared resource stock. If the extraction rate is higher than the replenishment rate, existing stocks are depleted and the BRAI is negative. A high BRAI refers to high possible restrictions to availability of the considered resource, whereas a smaller BRA relates to lower possible restrictions to availability | W66: Various | X66: Various
B67: 65 | C67: The amount of resources extracted from the environment exceeds the replenishment rate and therefore decreases the resource stock (biotic resource depletion) | D67: Threatened Species Index (TSI) | E67: The Threatened Species Index (TSI) is calculated based on the IUCN Red List categories, which classify species into six conservation status levels. Each category is assigned a numerical value, with "Least Concern" species given a value of 1, and "Critically Endangered" species assigned a value of 100. | F67: X | G67: X | I67: x | K67: x | M67: x | P67: x | U67: 1-100 TSI=100 means critically endangered species | V67: No conversion needed. | W67: IUCN 2024 | X67: 2024 | AD67: Vertebrates Invertebrates Plants Funghi and protists | AF67: [0-5] A growth rate below 1 year is not critical because the species used as biotic material can be regenerated within a short time frame, and a growth rate beyond 5 years is critical as during this time frame no species can be harvested for human purposes.
B68: 66 | C68: Biotic resource depletion | D68: Extraction rate | E68: The extraction rate refers to the proportion of a particular bio-based material being harvested, sourced, or extracted relative to the available renewable resource or the overall supply of that material. | F68: X | G68: X | I68: x | K68: x | M68: x | P68: x | U68: Any value. Number of species extracted per year, for a defined lifespan for a certain species population. The higher the extraction rate is, the more species were extracted during that time. | V68: No conversion needed. | W68: WWF 2016 for animal species IndexMundi, 2021 Source for extraction rate: United States Department of Agriculture FAOSTAT, 2022 Section: Crops and livestock products | X68: WWF -2016 IndexMundi - 2023 | Y68: Wheat | Z68: Corn Palm oil | AA68: Wheat Barley Rye Sorghum | AB68: Cotton Wheat | AD68: Amphibians Birds Fishes Mammals Reptiles Other food data | AF68: Percentage of real production over estimated production
B69: 67 | C69: Biotic resource depletion | D69: Resource stocks | E69: The Resource Stock represents the current volume or mass of a biotic resource that can be accessed, harvested, or utilized, based on its renewable capacity. This indicator provides a snapshot of the resource's available supply before extraction, reflecting its abundance or scarcity in the ecosystem. | F69: X | G69: X | I69: x | K69: x | M69: x | P69: x | U69: Any value of volume, mass of biotic resources. The higher the resource stock the more pool there is for resource extraction. | V69: No conversion needed. | W69: IndexMundi, 2021 Website with detailed country statistics, charts, and maps compiled from multiple sources FAOSTAT, 2022 Section: Crops and livestock products Element: stocks | X69: 2023 | Y69: Soybean oil Rapeseed oil Wheat | Z69: Soybean Oil Rapeseed Oil Cottonseed Oil Palm oil Coconut oil Corn Soybean Meal Cottonseed Meal Fish Meal | AA69: Wheat Barley Rye Sorghum | AB69: Cotton Cottonseed Oil Wheat | AC69: Soybean Meal Rapeseed Meal | AD69: Other food and animal-based data
B70: 68 | C70: Biotic resource depletion | D70: Replenishment rate (biotic resources) | E70: The replenishment rate refers to the speed at which a bio-based resource, such as a plant, tree, or agricultural crop, can regenerate, grow, or reproduce to replace the portion of the resource that has been harvested or extracted. | F70: X | G70: X | K70: x | M70: x | P70: x | U70: Any value. Number of species regenerated per year, for a defined lifespan for a certain species population. If the extraction rate is higher than the replenishment rate, existing stocks are depleted. | V70: No conversion needed. | W70: Various | X70: Various
B71: 69 | C71: Replenishment rate | D71: Growth rate | E71: The growth rate for biotic resources refers to the natural or managed rate at which a living resource replenishes itself over time. It is divided into three groups: growth rate less than 1 year, growth rate beyond 1 year but less than 5 years and growth rate beyond 5 years. | F71: X | G71: X | K71: x | M71: x | P71: x | Q71: x | U71: Value is aggregated with yield to obtain a value between 0-2.5 | V71: 40*value | W71: Various | X71: Various
B72: 70 | C72: Replenishment rate | D72: Yield | E72: Low yield indicates that only a small amount of this specific species used as a biotic material is available, and if the yield is high, the availability of a certain species is high as well. Only the average yield of the species is considered, no distinction bewteen different regions are made. | F72: X | G72: X | I72: Regionalized data available -yes Regionalized data not available -average yield considered | K72: x | M72: x | P72: x | Q72: x | U72: Value is aggregated with growth rate to obtain a value between 0-2.5 | V72: 40*value | W72: FAOSTAT, 2022 Section: Crops and livestock products Element: yield https://ourworldindata.org/crop-yields | X72: 2022 | Y72: Sorghum Sisal, raw Coconut fibers Jute Kenaf Wood (general timber) Bamboo Cork Timber | Z72: Coconut oil Castor oil seeds Corn (maize) Soybeans Sugarcane Sunflower seed Rapessed (colza seed) Sesame seed algae Cellulose | AA72: Wood fibers (sisal etc.) Kenaf Coconut fibers Sorghum Hemp Jute Cotton (cotton linters) Wood pulp | AB72: Jute, raw or retted Kenaf, and other textile bast fibres, raw or retted Ramie, raw or retted Cotton (seed cotton, unginned) Flax (Linseed) Hempseed Silk Abaca (Manila hemp), raw True hemp, raw or retted Agave fibres, raw Flax (linen) Fibre Crops, Fibre Equivalent | AC72: Straw Hemp Cotton (waste) Cassava starch (used as a binder) | AD72: Animals
B73: 71 | C73: The resource cannot easily be extracted from the technosphere | D73: Recyclability | E73: Biotic materials are classified in the following categories to assess their recyclability, based on global production shares: - Direct consumption (not possible to recycle) - Mixed-material product (i.e. difficult to recycle) - Single-material product (possible to recycle) | F73: X | G73: X | K73: x | M73: x | T73: x | U73: [0 - 1] | V73: 100*value
B74: 72 | C74: The resource cannot easily be extracted from the technosphere | D74: Replenishment rate (man-made biotic materials) | E74: Determines how often and to what extend a species used as a material is replenished. For man-made biotic materials existing stocks as well as extraction rates are not limiting factors, and are harvested to be cultivated (extraction rate is predefined) | F74: X | G74: X | K74: x | M74: x | P74: x | Q74: x | U74: Aggregation of yield and growth rate to obtain a value between 0-2.5 | V74: 40*value
B75: 73 | C75: The resource cannot easily be extracted from the technosphere | D75: Primary material use | E75: During production of products primary as well as secondary materials might be used. If more secondary materials are utilized less primary materials have to be produced. Thus, the demand for primary materials is reduced and the overall availability increases. The higher the recycled content of a product is, the less primary material has to be harvested | F75: X | G75: X | J75: x | K75: x | M75: x | R75: x (not in BIRD) | S75: x (not in BIRD) | T75: x | U75: The recycled content (RC) of a product (given in percentage) | V75: 100-(RC*100) | W75: Various | X75: Various | Z75: x | AA75: x | AB75: x | AC75: x | AD75: x
B76: 74 | C76: Production is dependent on the availability of energy at a reasonable price | D76: Cumulative energy demand | E76: Energy use for the mining, concentration, purification, and refining of the raw materials, from cradle (extraction) to gate (after refining/smelting). | G76: X | J76: x | K76: x | L76: x | P76: x | Q76: x | R76: Check via hotspot analysis in LCA | S76: Check via hotspot analysis in LCA | T76: Check via hotspot analysis in LCA | U76: MJ/kg | V76: Normalization to the highest-scoring alternative | W76: (Nuss and Eckelman 2014) | X76: 2014
B77: 75 | C77: Competing use in high-margin or high-priority products (e.g. health care, strategic sectors, food) | D77: Overview of main uses of raw materials, to be provided in raw material factsheets. | F77: X | G77: X | J77: x | L77: x
B78: 76 | C78: Competing use in high-margin or high-priority products (e.g. health care, strategic sectors, food) | D78: Food Security Index (FSI) | E78: A food crisis may be initiated due to the use of biotic materials in industrial sectors. The “Food first” principle has to be considered when assessing availability of biotic materials. This index determine the availability, accessibility, and affordability of food within a given region or country. | F78: X | G78: X | I78: Yes | K78: x | M78: x | Q78: x | U78: [0-100] The higher the better | V78: No conversion needed | W78: 2018 | X78: 2022 | AD78: Food
B79: 77 | C79: Competing use in high-margin or high-priority products (e.g. health care, strategic sectors, food) | E79: The indicator of Competing End Uses expresses the economic incentives in using a wood species in different sectors. This indicator is associated to the value of the corresponding industrial sectors (Blengini et al., 2017) and is based on an economic allocation of the harvested amount of a wood species to the different end uses. When an economic allocation is not possible, an allocation based on the volumes of the wood for the different end uses is followed, similarly to the mass allocation in Life Cycle Assessment (International Organization for Standardization, 2006). | F79: X | G79: X | K79: x | O79: x | P79: x | Q79: x | R79: x | S79: x
B80: 78 | C80: Competing use in high-margin or high-priority products (e.g. health care, strategic sectors, food) | D80: Land-use regulation | E80: e.g. natural reserves, protected habitat for flaura and fauna | F80: X | G80: X | K80: x | O80: x | P80: x | Q80: x
B81: 79 | C81: Supply is dominated by a few companies | D81: Concentration of supplying companies | E81: The concentration of supplying companies gives an indication of the company diversity of the supply. It is calculated by the Herfindahl–Hirschman Index (HHI), based on the number of supplying companies and their contribution (in %) to the annual production. This indicator is not yet quantified based on a large number of data gaps. The Herfindahl–Hirschman Index (HHI) is calculated as follows: HHI(a)= ∑_(i=1)^N▒〖(a_i^2)〗, where: N is the number of supplying companies, and ai is the contribution (in %) of a company to the annual production multiplied by 100. This indicator is not yet quantified due to a large number of data gaps. | G81: X | J81: x | K81: x | L81: x | M81: x | Q81: x | R81: x | S81: x | T81: x | U81: [0 – 10 000] from highly diversified (0) to highly concentrated (10 000) | V81: 17.5 x ln (HHI) – 61.18 (see (Graedel et al. 2012)) | W81: Various | X81: Various

Sheet Country performance
B1: Indicators | C1: Original score range | D1: Afghanistan | E1: Albania | F1: Algeria | G1: American Samoa | H1: Andorra | I1: Angola | J1: Anguilla | K1: Antigua and Barbuda | L1: Argentina | M1: Armenia | N1: Aruba | O1: Australia | P1: Austria | Q1: Azerbaijan | R1: Bahamas, The | S1: Bahrain | T1: Bangladesh | U1: Barbados | V1: Belarus | W1: Belgium | X1: Belize | Y1: Benin | Z1: Bermuda | AA1: Bhutan | AB1: Bolivia | AC1: Bosnia and Herzegovina | AD1: Botswana | AE1: Brazil | AF1: Brunei Darussalam | AG1: Bulgaria | AH1: Burkina Faso | AI1: Burundi | AJ1: Cambodia | AK1: Cameroon | AL1: Canada | AM1: Cape Verde | AN1: Cayman Islands | AO1: Central African Republic | AP1: Chad | AQ1: Chile | AR1: China | AS1: Colombia | AT1: Comoros | AU1: Congo, Dem. Rep. | AV1: Congo, Rep. | AW1: Cook Islands | AX1: Costa Rica | AY1: Cote Ivoire | AZ1: Croatia | BA1: Cuba | BB1: Cyprus | BC1: Czech Republic | BD1: Denmark | BE1: Djibouti | BF1: Dominica | BG1: Dominican Republic | BH1: Ecuador | BI1: Egypt, Arab Rep. | BJ1: El Salvador | BK1: Equatorial Guinea | BL1: Eritrea | BM1: Estonia | BN1: eSwatini | BO1: Ethiopia | BP1: Fiji | BQ1: Finland | BR1: France | BS1: French Guiana | BT1: Gabon | BU1: Gambia, The | BV1: Georgia | BW1: Germany | BX1: Ghana | BY1: Greece | BZ1: Greenland | CA1: Grenada | CB1: Guam | CC1: Guatemala | CD1: Guinea | CE1: Guinea-Bissau | CF1: Guyana | CG1: Haiti | CH1: Honduras | CI1: Hong Kong SAR, China | CJ1: Hungary | CK1: Iceland | CL1: India | CM1: Indonesia | CN1: Iran, Islamic Rep. | CO1: Iraq | CP1: Ireland | CQ1: Israel | CR1: Italy | CS1: Jamaica | CT1: Japan | CU1: Jersey, Channel Islands | CV1: Jordan | CW1: Kazakhstan | CX1: Kenya | CY1: Kiribati | CZ1: Korea, Dem. Rep. | DA1: Korea, Rep. | DB1: Kosovo | DC1: Kuwait | DD1: Kyrgyz Republic | DE1: Lao PDR | DF1: Latvia | DG1: Lebanon | DH1: Lesotho | DI1: Liberia | DJ1: Libya | DK1: Liechtenstein | DL1: Lithuania | DM1: Luxembourg | DN1: Macao SAR, China | DO1: Madagascar | DP1: Malawi | DQ1: Malaysia | DR1: Maldives | DS1: Mali | DT1: Malta | DU1: Marshall Islands | DV1: Martinique | DW1: Mauritania | DX1: Mauritius | DY1: Mexico | DZ1: Micronesia, Fed. Sts. | EA1: Moldova | EB1: Monaco | EC1: Mongolia | ED1: Montenegro | EE1: Morocco | EF1: Mozambique | EG1: Myanmar | EH1: Namibia | EI1: Nauru | EJ1: Nepal | EK1: Netherlands | EL1: Netherlands Antilles (former) | EM1: New Zealand | EN1: Nicaragua | EO1: Niger | EP1: Nigeria | EQ1: Niue | ER1: North Macedonia | ES1: Norway | ET1: Oman | EU1: Pakistan | EV1: Palau | EW1: Panama | EX1: Papua New Guinea | EY1: Paraguay | EZ1: Peru | FA1: Philippines | FB1: Poland | FC1: Portugal | FD1: Puerto Rico | FE1: Qatar | FF1: Réunion | FG1: Romania | FH1: Russian Federation | FI1: Rwanda | FJ1: Samoa | FK1: San Marino | FL1: São Tomé and Principe | FM1: Saudi Arabia | FN1: Senegal | FO1: Serbia | FP1: Seychelles | FQ1: Sierra Leone | FR1: Singapore | FS1: Slovak Republic | FT1: Slovenia | FU1: Solomon Islands | FV1: Somalia | FW1: South Africa | FX1: South Sudan | FY1: Spain | FZ1: Sri Lanka | GA1: St. Kitts and Nevis | GB1: St. Lucia | GC1: St. Vincent and the Grenadines | GD1: Sudan | GE1: Suriname | GF1: Sweden | GG1: Switzerland | GH1: Syrian Arab Republic | GI1: Taiwan, China | GJ1: Tajikistan | GK1: Tanzania | GL1: Thailand | GM1: Timor-Leste | GN1: Togo | GO1: Tonga | GP1: Trinidad and Tobago | GQ1: Tunisia | GR1: Turkey | GS1: Turkmenistan | GT1: Tuvalu | GU1: Uganda | GV1: Ukraine | GW1: United Arab Emirates | GX1: United Kingdom | GY1: United States | GZ1: Uruguay | HA1: Uzbekistan | HB1: Vanuatu | HC1: Venezuela, RB | HD1: Vietnam | HE1: Virgin Islands (U.S.) | HF1: West Bank and Gaza | HG1: Yemen, Rep. | HH1: Zambia | HI1: Zimbabwe | HK1: World | HL1: State of Palestine | HM1: Sub-Saharan Africa | HN1: Northern Africa and Western Asia | HO1: Turks and Caicos Islands | HP1: Eastern and South-Eastern Asia | HQ1: Europe and Northern America | HR1: Central and Southern Asia | HS1: Latin America and the Caribbean
A2: 1 | B2: WGI - Political stability & absence of Violence/terrorism (2020) | C2: [0-100] from weak to strong governance performance | D2: 0.47169811 | E2: 49.528301 | F2: 17.452829 | G2: 92.452827 | H2: 99.056602 | I2: 26.886793 | J2: 98.584908 | K2: 80.188683 | L2: 48.584908 | M2: 25.943396 | N2: 96.226418 | O2: 73.113205 | P2: 74.528305 | Q2: 21.698112 | R2: 73.584908 | S2: 25.471699 | T2: 16.037735 | U2: 91.037735 | V2: 21.226416 | W2: 64.622643 | X2: 62.264153 | Y2: 29.716982 | Z2: 83.962265 | AA2: 84.905663 | AB2: 28.773584 | AC2: 27.830189 | AD2: 89.15094 | AE2: 32.07547 | AF2: 90.56604 | AG2: 60.849056 | AH2: 8.4905663 | AI2: 10.377358 | AJ2: 41.037735 | AK2: 8.9622641 | AL2: 90.094337 | AM2: 77.35849 | AN2: 98.113205 | AO2: 2.8301888 | AP2: 10.849056 | AQ2: 49.056602 | AR2: 37.735847 | AS2: 22.169811 | AT2: 37.264153 | AU2: 7.0754719 | AV2: 16.509434 | AW2: 89.622643 | AX2: 71.698112 | AY2: 15.094339 | AZ2: 65.56604 | BA2: 65.094337 | BB2: 56.132076 | BC2: 79.245285 | BD2: 81.603775 | BE2: 36.320755 | BF2: 95.28302 | BG2: 52.35849 | BH2: 34.433964 | BI2: 11.320755 | BJ2: 45.754719 | BK2: 41.981133 | BL2: 14.622642 | BM2: 70.28302 | BN2: 43.396225 | BO2: 6.6037736 | BP2: 71.226418 | BQ2: 82.07547 | BR2: 56.603775 | BS2: 57.07547 | BT2: 44.339622 | BU2: 55.188679 | BV2: 30.660378 | BW2: 68.867928 | BX2: 51.886791 | BY2: 51.415092 | BZ2: 100 | CA2: 86.79245 | CB2: 81.132072 | CC2: 31.132076 | CD2: 23.584906 | CE2: 25 | CF2: 42.452831 | CG2: 13.679245 | CH2: 26.415094 | CI2: 50 | CJ2: 75 | CK2: 96.698112 | CL2: 16.981133 | CM2: 28.301888 | CN2: 7.5471697 | CO2: 1.4150944 | CP2: 83.018867 | CQ2: 18.396227 | CR2: 59.905659 | CS2: 55.660378 | CT2: 87.264153 | CU2: 94.811317 | CV2: 35.849056 | CW2: 39.150944 | CX2: 14.150944 | CY2: 88.679245 | CZ2: 33.490566 | DA2: 62.735847 | DB2: 36.792454 | DC2: 54.71698 | DD2: 31.603773 | DE2: 69.339622 | DF2: 60.377357 | DG2: 8.0188675 | DH2: 34.905659 | DI2: 33.962265 | DJ2: 2.3584905 | DK2: 99.528305 | DL2: 75.471695 | DM2: 93.867928 | DN2: 91.509438 | DO2: 29.245283 | DP2: 40.094341 | DQ2: 50.943398 | DR2: 58.490566 | DS2: 3.7735848 | DT2: 82.547173 | DU2: 64.15094 | DV2: 66.509438 | DW2: 19.811321 | DX2: 78.301888 | DY2: 17.924528 | DZ2: 88.20755 | EA2: 32.547169 | EB2: 76.886795 | EC2: 72.64151 | ED2: 47.169811 | EE2: 35.377357 | EF2: 12.735849 | EG2: 9.9056606 | EH2: 67.92453 | EI2: 80.660378 | EJ2: 41.509434 | EK2: 74.056602 | EL2: NV | EM2: 97.64151 | EN2: 23.113207 | EO2: 6.1320753 | EP2: 4.7169809 | EQ2: 95.754715 | ER2: 50.471699 | ES2: 94.339622 | ET2: 57.547169 | EU2: 5.1886792 | EV2: 77.830185 | EW2: 54.245281 | EX2: 20.283018 | EY2: 47.64151 | EZ2: 38.679245 | FA2: 18.867924 | FB2: 63.207546 | FC2: 85.84906 | FD2: 59.433964 | FE2: 68.396225 | FF2: 53.773586 | FG2: 63.679245 | FH2: 20.754717 | FI2: 48.113209 | FJ2: 91.981133 | FK2: 76.886795 | FL2: 61.792454 | FM2: 22.64151 | FN2: 46.698112 | FO2: 43.867924 | FP2: 70.754715 | FQ2: 39.622643 | FR2: 97.169815 | FS2: 67.452827 | FT2: 69.811317 | FU2: 66.981133 | FV2: 1.8867924 | FW2: 40.566036 | FX2: 3.3018868 | FY2: 58.018867 | FZ2: 45.28302 | GA2: 80.188683 | GB2: 75.943398 | GC2: 86.79245 | GD2: 5.6603775 | GE2: 58.962265 | GF2: 85.377357 | GG2: 93.396225 | GH2: 0 | GI2: 72.169815 | GJ2: 27.35849 | GK2: 33.018867 | GL2: 24.528301 | GM2: 52.830189 | GN2: 15.566038 | GO2: 84.43396 | GP2: 53.301888 | GQ2: 24.056604 | GR2: 11.792453 | GS2: 38.207546 | GT2: 92.92453 | GU2: 19.339622 | GV2: 12.264151 | GW2: 66.037735 | GX2: 61.320755 | GY2: 46.226414 | GZ2: 87.735847 | HA2: 30.188679 | HB2: 78.773582 | HC2: 9.4339619 | HD2: 44.811321 | HE2: 83.962265 | HF2: 4.2452831 | HG2: 0.94339621 | HH2: 42.92453 | HI2: 13.207547
A3: 2 | B3: WGI - Government effectiveness (2020) | C3: [0-100] from weak to strong governance performance | D3: 5.2884617 | E3: 48.076923 | F3: 33.653847 | G3: 74.519234 | H3: 96.634613 | I3: 11.057693 | J3: 80.28846 | K3: 47.115383 | L3: 43.26923 | M3: 48.557693 | N3: 85.096153 | O3: 93.75 | P3: 94.71154 | Q3: 44.71154 | R3: 69.71154 | S3: 68.269234 | T3: 20.192308 | U3: 70.192307 | V3: 23.076923 | W3: 83.653847 | X3: 27.884615 | Y3: 41.346153 | Z3: 91.82692 | AA3: 65.865387 | AB3: 30.76923 | AC3: 15.384615 | AD3: 62.5 | AE3: 36.53846 | AF3: 90.384613 | AG3: 50.48077 | AH3: 26.923077 | AI3: 10.096154 | AJ3: 37.98077 | AK3: 18.26923 | AL3: 94.230766 | AM3: 62.01923 | AN3: 85.096153 | AO3: 3.8461537 | AP3: 7.2115383 | AQ3: 80.769234 | AR3: 72.596153 | AS3: 55.28846 | AT3: 4.8076925 | AU3: 3.3653846 | AV3: 7.6923075 | AW3: NV | AX3: 64.903847 | AY3: 34.615383 | AZ3: 68.75 | BA3: 45.192307 | BB3: 77.403847 | BC3: 78.846153 | BD3: 98.07692 | BE3: 25.961538 | BF3: 44.23077 | BG3: 40.384617 | BH3: 37.01923 | BI3: 32.21154 | BJ3: 38.46154 | BK3: 6.25 | BL3: 4.3269229 | BM3: 88.46154 | BN3: 21.634615 | BO3: 31.25 | BP3: 63.942307 | BQ3: 99.03846 | BR3: 86.53846 | BS3: 87.5 | BT3: 17.307692 | BU3: 26.442308 | BV3: 75.480766 | BW3: 88.942307 | BX3: 46.634617 | BY3: 69.230766 | BZ3: 75.96154 | CA3: 51.442307 | CB3: 74.519234 | CC3: 25.48077 | CD3: 17.788462 | CE3: 8.1730766 | CF3: 37.5 | CG3: 1.4423077 | CH3: 29.807692 | CI3: 95.192307 | CJ3: 72.115387 | CK3: 91.346153 | CL3: 66.82692 | CM3: 65.384613 | CN3: 14.903846 | CO3: 9.6153851 | CP3: 90.865387 | CQ3: 83.17308 | CR3: 67.307693 | CS3: 67.78846 | CT3: 93.269234 | CU3: 86.057693 | CV3: 57.21154 | CW3: 60.096153 | CX3: 39.423077 | CY3: 47.596153 | CZ3: 6.7307692 | DA3: 89.903847 | DB3: 40.865383 | DC3: 45.673077 | DD3: 32.692307 | DE3: 22.596153 | DF3: 76.92308 | DG3: 11.538462 | DH3: 16.826923 | DI3: 8.6538458 | DJ3: 1.9230769 | DK3: 96.153847 | DL3: 82.692307 | DM3: 97.115387 | DN3: 85.096153 | DO3: 13.942307 | DP3: 19.711538 | DQ3: 82.21154 | DR3: 49.03846 | DS3: 12.5 | DT3: 81.730766 | DU3: 9.1346149 | DV3: 80.28846 | DW3: 21.153847 | DX3: 76.442307 | DY3: 46.153847 | DZ3: 49.51923 | EA3: 36.057693 | EB3: NV | EC3: 39.903847 | ED3: 53.365383 | EE3: 52.884617 | EF3: 23.557692 | EG3: 14.423077 | EH3: 55.76923 | EI3: 50 | EJ3: 15.865385 | EK3: 97.596153 | EL3: NV | EM3: 92.78846 | EN3: 24.038462 | EO3: 29.326923 | EP3: 12.980769 | EQ3: NV | ER3: 57.692307 | ES3: 98.557693 | ET3: 58.173077 | EU3: 31.73077 | EV3: 51.923077 | EW3: 56.73077 | EX3: 18.75 | EY3: 35.096153 | EZ3: 42.307693 | FA3: 56.25 | FB3: 66.346153 | FC3: 81.25 | FD3: 41.826923 | FE3: 78.365387 | FF3: 80.28846 | FG3: 42.78846 | FH3: 54.807693 | FI3: 64.42308 | FJ3: 71.153847 | FK3: NV | FL3: 28.365385 | FM3: 58.653847 | FN3: 53.846153 | FO3: 54.326923 | FP3: 70.67308 | FQ3: 13.461538 | FR3: 100 | FS3: 71.634613 | FT3: 85.57692 | FU3: 16.346153 | FV3: 0.96153843 | FW3: 62.98077 | FX3: 0 | FY3: 77.884613 | FZ3: 50.96154 | GA3: 74.519234 | GB3: 59.615383 | GC3: 59.615383 | GD3: 5.7692308 | GE3: 33.173077 | GF3: 95.67308 | GG3: 99.519234 | GH3: 2.8846154 | GI3: 92.307693 | GJ3: 24.51923 | GK3: 20.673077 | GL3: 63.46154 | GM3: 19.23077 | GN3: 25 | GO3: 60.576923 | GP3: 61.057693 | GQ3: 43.75 | GR3: 52.403847 | GS3: 12.019231 | GT3: 27.403847 | GU3: 30.288462 | GV3: 38.942307 | GW3: 87.980766 | GX3: 89.42308 | GY3: 87.019234 | GZ3: 75 | HA3: 34.134617 | HB3: 35.576923 | HC3: 2.4038463 | HD3: 61.53846 | HE3: 74.519234 | HF3: 28.846153 | HG3: 0.48076922 | HH3: 22.115385 | HI3: 10.576923
A4: 3 | B4: WGI - Regulatory Quality (2020) | C4: [0-100] from weak to strong governance performance | D4: 8.1730766 | E4: 60.576923 | F4: 9.1346149 | G4: 71.634613 | H4: 88.46154 | I4: 15.865385 | J4: 79.807693 | K4: 69.230766 | L4: 31.73077 | M4: 61.057693 | N4: 77.884613 | O4: 98.07692 | P4: 90.865387 | Q4: 39.903847 | R4: 52.884617 | S4: 73.07692 | T4: 16.346153 | U4: 67.307693 | V4: 27.884615 | W4: 88.942307 | X4: 33.653847 | Y4: 38.942307 | Z4: 79.807693 | AA4: 40.384617 | AB4: 12.019231 | AC4: 42.307693 | AD4: 65.384613 | AE4: 46.153847 | AF4: 76.92308 | AG4: 69.71154 | AH4: 37.5 | AI4: 12.5 | AJ4: 29.807692 | AK4: 19.711538 | AL4: 94.230766 | AM4: 50.48077 | AN4: 82.21154 | AO4: 5.7692308 | AP4: 11.057693 | AQ4: 81.730766 | AR4: 50 | AS4: 63.46154 | AT4: 10.576923 | AU4: 5.2884617 | AV4: 7.2115383 | AW4: NV | AX4: 66.346153 | AY4: 41.826923 | AZ4: 65.865387 | BA4: 6.25 | BB4: 80.769234 | BC4: 86.53846 | BD4: 97.596153 | BE4: 20.192308 | BF4: 59.134617 | BG4: 51.442307 | BH4: 17.307692 | BI4: 25.48077 | BJ4: 50.96154 | BK4: 4.8076925 | BL4: 0.48076922 | BM4: 92.78846 | BN4: 32.692307 | BO4: 14.423077 | BP4: 45.192307 | BQ4: 99.03846 | BR4: 85.57692 | BS4: 84.615387 | BT4: 17.788462 | BU4: 25.961538 | BV4: 83.653847 | BW4: 93.269234 | BX4: 52.403847 | BY4: 72.115387 | BZ4: 90.384613 | CA4: 45.673077 | CB4: 71.634613 | CC4: 44.71154 | CD4: 19.23077 | CE4: 9.6153851 | CF4: 33.173077 | CG4: 10.096154 | CH4: 34.134617 | CI4: 97.115387 | CJ4: 67.78846 | CK4: 91.346153 | CL4: 47.596153 | CM4: 55.28846 | CN4: 6.7307692 | CO4: 8.6538458 | CP4: 91.82692 | CQ4: 87.019234 | CR4: 68.269234 | CS4: 56.25 | CT4: 89.42308 | CU4: 80.28846 | CV4: 60.096153 | CW4: 57.692307 | CX4: 35.576923 | CY4: 31.25 | CZ4: 0 | DA4: 81.25 | DB4: 41.346153 | DC4: 62.5 | DD4: 37.98077 | DE4: 21.153847 | DF4: 85.096153 | DG4: 28.846153 | DH4: 32.21154 | DI4: 13.461538 | DJ4: 0.96153843 | DK4: 94.71154 | DL4: 83.17308 | DM4: 98.557693 | DN4: 96.153847 | DO4: 22.596153 | DP4: 23.557692 | DQ4: 74.03846 | DR4: 35.096153 | DS4: 30.288462 | DT4: 86.057693 | DU4: 11.538462 | DV4: 79.807693 | DW4: 20.673077 | DX4: 84.134613 | DY4: 54.807693 | DZ4: 14.903846 | EA4: 53.846153 | EB4: NV | EC4: 49.51923 | ED4: 64.903847 | EE4: 48.557693 | EF4: 25 | EG4: 28.365385 | EH4: 49.03846 | EI4: 56.73077 | EJ4: 24.51923 | EK4: 96.634613 | EL4: NV | EM4: 99.519234 | EN4: 26.923077 | EO4: 23.076923 | EP4: 13.942307 | EQ4: NV | ER4: 68.75 | ES4: 95.67308 | ET4: 66.82692 | EU4: 24.038462 | EV4: 54.326923 | EW4: 63.942307 | EX4: 26.442308 | EY4: 43.26923 | EZ4: 70.192307 | FA4: 53.365383 | FB4: 76.442307 | FC4: 75.480766 | FD4: 75 | FE4: 75.96154 | FF4: 79.807693 | FG4: 64.42308 | FH4: 36.057693 | FI4: 58.173077 | FJ4: 43.75 | FK4: NV | FL4: 16.826923 | FM4: 61.53846 | FN4: 42.78846 | FO4: 57.21154 | FP4: 48.076923 | FQ4: 18.26923 | FR4: 100 | FS4: 74.519234 | FT4: 77.403847 | FU4: 18.75 | FV4: 2.4038463 | FW4: 59.615383 | FX4: 1.9230769 | FY4: 73.557693 | FZ4: 44.23077 | GA4: 70.67308 | GB4: 62.98077 | GC4: 62.01923 | GD4: 4.3269229 | GE4: 22.115385 | GF4: 95.192307 | GG4: 93.75 | GH4: 3.3653846 | GI4: 89.903847 | GJ4: 12.980769 | GK4: 27.403847 | GL4: 58.653847 | GM4: 21.634615 | GN4: 30.76923 | GO4: 38.46154 | GP4: 47.115383 | GQ4: 39.423077 | GR4: 51.923077 | GS4: 2.8846154 | GT4: 34.615383 | GU4: 36.53846 | GV4: 40.865383 | GW4: 82.692307 | GX4: 92.307693 | GY4: 87.5 | GZ4: 72.596153 | HA4: 15.384615 | HB4: 37.01923 | HC4: 1.4423077 | HD4: 46.634617 | HE4: 88.46154 | HF4: 55.76923 | HG4: 3.8461537 | HH4: 29.326923 | HI4: 7.6923075
A5: 4 | B5: WGI - Rule of law (2020) | C5: [0-100] from weak to strong governance performance | D5: 2.4038463 | E5: 40.865383 | F5: 21.634615 | G5: 86.057693 | H5: 93.269234 | I5: 16.826923 | J5: 64.903847 | K5: 66.346153 | L5: 34.615383 | M5: 51.923077 | N5: 87.5 | O5: 92.307693 | P5: 97.115387 | Q5: 25.961538 | R5: 55.76923 | S5: 67.307693 | T5: 30.76923 | U5: 63.942307 | V5: 16.346153 | W5: 88.942307 | X5: 23.076923 | Y5: 24.51923 | Z5: 75.480766 | AA5: 71.153847 | AB5: 12.019231 | AC5: 43.26923 | AD5: 65.865387 | AE5: 48.076923 | AF5: 80.28846 | AG5: 51.442307 | AH5: 36.53846 | AI5: 6.7307692 | AJ5: 17.788462 | AK5: 12.5 | AL5: 92.78846 | AM5: 66.82692 | AN5: 76.442307 | AO5: 4.3269229 | AP5: 7.2115383 | AQ5: 84.134613 | AR5: 52.884617 | AS5: 33.653847 | AT5: 10.096154 | AU5: 2.8846154 | AV5: 11.538462 | AW5: NV | AX5: 70.192307 | AY5: 29.807692 | AZ5: 62.01923 | BA5: 43.75 | BB5: 70.67308 | BC5: 83.17308 | BD5: 98.07692 | BE5: 15.865385 | BF5: 75.96154 | BG5: 45.192307 | BH5: 32.21154 | BI5: 39.903847 | BJ5: 22.115385 | BK5: 8.6538458 | BL5: 5.2884617 | BM5: 89.42308 | BN5: 33.173077 | BO5: 37.98077 | BP5: 57.21154 | BQ5: 100 | BR5: 87.980766 | BS5: 86.53846 | BT5: 27.884615 | BU5: 39.423077 | BV5: 61.057693 | BW5: 91.346153 | BX5: 53.846153 | BY5: 62.98077 | BZ5: 94.230766 | CA5: 61.53846 | CB5: 86.057693 | CC5: 13.942307 | CD5: 8.1730766 | CE5: 6.25 | CF5: 36.057693 | CG5: 14.423077 | CH5: 17.307692 | CI5: 91.82692 | CJ5: 67.78846 | CK5: 96.153847 | CL5: 54.326923 | CM5: 41.826923 | CN5: 20.192308 | CO5: 3.8461537 | CP5: 90.384613 | CQ5: 82.21154 | CR5: 60.576923 | CS5: 46.153847 | CT5: 90.865387 | CU5: 94.230766 | CV5: 59.134617 | CW5: 38.46154 | CX5: 31.25 | CY5: 77.884613 | CZ5: 4.8076925 | DA5: 84.615387 | DB5: 38.942307 | DC5: 63.46154 | DD5: 18.26923 | DE5: 20.673077 | DF5: 81.25 | DG5: 19.23077 | DH5: 35.576923 | DI5: 14.903846 | DJ5: 1.4423077 | DK5: 95.192307 | DL5: 81.730766 | DM5: 95.67308 | DN5: 76.92308 | DO5: 19.711538 | DP5: 44.71154 | DQ5: 73.07692 | DR5: 42.307693 | DS5: 18.75 | DT5: 78.846153 | DU5: 54.807693 | DV5: 75.480766 | DW5: 30.288462 | DX5: 79.807693 | DY5: 26.923077 | DZ5: 56.25 | EA5: 37.5 | EB5: NV | EC5: 45.673077 | ED5: 55.28846 | EE5: 50.96154 | EF5: 15.384615 | EG5: 10.576923 | EH5: 62.5 | EI5: 24.038462 | EJ5: 34.134617 | EK5: 94.71154 | EL5: NV | EM5: 99.03846 | EN5: 9.1346149 | EO5: 32.692307 | EP5: 21.153847 | EQ5: NV | ER5: 52.403847 | ES5: 99.519234 | ET5: 71.634613 | EU5: 25.48077 | EV5: 47.115383 | EW5: 46.634617 | EX5: 25 | EY5: 37.01923 | EZ5: 41.346153 | FA5: 31.73077 | FB5: 69.230766 | FC5: 85.096153 | FD5: 72.596153 | FE5: 82.692307 | FF5: 75.480766 | FG5: 64.42308 | FH5: 22.596153 | FI5: 56.73077 | FJ5: 77.884613 | FK5: NV | FL5: 26.442308 | FM5: 60.096153 | FN5: 44.23077 | FO5: 47.596153 | FP5: 58.653847 | FQ5: 23.557692 | FR5: 98.557693 | FS5: 73.557693 | FT5: 83.653847 | FU5: 50.48077 | FV5: 0.48076922 | FW5: 49.51923 | FX5: 1.9230769 | FY5: 78.365387 | FZ5: 53.365383 | GA5: 68.75 | GB5: 72.115387 | GC5: 69.71154 | GD5: 12.980769 | GE5: 50 | GF5: 96.634613 | GG5: 97.596153 | GH5: 0.96153843 | GI5: 87.019234 | GJ5: 9.6153851 | GK5: 29.326923 | GL5: 57.692307 | GM5: 11.057693 | GN5: 28.365385 | GO5: 65.384613 | GP5: 49.03846 | GQ5: 58.173077 | GR5: 40.384617 | GS5: 5.7692308 | GT5: 68.269234 | GU5: 42.78846 | GV5: 27.403847 | GW5: 79.32692 | GX5: 89.903847 | GY5: 88.46154 | GZ5: 74.03846 | HA5: 13.461538 | HB5: 59.615383 | HC5: 0 | HD5: 48.557693 | HE5: 80.769234 | HF5: 35.096153 | HG5: 3.3653846 | HH5: 28.846153 | HI5: 7.6923075
A6: 5 | B6: WGI - Control of corruption (2020) | C6: [0-100] from weak to strong governance performance | D6: 5.2884617 | E6: 31.73077 | F6: 28.365385 | G6: 88.942307 | H6: 88.942307 | I6: 18.26923 | J6: 74.519234 | K6: 63.46154 | L6: 50 | M6: 57.692307 | N6: 86.53846 | O6: 93.75 | P6: 90.865387 | Q6: 16.346153 | R6: 83.653847 | S6: 53.365383 | T6: 16.826923 | U6: 85.57692 | V6: 48.076923 | W6: 89.903847 | X6: 47.115383 | Y6: 54.326923 | Z6: 88.942307 | AA6: 92.78846 | AB6: 24.51923 | AC6: 28.846153 | AD6: 72.115387 | AE6: 43.75 | AF6: 87.019234 | AG6: 46.153847 | AH6: 51.442307 | AI6: 4.8076925 | AJ6: 11.057693 | AK6: 12.5 | AL6: 91.82692 | AM6: 80.28846 | AN6: 67.307693 | AO6: 9.6153851 | AP6: 5.7692308 | AQ6: 84.134613 | AR6: 52.884617 | AS6: 47.596153 | AT6: 11.538462 | AU6: 3.3653846 | AV6: 6.25 | AW6: NV | AX6: 77.403847 | AY6: 32.692307 | AZ6: 61.53846 | BA6: 49.51923 | BB6: 65.865387 | BC6: 71.153847 | BD6: 100 | BE6: 25 | BF6: 70.192307 | BG6: 26.923077 | BH6: 32.21154 | BI6: 22.596153 | BJ6: 29.326923 | BK6: 0.96153843 | BL6: 7.2115383 | BM6: 92.307693 | BN6: 36.057693 | BO6: 40.865383 | BP6: 72.596153 | BQ6: 99.519234 | BR6: 84.615387 | BS6: 81.25 | BT6: 18.75 | BU6: 43.26923 | BV6: 71.634613 | BW6: 95.192307 | BX6: 50.48077 | BY6: 58.653847 | BZ6: 82.21154 | CA6: 64.42308 | CB6: 88.942307 | CC6: 13.942307 | CD6: 17.788462 | CE6: 8.6538458 | CF6: 48.557693 | CG6: 8.1730766 | CH6: 20.673077 | CI6: 93.269234 | CJ6: 60.576923 | CK6: 94.71154 | CL6: 46.634617 | CM6: 38.942307 | CN6: 14.423077 | CO6: 9.1346149 | CP6: 91.346153 | CQ6: 70.67308 | CR6: 69.230766 | CS6: 55.76923 | CT6: 90.384613 | CU6: 82.21154 | CV6: 59.615383 | CW6: 39.903847 | CX6: 21.153847 | CY6: 66.82692 | CZ6: 1.4423077 | DA6: 75.96154 | DB6: 36.53846 | DC6: 53.846153 | DD6: 12.980769 | DE6: 14.903846 | DF6: 75.480766 | DG6: 12.019231 | DH6: 51.923077 | DI6: 19.711538 | DJ6: 2.8846154 | DK6: 95.67308 | DL6: 79.807693 | DM6: 96.634613 | DN6: 78.365387 | DO6: 17.307692 | DP6: 39.423077 | DQ6: 62.5 | DR6: 44.71154 | DS6: 24.038462 | DT6: 64.903847 | DU6: 55.28846 | DV6: 74.519234 | DW6: 23.076923 | DX6: 67.78846 | DY6: 21.634615 | DZ6: 80.769234 | EA6: 30.288462 | EB6: NV | EC6: 34.615383 | ED6: 56.25 | EE6: 42.78846 | EF6: 25.961538 | EG6: 27.884615 | EH6: 63.942307 | EI6: 35.576923 | EJ6: 29.807692 | EK6: 96.153847 | EL6: NV | EM6: 98.557693 | EN6: 10.576923 | EO6: 27.403847 | EP6: 13.461538 | EQ6: NV | ER6: 37.98077 | ES6: 97.596153 | ET6: 62.01923 | EU6: 22.115385 | EV6: 35.576923 | EW6: 33.173077 | EX6: 30.76923 | EY6: 20.192308 | EZ6: 33.653847 | FA6: 34.134617 | FB6: 73.07692 | FC6: 76.92308 | FD6: 56.73077 | FE6: 77.884613 | FF6: 74.519234 | FG6: 54.807693 | FH6: 19.23077 | FI6: 69.71154 | FJ6: 75 | FK6: NV | FL6: 61.057693 | FM6: 62.98077 | FN6: 57.21154 | FO6: 37.5 | FP6: 86.057693 | FQ6: 41.346153 | FR6: 99.03846 | FS6: 66.346153 | FT6: 79.32692 | FU6: 60.096153 | FV6: 2.4038463 | FW6: 59.134617 | FX6: 0 | FY6: 76.442307 | FZ6: 45.673077 | GA6: 65.384613 | GB6: 68.75 | GC6: 78.846153 | GD6: 6.7307692 | GE6: 37.01923 | GF6: 98.07692 | GG6: 97.115387 | GH6: 0.48076922 | GI6: 85.096153 | GJ6: 7.6923075 | GK6: 40.384617 | GL6: 38.46154 | GM6: 45.192307 | GN6: 25.48077 | GO6: 41.826923 | GP6: 50.96154 | GQ6: 52.403847 | GR6: 44.23077 | GS6: 4.3269229 | GT6: 68.269234 | GU6: 15.384615 | GV6: 23.557692 | GW6: 83.17308 | GX6: 94.230766 | GY6: 82.692307 | GZ6: 89.42308 | HA6: 15.865385 | HB6: 49.03846 | HC6: 3.8461537 | HD6: 42.307693 | HE6: 58.173077 | HF6: 31.25 | HG6: 1.9230769 | HH6: 26.442308 | HI6: 10.096154
A7: 6 | B7: WGI - Voice and Accountability (2020) | C7: [0-100] from weak to strong governance performance | D7: 19.323671 | E7: 51.207729 | F7: 18.357489 | G7: 81.642509 | H7: 83.574883 | I7: 25.603865 | J7: NV | K7: 71.014496 | L7: 65.700485 | M7: 49.275364 | N7: 92.753624 | O7: 93.236717 | P7: 95.652176 | Q7: 5.7971015 | R7: 77.294685 | S7: 9.1787443 | T7: 26.570047 | U7: 86.473427 | V7: 8.695652 | W7: 90.821259 | X7: 62.31884 | Y7: 42.512077 | Z7: NV | AA7: 53.623188 | AB7: 43.47826 | AC7: 36.714977 | AD7: 60.869564 | AE7: 56.52174 | AF7: 22.222221 | AG7: 56.038647 | AH7: 39.130436 | AI7: 6.2801933 | AJ7: 12.560387 | AK7: 15.458938 | AL7: 96.135269 | AM7: 76.328499 | AN7: 61.835751 | AO7: 14.975845 | AP7: 10.628019 | AQ7: 81.159424 | AR7: 4.8309178 | AS7: 52.657005 | AT7: 27.053141 | AU7: 14.492754 | AV7: 13.52657 | AW7: NV | AX7: 87.439613 | AY7: 33.816425 | AZ7: 64.251205 | BA7: 11.111111 | BB7: 75.36232 | BC7: 79.227051 | BD7: 97.584541 | BE7: 10.144928 | BF7: 74.396133 | BG7: 55.072464 | BH7: 46.376812 | BI7: 7.7294688 | BJ7: 47.826088 | BK7: 1.9323672 | BL7: 0.4830918 | BM7: 88.4058 | BN7: 13.043478 | BO7: 20.289856 | BP7: 47.342995 | BQ7: 99.516907 | BR7: 82.608696 | BS7: 92.753624 | BT7: 21.256039 | BU7: 38.647343 | BV7: 49.758453 | BW7: 94.202896 | BX7: 64.734299 | BY7: 78.743965 | BZ7: 92.753624 | CA7: 69.565216 | CB7: 77.777779 | CC7: 35.265701 | CD7: 22.705315 | CE7: 34.299519 | CF7: 54.106281 | CG7: 24.154589 | CH7: 30.917875 | CI7: 48.309177 | CJ7: 58.937199 | CK7: 94.685989 | CL7: 53.140095 | CM7: 52.173912 | CN7: 8.2125607 | CO7: 20.772947 | CP7: 95.169083 | CQ7: 68.599037 | CR7: 82.125603 | CS7: 67.149757 | CT7: 79.710144 | CU7: 92.753624 | CV7: 27.536232 | CW7: 15.942029 | CX7: 35.748791 | CY7: 85.990341 | CZ7: 0 | DA7: 71.980675 | DB7: 39.613525 | DC7: 29.951691 | DD7: 31.884058 | DE7: 3.3816426 | DF7: 73.429955 | DG7: 32.850243 | DH7: 45.893719 | DI7: 42.995171 | DJ7: 11.594203 | DK7: 90.338165 | DL7: 80.193237 | DM7: 96.618355 | DN7: 37.198067 | DO7: 37.68116 | DP7: 45.410629 | DQ7: 40.096619 | DR7: 36.231884 | DS7: 28.502415 | DT7: 84.541061 | DU7: 86.95652 | DV7: NV | DW7: 24.637682 | DX7: 70.531403 | DY7: 44.927536 | DZ7: 85.507248 | EA7: 44.444443 | EB7: 69.082123 | EC7: 58.454105 | ED7: 48.792271 | EE7: 30.434782 | EF7: 31.400967 | EG7: 21.73913 | EH7: 63.285023 | EI7: 59.903381 | EJ7: 42.028984 | EK7: 98.067635 | EL7: NV | EM7: 99.033813 | EN7: 18.84058 | EO7: 33.333332 | EP7: 32.367149 | EQ7: 87.922707 | ER7: 50.241547 | ES7: 100 | ET7: 16.908213 | EU7: 23.188406 | EV7: 83.091789 | EW7: 63.768116 | EX7: 46.859905 | EY7: 50.724636 | EZ7: 54.589371 | FA7: 41.062801 | FB7: 66.666664 | FC7: 89.855072 | FD7: 61.835751 | FE7: 14.009662 | FF7: NV | FG7: 65.217392 | FH7: 19.806763 | FI7: 17.874395 | FJ7: 71.497581 | FK7: 85.024155 | FL7: 57.487923 | FM7: 5.3140097 | FN7: 55.555557 | FO7: 40.579712 | FP7: 60.386475 | FQ7: 41.545895 | FR7: 38.164249 | FS7: 74.879227 | FT7: 78.260872 | FU7: 62.801933 | FV7: 2.8985507 | FW7: 70.048309 | FX7: 2.4154589 | FY7: 80.676331 | FZ7: 43.961353 | GA7: 72.463768 | GB7: 73.91304 | GC7: 75.845413 | GD7: 9.6618357 | GE7: 59.420288 | GF7: 97.101448 | GG7: 98.550728 | GH7: 1.4492754 | GI7: 84.057968 | GJ7: 3.8647344 | GK7: 29.468599 | GL7: 26.086956 | GM7: 57.971016 | GN7: 28.019323 | GO7: 67.632851 | GP7: 68.115944 | GQ7: 57.004829 | GR7: 23.671497 | GS7: 0.9661836 | GT7: 88.888885 | GU7: 28.985508 | GV7: 51.690823 | GW7: 16.425121 | GX7: 89.371979 | GY7: 72.946861 | GZ7: 93.71981 | HA7: 6.7632852 | HB7: 66.183578 | HC7: 7.246377 | HD7: 12.077294 | HE7: NV | HF7: 25.120773 | HG7: 4.347826 | HH7: 34.782608 | HI7: 17.391304
A8: 7 | B8: Fragile State Index (2022) | C8: [0-120] The higher the index, the worse the situation | D8: 105 | E8: 58.9 | F8: 75.4 | G8: 64.2 | H8: NV | I8: 87.8 | J8: NV | K8: 54.4 | L8: 46 | M8: 66.7 | N8: NV | O8: 19.7 | P8: 25 | Q8: 73.2 | R8: 48.8 | S8: 63.8 | T8: 87.7 | U8: 48 | V8: 68.2 | W8: 28.6 | X8: 62.5 | Y8: 73.6 | Z8: NV | AA8: 72 | AB8: 72.9 | AC8: 71.3 | AD8: 59.5 | AE8: 71.8 | AF8: 57.5 | AG8: 50.6 | AH8: 83.9 | AI8: 98.2 | AJ8: 82.5 | AK8: 97 | AL8: 20 | AM8: 66.6 | AN8: NV | AO8: 108.9 | AP8: 108.5 | AQ8: 38.9 | AR8: 71.1 | AS8: 75.7 | AT8: 81.7 | AU8: 110.2 | AV8: 92.5 | AW8: NV | AX8: 42 | AY8: 92.1 | AZ8: 47.5 | BA8: 60.8 | BB8: 57.8 | BC8: 37.6 | BD8: 19.5 | BE8: 85.1 | BF8: NV | BG8: 66.2 | BH8: 71.2 | BI8: 88.4 | BJ8: 69.8 | BK8: 82.6 | BL8: 96.4 | BM8: 40.8 | BN8: 85.3 | BO8: 94.2 | BP8: 71.7 | BQ8: 16.9 | BR8: 32 | BS8: NV | BT8: 70.5 | BU8: 83.9 | BV8: 72 | BW8: 24.7 | BX8: 65.9 | BY8: 53.9 | BZ8: NV | CA8: 57.6 | CB8: NV | CC8: 81.4 | CD8: 99.4 | CE8: 95.5 | CF8: 68.2 | CG8: 99.3 | CH8: 77.8 | CI8: NV | CJ8: 49.6 | CK8: 19.8 | CL8: 74.4 | CM8: 70.4 | CN8: 83 | CO8: 99.1 | CP8: 20.6 | CQ8: 76.5 | CR8: 43.8 | CS8: 61.2 | CT8: 34.3 | CU8: NV | CV8: 75.9 | CW8: 61.6 | CX8: 93.5 | CY8: NV | CZ8: 92.7 | DA8: 33.7 | DB8: NV | DC8: 3.2 | DD8: 76.2 | DE8: 78.7 | DF8: 43.9 | DG8: 85 | DH8: 79.7 | DI8: 90.2 | DJ8: 92.2 | DK8: NV | DL8: 38.1 | DM8: 20.4 | DN8: NV | DO8: 80.9 | DP8: 83.3 | DQ8: 60.5 | DR8: 69.8 | DS8: 94.5 | DT8: 34.5 | DU8: NV | DV8: NV | DW8: 90.1 | DX8: 38.9 | DY8: 69.7 | DZ8: 73 | EA8: 67.1 | EB8: NV | EC8: 54.1 | ED8: 55.3 | EE8: 73.9 | EF8: 88.7 | EG8: 94.3 | EH8: 66.4 | EI8: NV | EJ8: 84.7 | EK8: 24.8 | EL8: NV | EM8: 20.1 | EN8: 78.1 | EO8: 96.2 | EP8: 98.5 | EQ8: NV | ER8: NV | ES8: 18 | ET8: 50 | EU8: 94.2 | EV8: NV | EW8: 47 | EX8: 83.1 | EY8: 67 | EZ8: 54.589371 | FA8: 83.1 | FB8: 42.8 | FC8: 25.3 | FD8: NV | FE8: 45.4 | FF8: NV | FG8: 47.8 | FH8: 74.7 | FI8: 87.5 | FJ8: NV | FK8: NV | FL8: 71.1 | FM8: 70.4 | FN8: 77.2 | FO8: 68 | FP8: 55.2 | FQ8: 86.8 | FR8: 28.1 | FS8: 40.5 | FT8: 28 | FU8: 81.9 | FV8: 112.3 | FW8: 71.1 | FX8: 112.2 | FY8: 40.7 | FZ8: 84 | GA8: NV | GB8: NV | GC8: NV | GD8: 108 | GE8: 61.9 | GF8: 20.3 | GG8: 18.7 | GH8: 111.5 | GI8: NV | GJ8: 77.7 | GK8: 80.1 | GL8: 73.1 | GM8: 85.5 | GN8: 87.4 | GO8: NV | GP8: 53 | GQ8: 70.1 | GR8: 80.3 | GS8: 71.4 | GT8: NV | GU8: 95.3 | GV8: 71 | GW8: 40.1 | GX8: 36.7 | GY8: 38 | GZ8: 34 | HA8: 75.7 | HB8: NV | HC8: 89.3 | HD8: 66.1 | HE8: NV | HF8: NV | HG8: 113.5 | HH8: 85.7 | HI8: 99.5
A9: 8 | B9: Policy Perception Index (2021) | C9: [0-100] The higher the PPI, the more attractive the country's mining policies | D9: NV | E9: NV | F9: NV | G9: NV | H9: NV | I9: NV | J9: NV | K9: NV | L9: 27.3 | M9: NV | N9: NV | O9: 66.57 | P9: NV | Q9: NV | R9: NV | S9: NV | T9: NV | U9: NV | V9: NV | W9: NV | X9: NV | Y9: NV | Z9: NV | AA9: NV | AB9: 32.31 | AC9: NV | AD9: 74.66 | AE9: 47.64 | AF9: NV | AG9: NV | AH9: 56.92 | AI9: NV | AJ9: NV | AK9: NV | AL9: 57.74 | AM9: NV | AN9: NV | AO9: NV | AP9: NV | AQ9: 68.86 | AR9: 44.45 | AS9: 62.57 | AT9: NV | AU9: 29.18 | AV9: NV | AW9: NV | AX9: NV | AY9: NV | AZ9: NV | BA9: NV | BB9: NV | BC9: NV | BD9: NV | BE9: NV | BF9: NV | BG9: NV | BH9: 66.06 | BI9: NV | BJ9: NV | BK9: NV | BL9: NV | BM9: NV | BN9: NV | BO9: NV | BP9: NV | BQ9: 88.86 | BR9: NV | BS9: NV | BT9: NV | BU9: NV | BV9: NV | BW9: NV | BX9: 64.59 | BY9: NV | BZ9: 55.33 | CA9: NV | CB9: NV | CC9: NV | CD9: 62.29 | CE9: NV | CF9: 48.1 | CG9: NV | CH9: NV | CI9: NV | CJ9: NV | CK9: NV | CL9: NV | CM9: 44.6 | CN9: NV | CO9: NV | CP9: 100 | CQ9: NV | CR9: NV | CS9: NV | CT9: NV | CU9: NV | CV9: NV | CW9: 59.57 | CX9: NV | CY9: NV | CZ9: NV | DA9: NV | DB9: NV | DC9: NV | DD9: 36 | DE9: NV | DF9: NV | DG9: NV | DH9: NV | DI9: 39.67 | DJ9: NV | DK9: NV | DL9: NV | DM9: NV | DN9: NV | DO9: NV | DP9: NV | DQ9: NV | DR9: NV | DS9: 49.3 | DT9: NV | DU9: NV | DV9: NV | DW9: 63.2 | DX9: NV | DY9: 60.67 | DZ9: NV | EA9: NV | EB9: NV | EC9: 36.65 | ED9: NV | EE9: 98.06 | EF9: NV | EG9: NV | EH9: 75.24 | EI9: NV | EJ9: NV | EK9: NV | EL9: NV | EM9: 45.71 | EN9: 27.36 | EO9: 63.65 | EP9: NV | EQ9: NV | ER9: NV | ES9: 71.22 | ET9: NV | EU9: NV | EV9: NV | EW9: 50.28 | EX9: 45.09 | EY9: NV | EZ9: 46.28 | FA9: 27.17 | FB9: NV | FC9: NV | FD9: NV | FE9: NV | FF9: NV | FG9: NV | FH9: 65.18 | FI9: NV | FJ9: NV | FK9: NV | FL9: NV | FM9: NV | FN9: 75.17 | FO9: NV | FP9: NV | FQ9: NV | FR9: NV | FS9: NV | FT9: NV | FU9: NV | FV9: NV | FW9: 49.71 | FX9: NV | FY9: 58.88 | FZ9: NV | GA9: NV | GB9: NV | GC9: NV | GD9: NV | GE9: NV | GF9: 81.31 | GG9: NV | GH9: NV | GI9: NV | GJ9: NV | GK9: 51.91 | GL9: NV | GM9: NV | GN9: NV | GO9: NV | GP9: NV | GQ9: NV | GR9: 55.38 | GS9: NV | GT9: NV | GU9: NV | GV9: NV | GW9: NV | GX9: NV | GY9: 59.61 | GZ9: NV | HA9: NV | HB9: NV | HC9: 0 | HD9: NV | HE9: NV | HF9: NV | HG9: NV | HH9: NV | HI9: 28.88
A10: 9 | B10: Enabling trade index (2016) | C10: [1-7] The higher the better | D10: NV | E10: 4.51 | F10: 3.51 | G10: NV | H10: NV | I10: NV | J10: NV | K10: NV | L10: 3.98 | M10: 4.32 | N10: NV | O10: 5.1 | P10: 5.52 | Q10: 4.3 | R10: NV | S10: 4.79 | T10: 3.48 | U10: NV | V10: NV | W10: 5.45 | X10: NV | Y10: 3.48 | Z10: NV | AA10: 3.98 | AB10: 3.78 | AC10: 4.12 | AD10: 4.41 | AE10: 3.8 | AF10: 4.27 | AG10: 4.54 | AH10: NV | AI10: 3.41 | AJ10: 3.96 | AK10: 3.2 | AL10: 5.15 | AM10: NV | AN10: NV | AO10: NV | AP10: 2.93 | AQ10: 5.26 | AR10: 4.49 | AS10: 4.1 | AT10: NV | AU10: 3.03 | AV10: NV | AW10: NV | AX10: 4.52 | AY10: 3.87 | AZ10: 4.76 | BA10: NV | BB10: 4.61 | BC10: 5.12 | BD10: 5.42 | BE10: NV | BF10: NV | BG10: 4.2 | BH10: 4.14 | BI10: 3.72 | BJ10: 4.25 | BK10: NV | BL10: NV | BM10: 5.32 | BN10: NV | BO10: 3.72 | BP10: NV | BQ10: 5.6 | BR10: 5.37 | BS10: NV | BT10: 3.24 | BU10: 3.95 | BV10: 4.8 | BW10: 5.49 | BX10: 3.93 | BY10: 4.55 | BZ10: NV | CA10: NV | CB10: NV | CC10: 4.32 | CD10: NV | CE10: NV | CF10: NV | CG10: NV | CH10: 4.08 | CI10: 5.66 | CJ10: 4.89 | CK10: 5.27 | CL10: 3.91 | CM10: 4.3 | CN10: 3.16 | CO10: NV | CP10: 5.27 | CQ10: 4.99 | CR10: 4.91 | CS10: 4.03 | CT10: 5.28 | CU10: NV | CV10: 4.73 | CW10: 4.05 | CX10: 4.2 | CY10: NV | CZ10: NV | DA10: 5.04 | DB10: NV | DC10: 4.07 | DD10: 3.76 | DE10: 3.98 | DF10: 4.86 | DG10: 4.03 | DH10: 4.15 | DI10: 3.53 | DJ10: NV | DK10: NV | DL10: 5.01 | DM10: 5.63 | DN10: NV | DO10: 3.8 | DP10: 3.93 | DQ10: 4.9 | DR10: NV | DS10: 3.71 | DT10: 4.95 | DU10: NV | DV10: NV | DW10: 3.18 | DX10: 4.89 | DY10: 4.55 | DZ10: NV | EA10: 4.2 | EB10: NV | EC10: 3.66 | ED10: 4.46 | EE10: 4.6 | EF10: 3.88 | EG10: NV | EH10: 4.25 | EI10: NV | EJ10: 3.84 | EK10: 5.7 | EL10: NV | EM10: 5.27 | EN10: 4.24 | EO10: NV | EP10: 3.25 | EQ10: NV | ER10: 4.52 | ES10: 5.27 | ET10: 4.67 | EU10: 3.51 | EV10: NV | EW10: 4.52 | EX10: NV | EY10: 3.86 | EZ10: 4.54 | FA10: 4.13 | FB10: 4.96 | FC10: 5.01 | FD10: NV | FE10: 4.78 | FF10: NV | FG10: 4.61 | FH10: 3.79 | FI10: 4.59 | FJ10: NV | FK10: NV | FL10: NV | FM10: 4.33 | FN10: 3.97 | FO10: 4.41 | FP10: NV | FQ10: 3.25 | FR10: 5.97 | FS10: 4.93 | FT10: 4.96 | FU10: NV | FV10: NV | FW10: 4.52 | FX10: NV | FY10: 5.28 | FZ10: 3.9 | GA10: NV | GB10: NV | GC10: NV | GD10: NV | GE10: NV | GF10: 5.61 | GG10: 5.45 | GH10: NV | GI10: 4.92 | GJ10: 3.74 | GK10: 3.74 | GL10: 4.45 | GM10: NV | GN10: NV | GO10: NV | GP10: 3.86 | GQ10: 4.02 | GR10: 4.52 | GS10: NV | GT10: NV | GU10: 4.11 | GV10: 3.97 | GW10: 5.23 | GX10: 5.52 | GY10: 5.24 | GZ10: 4.37 | HA10: NV | HB10: NV | HC10: 2.85 | HD10: 4.26 | HE10: NV | HF10: NV | HG10: 2.95 | HH10: 3.97 | HI10: 3.4
A11: 10 | B11: Environmental Performance Index (2024) | C11: [0-100] The higher the EPI, the better the country's environmental performance | D11: 31 | E11: 52.2 | F11: 41.7 | G11: NV | H11: NV | I11: 40.1 | J11: NV | K11: 55.6 | L11: 47 | M11: 44.9 | N11: NV | O11: 63.1 | P11: 68.9 | Q11: 40.5 | R11: 55.9 | S11: 35.3 | T11: 28.1 | U11: 53.1 | V11: 58.2 | W11: 66.8 | X11: 47.4 | Y11: 37.8 | Z11: NV | AA11: 43.3 | AB11: 45.3 | AC11: 46 | AD11: 49.2 | AE11: 53 | AF11: 48.3 | AG11: 56.2 | AH11: 42.2 | AI11: 33.5 | AJ11: 31.2 | AK11: 38.6 | AL11: 61.1 | AM11: 38 | AN11: NV | AO11: 39 | AP11: 35.9 | AQ11: 49.6 | AR11: 35.4 | AS11: 49.7 | AT11: 38.2 | AU11: 39.5 | AV11: 41.6 | AW11: NV | AX11: 55.5 | AY11: 42.9 | AZ11: 62.3 | BA11: 52.5 | BB11: 53.9 | BC11: 65.5 | BD11: 67.7 | BE11: 32.3 | BF11: 49.3 | BG11: 47.7 | BH11: 51.3 | BI11: 43.7 | BJ11: 41.6 | BK11: 41.7 | BL11: 29 | BM11: 75.7 | BN11: 38.7 | BO11: 36.3 | BP11: 46 | BQ11: 73.8 | BR11: 67 | BS11: NV | BT11: 53.3 | BU11: 37.6 | BV11: 47.3 | BW11: 74.5 | BX11: 36.9 | BY11: 67.3 | BZ11: NV | CA11: 45.8 | CB11: NV | CC11: 32.5 | CD11: 36.5 | CE11: 42 | CF11: 49 | CG11: 36.4 | CH11: 40.2 | CI11: NV | CJ11: 59.8 | CK11: 64.3 | CL11: 27.6 | CM11: 33.6 | CN11: 41.8 | CO11: 30.3 | CP11: 65.8 | CQ11: 48 | CR11: 60.3 | CS11: 48.5 | CT11: 61.4 | CU11: NV | CV11: 47.3 | CW11: 47.8 | CX11: 36.9 | CY11: 44.3 | CZ11: NV | DA11: 50.6 | DB11: NV | DC11: 44.4 | DD11: 42.8 | DE11: 26.3 | DF11: 60.2 | DG11: 39.9 | DH11: 36.9 | DI11: 34.3 | DJ11: NV | DK11: NV | DL11: 64.1 | DM11: 75.1 | DN11: NV | DO11: 30.1 | DP11: 35.1 | DQ11: 41 | DR11: 38.1 | DS11: 34.5 | DT11: 66.9 | DU11: 42.5 | DV11: NV | DW11: 34.6 | DX11: 47.3 | DY11: 44.2 | DZ11: 40.8 | EA11: 46.1 | EB11: NV | EC11: 37.2 | ED11: 47.7 | EE11: 39.5 | EF11: 39 | EG11: 27.1 | EH11: 44 | EI11: NV | EJ11: 33.1 | EK11: 66.9 | EL11: NV | EM11: 57.3 | EN11: 47.4 | EO11: 40 | EP11: 37.9 | EQ11: NV | ER11: 50.3 | ES11: 69.9 | ET11: 51.3 | EU11: 25.5 | EV11: NV | EW11: 52.9 | EX11: 36.9 | EY11: 39.5 | EZ11: 46.5 | FA11: 32.1 | FB11: 64.2 | FC11: 61.9 | FD11: NV | FE11: 46.8 | FF11: NV | FG11: 57.3 | FH11: 46.7 | FI11: 33.9 | FJ11: 47.1 | FK11: NV | FL11: 36.2 | FM11: 42.5 | FN11: 43.8 | FO11: 49.8 | FP11: 47.9 | FQ11: 39.9 | FR11: 53 | FS11: 65.1 | FT11: 62.4 | FU11: 42.2 | FV11: NV | FW11: 42.7 | FX11: NV | FY11: 64 | FZ11: 38.8 | GA11: NV | GB11: 51.1 | GC11: 54.2 | GD11: 39.1 | GE11: 56.9 | GF11: 70.3 | GG11: 67.8 | GH11: NV | GI11: 50.1 | GJ11: 32.3 | GK11: 43.6 | GL11: 45.7 | GM11: 49.9 | GN11: 35.7 | GO11: 40.4 | GP11: 52.5 | GQ11: 45.3 | GR11: 37.2 | GS11: 40.6 | GT11: NV | GU11: 35.8 | GV11: 54.6 | GW11: 51.6 | GX11: 72.6 | GY11: 57.2 | GZ11: 44.1 | HA11: 42.6 | HB11: 45 | HC11: 53.3 | HD11: 24.6 | HE11: NV | HF11: NV | HG11: NV | HH11: 46.7 | HI11: 51.6
A12: 11 | B12: Child labour (% ages 5-17) (2010-2019) | C12: The higher the worse, Percentage of children ages (5-17) involved in child labor | D12: 13 | E12: 3.3 | F12: 2.5 | G12: NV | H12: NV | I12: 18.7 | J12: NV | K12: NV | L12: NV | M12: 4.1 | N12: NV | O12: NV | P12: NV | Q12: NV | R12: NV | S12: NV | T12: 6.8 | U12: 1.4 | V12: 4.1 | W12: NV | X12: 3.3 | Y12: 24.8 | Z12: NV | AA12: 3.5 | AB12: 13.6 | AC12: NV | AD12: NV | AE12: 5.4 | AF12: NV | AG12: NV | AH12: 42 | AI12: 30.9 | AJ12: 12.6 | AK12: 38.9 | AL12: NV | AM12: NV | AN12: NV | AO12: 26.9 | AP12: 39 | AQ12: 5.9 | AR12: NV | AS12: 7 | AT12: 28.5 | AU12: 14.7 | AV12: 14.1 | AW12: NV | AX12: 3.8 | AY12: 22.1 | AZ12: NV | BA12: NV | BB12: NV | BC12: NV | BD12: NV | BE12: NV | BF12: NV | BG12: 3.8 | BH12: NV | BI12: 4.8 | BJ12: 6.9 | BK12: NV | BL12: NV | BM12: NV | BN12: 7.8 | BO12: 45 | BP12: 16.7 | BQ12: NV | BR12: NV | BS12: NV | BT12: 19.6 | BU12: 16.9 | BV12: 1.6 | BW12: NV | BX12: 20.1 | BY12: NV | BZ12: NV | CA12: NV | CB12: NV | CC12: NV | CD12: 24.2 | CE12: 17.2 | CF12: 6.4 | CG12: 35.5 | CH12: 15.3 | CI12: NV | CJ12: NV | CK12: NV | CL12: NV | CM12: NV | CN12: NV | CO12: 4.5 | CP12: NV | CQ12: NV | CR12: NV | CS12: 2.9 | CT12: NV | CU12: NV | CV12: 1.7 | CW12: NV | CX12: NV | CY12: 16.5 | CZ12: 4.3 | DA12: NV | DB12: NV | DC12: NV | DD12: 22.3 | DE12: 28.2 | DF12: NV | DG12: NV | DH12: 13.9 | DI12: 31.7 | DJ12: NV | DK12: NV | DL12: NV | DM12: NV | DN12: NV | DO12: 36.7 | DP12: 14 | DQ12: NV | DR12: NV | DS12: 13.2 | DT12: NV | DU12: NV | DV12: NV | DW12: 14 | DX12: NV | DY12: 6 | DZ12: NV | EA12: NV | EB12: NV | EC12: 14.7 | ED12: 7.7 | EE12: NV | EF12: NV | EG12: 9.9 | EH12: NV | EI12: NV | EJ12: 21.7 | EK12: NV | EL12: NV | EM12: NV | EN12: NV | EO12: 34.4 | EP12: 31.5 | EQ12: NV | ER12: 2.9 | ES12: NV | ET12: NV | EU12: 11.4 | EV12: NV | EW12: 2.3 | EX12: NV | EY12: 17.9 | EZ12: 14.5 | FA12: NV | FB12: NV | FC12: NV | FD12: NV | FE12: NV | FF12: NV | FG12: NV | FH12: NV | FI12: 19 | FJ12: 13.9 | FK12: NV | FL12: 10.5 | FM12: NV | FN12: 22.8 | FO12: 9.5 | FP12: NV | FQ12: 25.2 | FR12: NV | FS12: NV | FT12: NV | FU12: 17.9 | FV12: NV | FW12: 3.6 | FX12: NV | FY12: NV | FZ12: 0.8 | GA12: NV | GB12: 3.3 | GC12: NV | GD12: 18.1 | GE12: 4.3 | GF12: NV | GG12: NV | GH12: NV | GI12: NV | GJ12: NV | GK12: 24.8 | GL12: NV | GM12: 9.2 | GN12: 38.5 | GO12: 26.1 | GP12: 0.8 | GQ12: 2.3 | GR12: 3.8 | GS12: 0.3 | GT12: 4 | GU12: 18.1 | GV12: 3.2 | GW12: NV | GX12: NV | GY12: NV | GZ12: 4.2 | HA12: NV | HB12: 15.6 | HC12: NV | HD12: 6.6 | HE12: NV | HF12: NV | HG12: NV | HH12: 23 | HI12: 27.9 | HK12: 9.6 | HL12: 7.3 | HM12: 23.9 | HN12: 7.8 | HO12: 6.1 | HP12: 6.2 | HQ12: 2.3 | HR12: 5.5 | HS12: 6
A13: 12 | B13: Global Peace Index (2022) | C13: [1-5] The lower the score the more peaceful the country | D13: 3.644 | E13: 1.872 | F13: 2.287 | G13: NV | H13: NV | I13: 2.087 | J13: NV | K13: NV | L13: 1.978 | M13: 2.135 | N13: NV | O13: 1.386 | P13: 1.275 | Q13: 2.3 | R13: NV | S13: 2.209 | T13: 2.121 | U13: NV | V13: 2.111 | W13: 1.496 | X13: NV | Y13: 2.182 | Z13: NV | AA13: 1.501 | AB13: 2.074 | AC13: 2.04 | AD13: 1.693 | AE13: 2.413 | AF13: NV | AG13: 1.628 | AH13: 2.316 | AI13: 2.506 | AJ13: 2.011 | AK13: 2.65 | AL13: 1.298 | AM13: NV | AN13: NV | AO13: 3.237 | AP13: 2.538 | AQ13: 1.804 | AR13: 2.166 | AS13: 2.646 | AT13: NV | AU13: 3.243 | AV13: 2.343 | AW13: NV | AX13: 1.691 | AY13: 2.169 | AZ13: 1.615 | BA13: 2.074 | BB13: 1.92 | BC13: 1.337 | BD13: 1.283 | BE13: 2.215 | BF13: NV | BG13: 1.992 | BH13: 2.085 | BI13: 2.481 | BJ13: 2.243 | BK13: 1.891 | BL13: 2.567 | BM13: 1.68 | BN13: 1.934 | BO13: 2.526 | BP13: NV | BQ13: 1.404 | BR13: 1.93 | BS13: NV | BT13: 2.116 | BU13: 1.891 | BV13: 2.116 | BW13: 1.494 | BX13: 1.776 | BY13: 1.877 | BZ13: NV | CA13: NV | CB13: NV | CC13: 2.267 | CD13: 2.082 | CE13: 2.157 | CF13: 2.05 | CG13: 2.211 | CH13: 2.288 | CI13: NV | CJ13: 1.559 | CK13: 1.078 | CL13: 2.628 | CM13: 1.831 | CN13: 2.672 | CO13: 3.487 | CP13: 1.375 | CQ13: 2.775 | CR13: 1.69 | CS13: 2.041 | CT13: 1.36 | CU13: NV | CV13: 1.958 | CW13: NV | CX13: 2.375 | CY13: NV | CZ13: 2.962 | DA13: 1.829 | DB13: NV | DC13: 1.723 | DD13: 2.094 | DE13: 1.843 | DF13: 1.7 | DG13: 2.828 | DH13: 2.131 | DI13: 1.877 | DJ13: 3.258 | DK13: NV | DL13: 1.705 | DM13: NV | DN13: NV | DO13: 1.805 | DP13: 1.885 | DQ13: 1.525 | DR13: NV | DS13: 2.729 | DT13: NV | DU13: NV | DV13: NV | DW13: 2.287 | DX13: 1.544 | DY13: 2.572 | DZ13: NV | EA13: 1.95 | EB13: NV | EC13: 1.723 | ED13: 1.944 | EE13: 2.057 | EF13: 2.135 | EG13: 2.424 | EH13: 1.861 | EI13: NV | EJ13: 1.974 | EK13: 1.528 | EL13: NV | EM13: 1.198 | EN13: 2.553 | EO13: 2.608 | EP13: 2.865 | EQ13: NV | ER13: 1.9 | ES13: 1.496 | ET13: 1.941 | EU13: 2.973 | EV13: NV | EW13: 1.875 | EX13: 2.157 | EY13: 1.991 | EZ13: 2.066 | FA13: 2.471 | FB13: 1.657 | FC13: 1.247 | FD13: NV | FE13: 1.616 | FF13: NV | FG13: 1.541 | FH13: 3.049 | FI13: 2.049 | FJ13: NV | FK13: NV | FL13: NV | FM13: 2.443 | FN13: 1.824 | FO13: 1.846 | FP13: NV | FQ13: 1.82 | FR13: 1.321 | FS13: 1.568 | FT13: 1.369 | FU13: NV | FV13: 3.302 | FW13: 2.317 | FX13: 3.447 | FY13: 1.712 | FZ13: 2.003 | GA13: NV | GB13: NV | GC13: NV | GD13: 3.043 | GE13: NV | GF13: 1.479 | GG13: 1.366 | GH13: 3.539 | GI13: 1.707 | GJ13: 2.188 | GK13: 1.85 | GL13: 2.245 | GM13: 1.863 | GN13: 2.201 | GO13: NV | GP13: 2.078 | GQ13: 2.09 | GR13: 2.959 | GS13: 2.276 | GT13: NV | GU13: 2.202 | GV13: 2.927 | GW13: 1.752 | GX13: 1.77 | GY13: 2.307 | GZ13: 1.704 | HA13: 2.158 | HB13: NV | HC13: 2.936 | HD13: 1.92 | HE13: NV | HF13: NV | HG13: 3.411 | HH13: 1.794 | HI13: 2.485
A14: 13 | B14: Corruption Perceptions Index CPI (2021) | C14: [0-100] From highly corrupted to very clean (the lower the more corrupted) | D14: 16 | E14: 35 | F14: 33 | G14: NV | H14: NV | I14: 29 | J14: NV | K14: NV | L14: 38 | M14: 49 | N14: NV | O14: 73 | P14: 74 | Q14: 30 | R14: 64 | S14: 42 | T14: 26 | U14: 65 | V14: 41 | W14: 73 | X14: NV | Y14: 42 | Z14: NV | AA14: 68 | AB14: 30 | AC14: 35 | AD14: 55 | AE14: 38 | AF14: NV | AG14: 42 | AH14: 42 | AI14: 19 | AJ14: 23 | AK14: 27 | AL14: 74 | AM14: 58 | AN14: NV | AO14: 24 | AP14: 20 | AQ14: 67 | AR14: 45 | AS14: 39 | AT14: 20 | AU14: 19 | AV14: 21 | AW14: NV | AX14: 58 | AY14: 36 | AZ14: 47 | BA14: 46 | BB14: 53 | BC14: 54 | BD14: 88 | BE14: 30 | BF14: 55 | BG14: 30 | BH14: 36 | BI14: 33 | BJ14: 34 | BK14: 17 | BL14: 22 | BM14: 74 | BN14: 32 | BO14: 39 | BP14: 55 | BQ14: 88 | BR14: 71 | BS14: NV | BT14: 31 | BU14: 37 | BV14: 55 | BW14: 80 | BX14: 43 | BY14: 49 | BZ14: NV | CA14: 53 | CB14: NV | CC14: 25 | CD14: 25 | CE14: 21 | CF14: 39 | CG14: 20 | CH14: 23 | CI14: 76 | CJ14: 43 | CK14: 74 | CL14: 40 | CM14: 38 | CN14: 25 | CO14: 23 | CP14: 74 | CQ14: 59 | CR14: 56 | CS14: 44 | CT14: 73 | CU14: NV | CV14: 49 | CW14: 37 | CX14: 30 | CY14: NV | CZ14: 16 | DA14: 62 | DB14: 39 | DC14: 43 | DD14: 27 | DE14: 30 | DF14: 59 | DG14: 24 | DH14: 38 | DI14: 29 | DJ14: 17 | DK14: NV | DL14: 61 | DM14: 81 | DN14: NV | DO14: 26 | DP14: 35 | DQ14: 48 | DR14: 40 | DS14: 29 | DT14: 54 | DU14: NV | DV14: NV | DW14: 28 | DX14: 54 | DY14: 31 | DZ14: NV | EA14: 36 | EB14: NV | EC14: 35 | ED14: 46 | EE14: 39 | EF14: 26 | EG14: 28 | EH14: 49 | EI14: NV | EJ14: 33 | EK14: 82 | EL14: NV | EM14: 88 | EN14: 20 | EO14: 31 | EP14: 24 | EQ14: NV | ER14: 39 | ES14: 85 | ET14: 52 | EU14: 28 | EV14: NV | EW14: 36 | EX14: 31 | EY14: 30 | EZ14: 36 | FA14: 33 | FB14: 56 | FC14: 62 | FD14: NV | FE14: 63 | FF14: NV | FG14: 45 | FH14: 29 | FI14: 53 | FJ14: NV | FK14: NV | FL14: 45 | FM14: 53 | FN14: 43 | FO14: 38 | FP14: 70 | FQ14: 34 | FR14: 85 | FS14: 52 | FT14: 57 | FU14: 43 | FV14: 13 | FW14: 44 | FX14: 11 | FY14: 61 | FZ14: 37 | GA14: NV | GB14: 56 | GC14: 59 | GD14: 20 | GE14: 39 | GF14: 85 | GG14: 84 | GH14: 13 | GI14: 68 | GJ14: 25 | GK14: 39 | GL14: 35 | GM14: 41 | GN14: 30 | GO14: NV | GP14: 41 | GQ14: 44 | GR14: 38 | GS14: 19 | GT14: NV | GU14: 27 | GV14: 32 | GW14: 69 | GX14: 78 | GY14: 67 | GZ14: 73 | HA14: 28 | HB14: 45 | HC14: 14 | HD14: 39 | HE14: NV | HF14: NV | HG14: 16 | HH14: 33 | HI14: 23
A15: 14 | B15: Human Development Index HDI (2019) | C15: [0-1] The higher the HDI, the better | D15: 0.511 | E15: 0.795 | F15: 0.748 | G15: NV | H15: 0.868 | I15: 0.581 | J15: NV | K15: 0.778 | L15: 0.845 | M15: 0.776 | N15: NV | O15: 0.944 | P15: 0.922 | Q15: 0.756 | R15: 0.814 | S15: 0.852 | T15: 0.632 | U15: 0.814 | V15: 0.823 | W15: 0.931 | X15: 0.716 | Y15: 0.545 | Z15: NV | AA15: 0.654 | AB15: 0.718 | AC15: 0.78 | AD15: 0.735 | AE15: 0.765 | AF15: 0.838 | AG15: 0.816 | AH15: 0.452 | AI15: 0.433 | AJ15: 0.594 | AK15: 0.563 | AL15: 0.929 | AM15: 0.665 | AN15: NV | AO15: 0.397 | AP15: 0.398 | AQ15: 0.851 | AR15: 0.761 | AS15: 0.767 | AT15: 0.554 | AU15: 0.48 | AV15: 0.574 | AW15: NV | AX15: 0.81 | AY15: 0.538 | AZ15: 0.851 | BA15: 0.783 | BB15: 0.887 | BC15: 0.9 | BD15: 0.94 | BE15: 0.524 | BF15: 0.742 | BG15: 0.756 | BH15: 0.759 | BI15: 0.707 | BJ15: 0.673 | BK15: 0.592 | BL15: 0.459 | BM15: 0.892 | BN15: 0.611 | BO15: 0.485 | BP15: 0.743 | BQ15: 0.938 | BR15: 0.901 | BS15: NV | BT15: 0.703 | BU15: 0.496 | BV15: 0.812 | BW15: 0.947 | BX15: 0.611 | BY15: 0.888 | BZ15: NV | CA15: 0.779 | CB15: NV | CC15: 0.663 | CD15: 0.477 | CE15: 0.48 | CF15: 0.682 | CG15: 0.51 | CH15: 0.634 | CI15: 0.949 | CJ15: 0.854 | CK15: 0.949 | CL15: 0.645 | CM15: 0.718 | CN15: 0.783 | CO15: 0.674 | CP15: 0.955 | CQ15: 0.919 | CR15: 0.892 | CS15: 0.734 | CT15: 0.919 | CU15: NV | CV15: 0.729 | CW15: 0.825 | CX15: 0.601 | CY15: 0.63 | CZ15: NV | DA15: 0.916 | DB15: NV | DC15: 0.806 | DD15: 0.697 | DE15: 0.613 | DF15: 0.866 | DG15: 0.744 | DH15: 0.527 | DI15: 0.48 | DJ15: 0.724 | DK15: 0.919 | DL15: 0.882 | DM15: 0.916 | DN15: NV | DO15: 0.528 | DP15: 0.483 | DQ15: 0.81 | DR15: 0.74 | DS15: 0.434 | DT15: 0.895 | DU15: 0.704 | DV15: NV | DW15: 0.546 | DX15: 0.804 | DY15: 0.779 | DZ15: 0.62 | EA15: 0.75 | EB15: NV | EC15: 0.737 | ED15: 0.829 | EE15: 0.686 | EF15: 0.456 | EG15: 0.583 | EH15: 0.646 | EI15: NV | EJ15: 0.602 | EK15: 0.944 | EL15: NV | EM15: 0.931 | EN15: 0.66 | EO15: 0.394 | EP15: 0.539 | EQ15: NV | ER15: 0.774 | ES15: 0.957 | ET15: 0.813 | EU15: 0.557 | EV15: 0.826 | EW15: 0.815 | EX15: 0.555 | EY15: 0.728 | EZ15: 0.777 | FA15: 0.718 | FB15: 0.88 | FC15: 0.864 | FD15: NV | FE15: 0.848 | FF15: NV | FG15: 0.828 | FH15: 0.824 | FI15: 0.543 | FJ15: 0.715 | FK15: NV | FL15: 0.625 | FM15: 0.854 | FN15: 0.512 | FO15: 0.806 | FP15: 0.796 | FQ15: 0.452 | FR15: 0.938 | FS15: 0.86 | FT15: 0.917 | FU15: 0.567 | FV15: NV | FW15: 0.709 | FX15: 0.433 | FY15: 0.904 | FZ15: 0.782 | GA15: 0.779 | GB15: 0.759 | GC15: 0.738 | GD15: 0.51 | GE15: 0.738 | GF15: 0.945 | GG15: 0.955 | GH15: 0.567 | GI15: NV | GJ15: 0.668 | GK15: 0.529 | GL15: 0.777 | GM15: 0.606 | GN15: 0.515 | GO15: 0.725 | GP15: 0.796 | GQ15: 0.74 | GR15: 0.82 | GS15: 0.715 | GT15: NV | GU15: 0.544 | GV15: 0.779 | GW15: 0.89 | GX15: 0.932 | GY15: 0.926 | GZ15: 0.817 | HA15: 0.72 | HB15: 0.609 | HC15: 0.711 | HD15: 0.704 | HE15: NV | HF15: NV | HG15: 0.47 | HH15: 0.584 | HI15: 0.571
A16: 15 | B16: Natural disaster Index (NDI) (2013) | C16: [0-100] The higher, the worse | D16: NV | E16: NV | F16: NV | G16: NV | H16: NV | I16: NV | J16: NV | K16: NV | L16: 5.79 | M16: NV | N16: NV | O16: 23.77 | P16: 0.37 | Q16: NV | R16: NV | S16: NV | T16: 5.43 | U16: NV | V16: NV | W16: 0.07 | X16: NV | Y16: NV | Z16: NV | AA16: NV | AB16: 2.63 | AC16: 0.37 | AD16: NV | AE16: 10.88 | AF16: NV | AG16: 0.79 | AH16: NV | AI16: NV | AJ16: NV | AK16: NV | AL16: 7.1 | AM16: NV | AN16: NV | AO16: NV | AP16: NV | AQ16: 2.17 | AR16: 25.37 | AS16: 3.06 | AT16: NV | AU16: NV | AV16: NV | AW16: NV | AX16: NV | AY16: NV | AZ16: NV | BA16: NV | BB16: NV | BC16: 0.52 | BD16: 0.34 | BE16: NV | BF16: NV | BG16: NV | BH16: 0.79 | BI16: 1.07 | BJ16: NV | BK16: NV | BL16: NV | BM16: 0.03 | BN16: NV | BO16: 3.16 | BP16: NV | BQ16: 0.56 | BR16: 2.59 | BS16: NV | BT16: NV | BU16: NV | BV16: NV | BW16: 0.9 | BX16: NV | BY16: 2.66 | BZ16: NV | CA16: NV | CB16: NV | CC16: 0.47 | CD16: NV | CE16: NV | CF16: NV | CG16: NV | CH16: NV | CI16: NV | CJ16: 0.3 | CK16: NV | CL16: 15.21 | CM16: 7.14 | CN16: 5.8 | CO16: NV | CP16: 0.03 | CQ16: NV | CR16: 2.87 | CS16: NV | CT16: 2.55 | CU16: NV | CV16: NV | CW16: 3.24 | CX16: NV | CY16: NV | CZ16: 1.1 | DA16: 1.72 | DB16: NV | DC16: NV | DD16: NV | DE16: NV | DF16: 0.26 | DG16: NV | DH16: NV | DI16: NV | DJ16: NV | DK16: NV | DL16: 0.06 | DM16: 0 | DN16: NV | DO16: NV | DP16: NV | DQ16: NV | DR16: NV | DS16: NV | DT16: NV | DU16: NV | DV16: NV | DW16: NV | DX16: NV | DY16: 8.09 | DZ16: NV | EA16: NV | EB16: NV | EC16: NV | ED16: NV | EE16: 1.93 | EF16: NV | EG16: 3.51 | EH16: NV | EI16: NV | EJ16: NV | EK16: NV | EL16: NV | EM16: NV | EN16: 0.63 | EO16: NV | EP16: 2.74 | EQ16: NV | ER16: NV | ES16: 1.22 | ET16: NV | EU16: 4.73 | EV16: NV | EW16: NV | EX16: NV | EY16: 1.26 | EZ16: 3.63 | FA16: 7.16 | FB16: 0.74 | FC16: NV | FD16: NV | FE16: NV | FF16: NV | FG16: 1.74 | FH16: 14.33 | FI16: NV | FJ16: NV | FK16: NV | FL16: NV | FM16: NV | FN16: NV | FO16: 0.43 | FP16: NV | FQ16: NV | FR16: NV | FS16: 0.24 | FT16: 0.44 | FU16: NV | FV16: NV | FW16: 5.16 | FX16: NV | FY16: 3.07 | FZ16: NV | GA16: NV | GB16: NV | GC16: NV | GD16: NV | GE16: NV | GF16: 0.47 | GG16: 0.35 | GH16: 0.66 | GI16: 0.81 | GJ16: NV | GK16: NV | GL16: 3.88 | GM16: NV | GN16: NV | GO16: NV | GP16: NV | GQ16: NV | GR16: 2.67 | GS16: NV | GT16: NV | GU16: 1.19 | GV16: 1.38 | GW16: NV | GX16: 1.64 | GY16: 31.37 | GZ16: 0.95 | HA16: NV | HB16: NV | HC16: 2.5 | HD16: 2.96 | HE16: NV | HF16: NV | HG16: NV | HH16: NV | HI16: NV
A17: 16 | B17: Economic Vulnerability Index (2024) | C17: [0-100] the higher, the worse | D17: 46.8 | E17: NV | F17: 25.2 | G17: NV | H17: NV | I17: 38.5 | K17: 36.4 | L17: 27.1 | M17: 36.7 | N17: NV | O17: NV | P17: NV | Q17: 28.4 | R17: 27.6 | S17: 36.2 | T17: 21.9 | U17: 18.3 | V17: NV | W17: NV | X17: 43.1 | Y17: 34.2 | Z17: NV | AA17: 31.2 | AB17: 36.5 | AC17: NV | AD17: 40.9 | AE17: 22.3 | AF17: 33.6 | AG17: NV | AH17: 46.9 | AI17: 37.3 | AJ17: 24.1 | AK17: 27.4 | AL17: NV | AM17: 43.5 | AN17: NV | AO17: 34.2 | AP17: 50.2 | AQ17: 33.7 | AR17: 20.2 | AS17: 24.3 | AT17: 37 | AU17: 34.6 | AV17: 26.7 | AW17: NV | AX17: 24.3 | AY17: 18.6 | AZ17: NV | BA17: 27.6 | BB17: NV | BC17: NV | BD17: NV | BE17: 54.7 | BF17: 38.4 | BG17: 24.8 | BH17: 26.4 | BI17: 16.3 | BJ17: 23.1 | BK17: 19.3 | BL17: 56.4 | BM17: NV | BN17: 40.1 | BO17: 36.9 | BP17: 48.9 | BQ17: NV | BR17: NV | BS17: NV | BT17: 23.3 | BU17: 45.5 | BV17: 29.3 | BW17: NV | BX17: 30.7 | BY17: NV | BZ17: NV | CA17: 30.3 | CB17: NV | CC17: 22 | CD17: 29.2 | CE17: 34 | CF17: 50.7 | CG17: 39.1 | CH17: 24.4 | CI17: NV | CJ17: NV | CK17: NV | CL17: 25.8 | CM17: 22.2 | CN17: 33.5 | CO17: 44.8 | CP17: NV | CQ17: NV | CR17: NV | CS17: 25.7 | CT17: NV | CU17: NV | CV17: 29.6 | CW17: 28.6 | CX17: 23.2 | CY17: 53.6 | CZ17: 30 | DA17: NV | DB17: NV | DC17: 30 | DD17: 34.5 | DE17: 29.8 | DF17: NV | DG17: 28.5 | DH17: 47.8 | DI17: 45.9 | DJ17: 29.5 | DK17: NV | DL17: NV | DM17: NV | DN17: NV | DO17: 32.3 | DP17: 43.2 | DQ17: 22.9 | DR17: 49.7 | DS17: 49 | DT17: NV | DU17: 63.6 | DV17: NV | DW17: 52.9 | DX17: 20.9 | DY17: 25.6 | DZ17: 48.2 | EA17: NV | EB17: NV | EC17: 49.1 | ED17: NV | EE17: 24.7 | EF17: 41 | EG17: 30.2 | EH17: 42.6 | EI17: 52.6 | EJ17: 29.7 | EK17: NV | EL17: NV | EM17: NV | EN17: 29.5 | EO17: 54.2 | EP17: 33.7 | EQ17: NV | ER17: NV | ES17: NV | ET17: 23.4 | EU17: 29.4 | EV17: 55.2 | EW17: 22.9 | EX17: 29.6 | EY17: 35.7 | EZ17: 31.7 | FA17: 26.9 | FB17: NV | FC17: NV | FD17: NV | FE17: 26.2 | FF17: NV | FG17: NV | FH17: NV | FI17: 28.2 | FJ17: 37.5 | FK17: NV | FL17: 40 | FM17: 20.3 | FN17: 42.3 | FO17: NV | FP17: 36.8 | FQ17: 38.7 | FR17: 21.9 | FS17: NV | FT17: NV | FU17: 49.6 | FV17: 54.4 | FW17: 32.7 | FX17: 54.5 | FY17: NV | FZ17: 23.9 | GA17: 35.5 | GB17: 36 | GC17: 34.7 | GD17: 46.4 | GE17: 41.8 | GF17: NV | GG17: NV | GH17: 43.3 | GI17: NV | GJ17: 40.3 | GK17: 29.5 | GL17: 26.9 | GM17: 41.3 | GN17: 29.1 | GO17: 48.3 | GP17: 27.6 | GQ17: 26.5 | GR17: 12.2 | GS17: 34.8 | GT17: 50.8 | GU17: 28.2 | GV17: NV | GW17: 35.4 | GX17: NV | GY17: NV | GZ17: 30.3 | HA17: 31.2 | HB17: 46 | HC17: 30 | HD17: 28.3 | HE17: NV | HF17: NV | HG17: 41.3 | HH17: 39.8 | HI17: 46.5
A18: 17 | B18: Economic Vulnerability Index - Share of agriculture, forestry and fisheries (2024) | C18: [0-100] | D18: 34.1 | E18: NV | F18: 13.4 | G18: NV | H18: NV | I18: 11.7 | K18: 2.2 | L18: 8.1 | M18: 12.1 | N18: NV | O18: NV | P18: NV | Q18: 6.3 | R18: 0.7 | S18: 0.3 | T18: 12.1 | U18: 1.9 | V18: NV | W18: NV | X18: 9.4 | Y18: 30.2 | Z18: NV | AA18: 15.8 | AB18: 14.7 | AC18: NV | AD18: 2 | AE18: 7.7 | AF18: 1.2 | AG18: NV | AH18: 21 | AI18: 37.1 | AJ18: 24.1 | AK18: 18.5 | AL18: NV | AM18: 4.9 | AN18: NV | AO18: 33.3 | AP18: 32.3 | AQ18: 4.2 | AR18: 7.8 | AS18: 8.6 | AT18: 37.3 | AU18: 19.9 | AV18: 9.4 | AW18: NV | AX18: 4.6 | AY18: 18.9 | AZ18: NV | BA18: 2.2 | BB18: NV | BC18: NV | BD18: NV | BE18: 1.4 | BF18: 19.1 | BG18: 6.3 | BH18: 10 | BI18: 11.9 | BJ18: 5.6 | BK18: 2.7 | BL18: 17.3 | BM18: NV | BN18: 8.7 | BO18: 38.4 | BP18: 16.7 | BQ18: NV | BR18: NV | BS18: NV | BT18: 6.5 | BU18: 24 | BV18: 7.6 | BW18: NV | BX18: 20.7 | BY18: NV | BZ18: NV | CA18: 6.1 | CB18: NV | CC18: 10.1 | CD18: 29 | CE18: 32.4 | CF18: 14.1 | CG18: 20.9 | CH18: 12.5 | CI18: NV | CJ18: NV | CK18: NV | CL18: 19.2 | CM18: 13.7 | CN18: 14.1 | CO18: 4.1 | CP18: NV | CQ18: NV | CR18: NV | CS18: 9.6 | CT18: NV | CU18: NV | CV18: 5.1 | CW18: 5.6 | CX18: 23.2 | CY18: 24.3 | CZ18: 23.1 | DA18: NV | DB18: NV | DC18: 0.4 | DD18: 14.6 | DE18: 19.6 | DF18: NV | DG18: 5.6 | DH18: 6.6 | DI18: 74.5 | DJ18: 3.6 | DK18: NV | DL18: NV | DM18: NV | DN18: NV | DO18: 24.9 | DP18: 27.7 | DQ18: 9 | DR18: 6.6 | DS18: 38.3 | DT18: NV | DU18: 21.3 | DV18: NV | DW18: 20.6 | DX18: 3.7 | DY18: 4 | DZ18: 23.7 | EA18: NV | EB18: NV | EC18: 14.5 | ED18: NV | EE18: 12.2 | EF18: 30.1 | EG18: 22.3 | EH18: 9.8 | EI18: 2.4 | EJ18: 25.2 | EK18: NV | EL18: NV | EM18: NV | EN18: 17.9 | EO18: 39.5 | EP18: 24.1 | EQ18: NV | ER18: NV | ES18: NV | ET18: 2.2 | EU18: 23.7 | EV18: 3.9 | EW18: 2.8 | EX18: 19 | EY18: 11.8 | EZ18: 8.3 | FA18: 9.9 | FB18: NV | FC18: NV | FD18: NV | FE18: 0.3 | FF18: NV | FG18: NV | FH18: NV | FI18: 27.3 | FJ18: 11.1 | FK18: NV | FL18: 13.4 | FM18: 2.8 | FN18: 17.8 | FO18: NV | FP18: 2.5 | FQ18: 60.7 | FR18: 0 | FS18: NV | FT18: NV | FU18: 33.7 | FV18: 60.2 | FW18: 2.9 | FX18: 4.1 | FY18: NV | FZ18: 9.1 | GA18: 1.4 | GB18: 2.1 | GC18: 7.4 | GD18: 20.1 | GE18: 8.6 | GF18: NV | GG18: NV | GH18: 33.2 | GI18: NV | GJ18: 25.5 | GK18: 28.6 | GL18: 8.7 | GM18: 10.7 | GN18: 20.9 | GO18: 20.9 | GP18: 1.5 | GQ18: 10.9 | GR18: 7 | GS18: 11.1 | GT18: 9.1 | GU18: 26.5 | GV18: NV | GW18: 0.9 | GX18: NV | GY18: NV | GZ18: 8.2 | HA18: 26.2 | HB18: 23.8 | HC18: 5.2 | HD18: 13.5 | HE18: NV | HF18: NV | HG18: 19.5 | HH18: 3.3 | HI18: 8.9
A19: 18 | B19: Economic Vulnerability Index - Remoteness and landlockedness (2024) | C19: [0-100] | D19: 50.9 | E19: NV | F19: 7.4 | G19: NV | H19: NV | I19: 60.1 | K19: 52 | L19: 81.5 | M19: 34.3 | N19: NV | O19: NV | P19: NV | Q19: 38.8 | R19: 51.8 | S19: 35.2 | T19: 36.8 | U19: 54.2 | V19: NV | W19: NV | X19: 61.7 | Y19: 47.6 | Z19: NV | AA19: 50.1 | AB19: 89.2 | AC19: NV | AD19: 86.7 | AE19: 74.2 | AF19: 51 | AG19: NV | AH19: 57.6 | AI19: 71.3 | AJ19: 43.8 | AK19: 49 | AL19: NV | AM19: 46.7 | AN19: NV | AO19: 63.4 | AP19: 55.1 | AQ19: 82.8 | AR19: 31.7 | AS19: 64.1 | AT19: 64 | AU19: 56.4 | AV19: 56.3 | AW19: NV | AX19: 64.1 | AY19: 50 | AZ19: NV | BA19: 55.3 | BB19: NV | BC19: NV | BD19: NV | BE19: 45.9 | BF19: 53.2 | BG19: 53.4 | BH19: 68.2 | BI19: 20.1 | BJ19: 64 | BK19: 49.3 | BL19: 40.7 | BM19: NV | BN19: 87.6 | BO19: 61.9 | BP19: 82.8 | BQ19: NV | BR19: NV | BS19: NV | BT19: 52.4 | BU19: 46.4 | BV19: 18.6 | BW19: NV | BX19: 48.9 | BY19: NV | BZ19: NV | CA19: 55.5 | CB19: NV | CC19: 64 | CD19: 49.7 | CE19: 47.6 | CF19: 58.2 | CG19: 54.3 | CH19: 62.9 | CI19: NV | CJ19: NV | CK19: NV | CL19: 36.5 | CM19: 56.7 | CN19: 28.2 | CO19: 24.7 | CP19: NV | CQ19: NV | CR19: NV | CS19: 56.3 | CT19: NV | CU19: NV | CV19: 20.4 | CW19: 48.9 | CX19: 55.8 | CY19: 75.9 | CZ19: 37.7 | DA19: NV | DB19: NV | DC19: 30.8 | DD19: 48.7 | DE19: 54.4 | DF19: NV | DG19: 17.9 | DH19: 89.2 | DI19: 51.1 | DJ19: 11.4 | DK19: NV | DL19: NV | DM19: NV | DN19: NV | DO19: 68.8 | DP19: 80.1 | DQ19: 49.2 | DR19: 52.3 | DS19: 59.3 | DT19: NV | DU19: 73.5 | DV19: NV | DW19: 41.7 | DX19: 69.6 | DY19: 65 | DZ19: 69.9 | EA19: NV | EB19: NV | EC19: 48.3 | ED19: NV | EE19: 18 | EF19: 72.4 | EG19: 40.3 | EH19: 70.1 | EI19: 75.4 | EJ19: 50.6 | EK19: NV | EL19: NV | EM19: NV | EN19: 63.8 | EO19: 55.4 | EP19: 47.4 | EQ19: NV | ER19: NV | ES19: NV | ET19: 41.3 | EU19: 35.7 | EV19: 58.2 | EW19: 63 | EX19: 72.5 | EY19: 91.7 | EZ19: 74.2 | FA19: 46.8 | FB19: NV | FC19: NV | FD19: NV | FE19: 36.5 | FF19: NV | FG19: NV | FH19: NV | FI19: 70.2 | FJ19: 80.6 | FK19: NV | FL19: 52.8 | FM19: 34.4 | FN19: 45.5 | FO19: NV | FP19: 60.5 | FQ19: 50 | FR19: 50.6 | FS19: NV | FT19: NV | FU19: 76.9 | FV19: 54.6 | FW19: 76.9 | FX19: 64.2 | FY19: NV | FZ19: 49.2 | GA19: 52.1 | GB19: 53.9 | GC19: 54.6 | GD19: 38.4 | GE19: 58.1 | GF19: NV | GG19: NV | GH19: 18.9 | GI19: NV | GJ19: 49.5 | GK19: 60.4 | GL19: 42 | GM19: 63.7 | GN19: 48 | GO19: 84.4 | GP19: 56.4 | GQ19: 4.6 | GR19: 4.9 | GS19: 46.8 | GT19: 80 | GU19: 68.6 | GV19: NV | GW19: 38.7 | GX19: NV | GY19: NV | GZ19: 81.3 | HA19: 48.7 | HB19: 81.4 | HC19: 57.9 | HD19: 37.8 | HE19: NV | HF19: NV | HG19: 42.6 | HH19: 80.8 | HI19: 82.6
A20: 19 | B20: Economic Vulnerability Index - Export concentration (2024) | C20: [0-100] | D20: 8 | E20: NV | F20: 7.1 | G20: NV | H20: NV | I20: 9 | K20: 9.5 | L20: 5.7 | M20: 6.8 | N20: NV | O20: NV | P20: NV | Q20: 7.9 | R20: 7.3 | S20: 5.9 | T20: 5.9 | U20: 5.7 | V20: NV | W20: NV | X20: 7.2 | Y20: 7.1 | Z20: NV | AA20: 8.3 | AB20: 7.3 | AC20: NV | AD20: 8.4 | AE20: 5.1 | AF20: 8 | AG20: NV | AH20: 9.4 | AI20: 7.6 | AJ20: 6 | AK20: 6.8 | AL20: NV | AM20: 8.2 | AN20: NV | AO20: 7.7 | AP20: 8.7 | AQ20: 6.5 | AR20: 3.3 | AS20: 5.8 | AT20: 8 | AU20: 7.8 | AV20: 8.3 | AW20: NV | AX20: 5.9 | AY20: 6.4 | AZ20: NV | BA20: 6.2 | BB20: NV | BC20: NV | BD20: NV | BE20: 6.5 | BF20: 7.3 | BG20: 6.3 | BH20: 6.6 | BI20: 4.6 | BJ20: 6 | BK20: 8.2 | BL20: 8.5 | BM20: NV | BN20: 6.9 | BO20: 6.6 | BP20: 6.2 | BQ20: NV | BR20: NV | BS20: NV | BT20: 7.4 | BU20: 7.4 | BV20: 6.2 | BW20: NV | BX20: 7.1 | BY20: NV | BZ20: NV | CA20: 7 | CB20: NV | CC20: 5.5 | CD20: 8.2 | CE20: 10.4 | CF20: 8 | CG20: 8.5 | CH20: 6.2 | CI20: NV | CJ20: NV | CK20: NV | CL20: 3.7 | CM20: 4.7 | CN20: 5.9 | CO20: 8.5 | CP20: NV | CQ20: NV | CR20: NV | CS20: 7.3 | CT20: NV | CU20: NV | CV20: 6.1 | CW20: 6.6 | CX20: 5.3 | CY20: 9.3 | CZ20: 7 | DA20: NV | DB20: NV | DC20: 7.1 | DD20: 7.7 | DE20: 7.1 | DF20: NV | DG20: 5.5 | DH20: 7.9 | DI20: 7.9 | DJ20: 7.9 | DK20: NV | DL20: NV | DM20: NV | DN20: NV | DO20: 6.4 | DP20: 6.8 | DQ20: 4.8 | DR20: 8 | DS20: 8.9 | DT20: NV | DU20: 8.6 | DV20: NV | DW20: 7.9 | DX20: 5.5 | DY20: 6.4 | DZ20: 9.5 | EA20: NV | EB20: NV | EC20: 9 | ED20: NV | EE20: 5.4 | EF20: 6.6 | EG20: 6.3 | EH20: 6.8 | EI20: 9.1 | EJ20: 7.5 | EK20: NV | EL20: NV | EM20: NV | EN20: 6.9 | EO20: 9.2 | EP20: 7.2 | EQ20: NV | ER20: NV | ES20: NV | ET20: 6.3 | EU20: 5 | EV20: 8.3 | EW20: 6.1 | EX20: 7.3 | EY20: 6.9 | EZ20: 6.3 | FA20: 5.7 | FB20: NV | FC20: NV | FD20: NV | FE20: 6.8 | FF20: NV | FG20: NV | FH20: NV | FI20: 7.4 | FJ20: 7.1 | FK20: NV | FL20: 7.8 | FM20: 6.3 | FN20: 6.7 | FO20: NV | FP20: 7.6 | FQ20: 7.2 | FR20: 5.1 | FS20: NV | FT20: NV | FU20: 8.6 | FV20: 8.1 | FW20: 4.9 | FX20: 10.2 | FY20: NV | FZ20: 5 | GA20: 7.2 | GB20: 9 | GC20: 8.4 | GD20: 7.8 | GE20: 8.8 | GF20: NV | GG20: NV | GH20: 5.7 | GI20: NV | GJ20: 7.8 | GK20: 6.5 | GL20: 4 | GM20: 7.6 | GN20: 6.4 | GO20: 7.3 | GP20: 6.6 | GQ20: 5.2 | GR20: 3.1 | GS20: 8.7 | GT20: 9.1 | GU20: 7.3 | GV20: NV | GW20: 5.1 | GX20: NV | GY20: NV | GZ20: 6.1 | HA20: 6.6 | HB20: 7.9 | HC20: 7.4 | HD20: 4.9 | HE20: NV | HF20: NV | HG20: 7.4 | HH20: 7.8 | HI20: 7.9
A21: 20 | B21: Economic Vulnerability Index - Export instability (2024) | C21: [0-100] | D21: 11.7 | E21: NV | F21: 2.3 | G21: NV | H21: NV | I21: 5.6 | K21: 14.9 | L21: 2 | M21: 13 | N21: NV | O21: NV | P21: NV | Q21: 8.2 | R21: 9.3 | S21: 14.2 | T21: 2.7 | U21: 8.2 | V21: NV | W21: NV | X21: 9.4 | Y21: 5.6 | Z21: NV | AA21: 8.7 | AB21: 4.6 | AC21: NV | AD21: 11.8 | AE21: 1.4 | AF21: 7.7 | AG21: NV | AH21: 5.7 | AI21: 6 | AJ21: 10.2 | AK21: 2.3 | AL21: NV | AM21: 19.2 | AN21: NV | AO21: 6.6 | AP21: 8.4 | AQ21: 1.8 | AR21: 2 | AS21: 2.9 | AT21: 3.5 | AU21: 8.7 | AV21: 6.8 | AW21: NV | AX21: 3.3 | AY21: 3.7 | AZ21: NV | BA21: 1.1 | BB21: NV | BC21: NV | BD21: NV | BE21: 65.9 | BF21: 17.8 | BG21: 5.2 | BH21: 1.7 | BI21: 6.3 | BJ21: 5.3 | BK21: 7.3 | BL21: 25.2 | BM21: NV | BN21: 8.9 | BO21: 2.4 | BP21: 18.8 | BQ21: NV | BR21: NV | BS21: NV | BT21: 4 | BU21: 15.6 | BV21: 13.6 | BW21: NV | BX21: 8.9 | BY21: NV | BZ21: NV | CA21: 21.8 | CB21: NV | CC21: 1.9 | CD21: 18.7 | CE21: 8 | CF21: 31.6 | CG21: 9.8 | CH21: 7.1 | CI21: NV | CJ21: NV | CK21: NV | CL21: 3.7 | CM21: 2.7 | CN21: 4.6 | CO21: 10.5 | CP21: NV | CQ21: NV | CR21: NV | CS21: 7.5 | CT21: NV | CU21: NV | CV21: 9.9 | CW21: 3.2 | CX21: 1.9 | CY21: 28.8 | CZ21: 0.4 | DA21: NV | DB21: NV | DC21: 5.2 | DD21: 11.9 | DE21: 4.8 | DF21: NV | DG21: 13 | DH21: 12.2 | DI21: 25.8 | DJ21: 29.9 | DK21: NV | DL21: NV | DM21: NV | DN21: NV | DO21: 9.5 | DP21: 7.4 | DQ21: 7.1 | DR21: 28.8 | DS21: 4.5 | DT21: NV | DU21: 14.8 | DV21: NV | DW21: 14.7 | DX21: 10.5 | DY21: 4.7 | DZ21: 11.5 | EA21: NV | EB21: NV | EC21: 13.5 | ED21: NV | EE21: 5.2 | EF21: 10 | EG21: 7.5 | EH21: 6.1 | EI21: 37 | EJ21: 5 | EK21: NV | EL21: NV | EM21: NV | EN21: 5.6 | EO21: 3.5 | EP21: 5.7 | EQ21: NV | ER21: NV | ES21: NV | ET21: 7.6 | EU21: 2 | EV21: 40.5 | EW21: 9.1 | EX21: 5.9 | EY21: 4.6 | EZ21: 3.2 | FA21: 4.7 | FB21: NV | FC21: NV | FD21: NV | FE21: 8.3 | FF21: NV | FG21: NV | FH21: NV | FI21: 6.1 | FJ21: 14.9 | FK21: NV | FL21: 9.1 | FM21: 3 | FN21: 4.8 | FO21: NV | FP21: 22.1 | FQ21: 18.5 | FR21: 14.7 | FS21: NV | FT21: NV | FU21: 8.1 | FV21: 8.3 | FW21: 3.3 | FX21: 34.3 | FY21: NV | FZ21: 3.6 | GA21: 9.8 | GB21: 17.9 | GC21: 13.4 | GD21: 9.5 | GE21: 9.9 | GF21: NV | GG21: NV | GH21: 23.1 | GI21: NV | GJ21: 9.2 | GK21: 2.4 | GL21: 8.2 | GM21: 57 | GN21: 3.9 | GO21: 15 | GP21: 12.3 | GQ21: 7.2 | GR21: 4.2 | GS21: 9.1 | GT21: 15.8 | GU21: 5 | GV21: NV | GW21: 8.5 | GX21: NV | GY21: NV | GZ21: 3.1 | HA21: 7.3 | HB21: 18.2 | HC21: 14 | HD21: 6.2 | HE21: NV | HF21: NV | HG21: 13.6 | HH21: 10.3 | HI21: 17.8
A22: 21 | B22: Economic Vulnerability Index - Share of population living in low elevated coastal zones (2024) | C22: [0-100] | D22: 0 | E22: NV | F22: 1.2 | G22: NV | H22: NV | I22: 1.5 | K22: 12.2 | L22: 1 | M22: 0 | N22: NV | O22: NV | P22: NV | Q22: 0 | R22: 12.9 | S22: 33 | T22: 8.4 | U22: 2.2 | V22: NV | W22: NV | X22: 33.9 | Y22: 7.3 | Z22: NV | AA22: 0 | AB22: 0 | AC22: NV | AD22: 0 | AE22: 2.2 | AF22: 20.9 | AG22: NV | AH22: 0 | AI22: 0 | AJ22: 2 | AK22: 2.3 | AL22: NV | AM22: 6.5 | AN22: NV | AO22: 0 | AP22: 0 | AQ22: 1 | AR22: 4.9 | AS22: 2.3 | AT22: 13.2 | AU22: 0 | AV22: 0.9 | AW22: NV | AX22: 2 | AY22: 3.3 | AZ22: NV | BA22: 2.5 | BB22: NV | BC22: NV | BD22: NV | BE22: 11.1 | BF22: 12.9 | BG22: 1.8 | BH22: 7.2 | BI22: 16.3 | BJ22: 0.9 | BK22: 5.7 | BL22: 15.5 | BM22: NV | BN22: 0 | BO22: 0 | BP22: 18.3 | BQ22: NV | BR22: NV | BS22: NV | BT22: 9.5 | BU22: 4.3 | BV22: 3.9 | BW22: NV | BX22: 2.1 | BY22: NV | BZ22: NV | CA22: 5.9 | CB22: NV | CC22: 0.2 | CD22: 2.3 | CE22: 4.5 | CF22: 78.5 | CG22: 4.1 | CH22: 1.8 | CI22: NV | CJ22: NV | CK22: NV | CL22: 1.9 | CM22: 8.8 | CN22: 0.9 | CO22: 4.6 | CP22: NV | CQ22: NV | CR22: NV | CS22: 9.2 | CT22: NV | CU22: NV | CV22: 0.1 | CW22: 0 | CX22: 0.4 | CY22: 95.2 | CZ22: 4.9 | DA22: NV | DB22: NV | DC22: 4.8 | DD22: 0 | DE22: 0 | DF22: NV | DG22: 3 | DH22: 0 | DI22: 11.7 | DJ22: 6.8 | DK22: NV | DL22: NV | DM22: NV | DN22: NV | DO22: 4.3 | DP22: 0 | DQ22: 10.1 | DR22: 100 | DS22: 0 | DT22: NV | DU22: 68 | DV22: NV | DW22: 21 | DX22: 1.7 | DY22: 1.1 | DZ22: 23.2 | EA22: NV | EB22: NV | EC22: 0 | ED22: NV | EE22: 1.4 | EF22: 2.8 | EG22: 6.8 | EH22: 0.2 | EI22: 42 | EJ22: 0 | EK22: NV | EL22: NV | EM22: NV | EN22: 1.8 | EO22: 0 | EP22: 3.5 | EQ22: NV | ER22: NV | ES22: NV | ET22: 6.8 | EU22: 0.4 | EV22: 38.2 | EW22: 6 | EX22: 7.6 | EY22: 0 | EZ22: 0.7 | FA22: 10.5 | FB22: NV | FC22: NV | FD22: NV | FE22: 6.7 | FF22: NV | FG22: NV | FH22: NV | FI22: 0 | FJ22: 8.8 | FK22: NV | FL22: 21.8 | FM22: 3.2 | FN22: 7 | FO22: NV | FP22: 28.5 | FQ22: 3.5 | FR22: 0.7 | FS22: NV | FT22: NV | FU22: 17.9 | FV22: 3.5 | FW22: 0.2 | FX22: 0 | FY22: NV | FZ22: 3.8 | GA22: 15.2 | GB22: 3.2 | GC22: 8.9 | GD22: 0.5 | GE22: 71.3 | GF22: NV | GG22: NV | GH22: 0.4 | GI22: NV | GJ22: 0 | GK22: 0.4 | GL22: 17.5 | GM22: 3 | GN22: 1.1 | GO22: 17.5 | GP22: 4 | GQ22: 8.9 | GR22: 2.6 | GS22: 0 | GT22: 94.7 | GU22: 0 | GV22: NV | GW22: 26.7 | GX22: NV | GY22: NV | GZ22: 2.2 | HA22: 0 | HB22: 10.1 | HC22: 4.1 | HD22: 29.7 | HE22: NV | HF22: NV | HG22: 1.6 | HH22: 0 | HI22: 0
A23: 22 | B23: Economic Vulnerability Index - Share of population living in drylands (2024) | C23: [0-100] | D23: 91.9 | E23: NV | F23: 94.7 | G23: NV | H23: NV | I23: 59.4 | K23: 0 | L23: 32.4 | M23: 84.1 | N23: NV | O23: NV | P23: NV | Q23: 88.7 | R23: 0.4 | S23: 0 | T23: 0 | U23: 0 | V23: NV | W23: NV | X23: 0 | Y23: 9.7 | Z23: NV | AA23: 0.3 | AB23: 69.2 | AC23: NV | AD23: 100 | AE23: 10.8 | AF23: 0 | AG23: NV | AH23: 91.8 | AI23: 0 | AJ23: 0 | AK23: 25.4 | AL23: NV | AM23: 100 | AN23: NV | AO23: 2 | AP23: 89.8 | AQ23: 64.4 | AR23: 29.1 | AS23: 5.9 | AT23: 0 | AU23: 0.2 | AV23: 0 | AW23: NV | AX23: 0 | AY23: 0 | AZ23: NV | BA23: 0 | BB23: NV | BC23: NV | BD23: NV | BE23: 92.9 | BF23: 0 | BG23: 0 | BH23: 16.8 | BI23: 22.2 | BJ23: 0 | BK23: 0 | BL23: 99.8 | BM23: NV | BN23: 40.8 | BO23: 24 | BP23: 0 | BQ23: NV | BR23: NV | BS23: NV | BT23: 0 | BU23: 12.9 | BV23: 5.6 | BW23: NV | BX23: 1.3 | BY23: NV | BZ23: NV | CA23: 0 | CB23: NV | CC23: 0 | CD23: 0 | CE23: 0 | CF23: 0 | CG23: 7.9 | CH23: 2.1 | CI23: NV | CJ23: NV | CK23: NV | CL23: 47.1 | CM23: 0 | CN23: 94.6 | CO23: 86.2 | CP23: NV | CQ23: NV | CR23: NV | CS23: 0 | CT23: NV | CU23: NV | CV23: 96 | CW23: 96.8 | CX23: 24.4 | CY23: 4.5 | CZ23: 0 | DA23: NV | DB23: NV | DC23: 100 | DD23: 80.5 | DE23: 0 | DF23: NV | DG23: 100 | DH23: 68.6 | DI23: 0 | DJ23: 78.1 | DK23: NV | DL23: NV | DM23: NV | DN23: NV | DO23: 6.1 | DP23: 28.8 | DQ23: 0 | DR23: 0 | DS23: 84.5 | DT23: NV | DU23: 0 | DV23: NV | DW23: 93 | DX23: 0 | DY23: 52 | DZ23: 0 | EA23: NV | EB23: NV | EC23: 95.8 | ED23: NV | EE23: 99.2 | EF23: 29.2 | EG23: 0 | EH23: 90.8 | EI23: 0 | EJ23: 0.7 | EK23: NV | EL23: NV | EM23: NV | EN23: 3 | EO23: 98.2 | EP23: 35 | EQ23: NV | ER23: NV | ES23: NV | ET23: 50.5 | EU23: 79.4 | EV23: 0 | EW23: 0 | EX23: 0 | EY23: 2.1 | EZ23: 38.1 | FA23: 0 | FB23: NV | FC23: NV | FD23: NV | FE23: 0 | FF23: NV | FG23: NV | FH23: NV | FI23: 0 | FJ23: 0 | FK23: NV | FL23: 0 | FM23: 51.2 | FN23: 90.6 | FO23: NV | FP23: 0.6 | FQ23: 0 | FR23: 0 | FS23: NV | FT23: NV | FU23: 0 | FV23: 97 | FW23: 78.8 | FX23: 64.2 | FY23: NV | FZ23: 0 | GA23: 0 | GB23: 0 | GC23: 0 | GD23: 85.4 | GE23: 0 | GF23: NV | GG23: NV | GH23: 100 | GI23: NV | GJ23: 57.3 | GK23: 32.9 | GL23: 0 | GM23: 3.1 | GN23: 3.1 | GO23: 0 | GP23: 0 | GQ23: 97.6 | GR23: 60.1 | GS23: 100 | GT23: 0 | GU23: 3.1 | GV23: NV | GW23: 55 | GX23: NV | GY23: NV | GZ23: 0 | HA23: 93.6 | HB23: 0 | HC23: 19.7 | HD23: 0 | HE23: NV | HF23: NV | HG23: 91 | HH23: 46.6 | HI23: 70.6
A24: 23 | B24: Economic Vulnerability Index - Agricultural instability (2024) | C24: [0-100] | D24: 4.4 | E24: NV | F24: 6.1 | G24: NV | H24: NV | I24: 9 | K24: 6.6 | L24: 5.6 | M24: 7 | N24: NV | O24: NV | P24: NV | Q24: 2.9 | R24: 4 | S24: 11.5 | T24: 2.8 | U24: 5.2 | V24: NV | W24: NV | X24: 4.9 | Y24: 6.3 | Z24: NV | AA24: 11.6 | AB24: 2.7 | AC24: NV | AD24: 6.7 | AE24: 2.5 | AF24: 10.6 | AG24: NV | AH24: 5.8 | AI24: 9.8 | AJ24: 6.6 | AK24: 3.6 | AL24: NV | AM24: 5.2 | AN24: NV | AO24: 2.1 | AP24: 6.4 | AQ24: 2.8 | AR24: 1.3 | AS24: 3 | AT24: 1.8 | AU24: 9.2 | AV24: 2.1 | AW24: NV | AX24: 3.2 | AY24: 3.7 | AZ24: NV | BA24: 8.7 | BB24: NV | BC24: NV | BD24: NV | BE24: 10.9 | BF24: 2 | BG24: 3.4 | BH24: 4 | BI24: 2.6 | BJ24: 4.3 | BK24: 1.9 | BL24: 9 | BM24: NV | BN24: 2.1 | BO24: 3.4 | BP24: 12 | BQ24: NV | BR24: NV | BS24: NV | BT24: 1.7 | BU24: 16.7 | BV24: 13.3 | BW24: NV | BX24: 2.8 | BY24: NV | BZ24: NV | CA24: 13.9 | CB24: NV | CC24: 3.3 | CD24: 1.1 | CE24: 3.4 | CF24: 6.5 | CG24: 5.3 | CH24: 4.1 | CI24: NV | CJ24: NV | CK24: NV | CL24: 2.8 | CM24: 3 | CN24: 6.7 | CO24: 16.8 | CP24: NV | CQ24: NV | CR24: NV | CS24: 3.2 | CT24: NV | CU24: NV | CV24: 5.2 | CW24: 5 | CX24: 4.6 | CY24: 8 | CZ24: 3.2 | DA24: NV | DB24: NV | DC24: 8.7 | DD24: 2.6 | DE24: 5.4 | DF24: NV | DG24: 4.5 | DH24: 6.3 | DI24: 4.2 | DJ24: 2.8 | DK24: NV | DL24: NV | DM24: NV | DN24: NV | DO24: 3.9 | DP24: 7.1 | DQ24: 3.5 | DR24: 8.3 | DS24: 5.3 | DT24: NV | DU24: 17.8 | DV24: NV | DW24: 2.6 | DX24: 4.8 | DY24: 1.8 | DZ24: 5.4 | EA24: NV | EB24: NV | EC24: 10.6 | ED24: NV | EE24: 7.4 | EF24: 7.7 | EG24: 5.5 | EH24: 2.3 | EI24: 2 | EJ24: 2.3 | EK24: NV | EL24: NV | EM24: NV | EN24: 3 | EO24: 6.6 | EP24: 5.2 | EQ24: NV | ER24: NV | ES24: NV | ET24: 5.6 | EU24: 3.4 | EV24: 6.2 | EW24: 1.9 | EX24: 1.9 | EY24: 9.5 | EZ24: 2.1 | FA24: 1.8 | FB24: NV | FC24: NV | FD24: NV | FE24: 10.7 | FF24: NV | FG24: NV | FH24: NV | FI24: 7.4 | FJ24: 7.2 | FK24: NV | FL24: 4.4 | FM24: 5.9 | FN24: 14.2 | FO24: NV | FP24: 6.4 | FQ24: 11.9 | FR24: 9.8 | FS24: NV | FT24: NV | FU24: 7.1 | FV24: 3.2 | FW24: 3 | FX24: 8.1 | FY24: NV | FZ24: 4.9 | GA24: 24.9 | GB24: 8.9 | GC24: 3 | GD24: 9.7 | GE24: 7 | GF24: NV | GG24: NV | GH24: 8.9 | GI24: NV | GJ24: 5.9 | GK24: 6 | GL24: 3.7 | GM24: 5.3 | GN24: 3.8 | GO24: 9.2 | GP24: 6.8 | GQ24: 8.5 | GR24: 2.3 | GS24: 5.1 | GT24: 2.1 | GU24: 7 | GV24: NV | GW24: 12.6 | GX24: NV | GY24: NV | GZ24: 6.5 | HA24: 2.6 | HB24: 6.6 | HC24: 5.3 | HD24: 1.5 | HE24: NV | HF24: NV | HG24: 5.6 | HH24: 7.9 | HI24: 5.7
A25: 24 | B25: Economic Vulnerability Index - Victims of disasters (%) (2024) | C25: [0-100] | D25: 2.6 | E25: NV | F25: 0.1 | G25: NV | H25: NV | I25: 0.3 | K25: 1 | L25: 0.2 | M25: 1.4 | N25: NV | O25: NV | P25: NV | Q25: 0.1 | R25: 0.6 | S25: 0.9 | T25: 1.2 | U25: 0.1 | V25: NV | W25: NV | X25: 4.6 | Y25: 1.4 | Z25: NV | AA25: 0.3 | AB25: 0.3 | AC25: NV | AD25: 0.1 | AE25: 0.6 | AF25: 0.2 | AG25: NV | AH25: 2.1 | AI25: 0.6 | AJ25: 0.2 | AK25: 0.7 | AL25: NV | AM25: 0.8 | AN25: NV | AO25: 3 | AP25: 4.8 | AQ25: 1.1 | AR25: 3.7 | AS25: 1.3 | AT25: 1.1 | AU25: 1.9 | AV25: 0.9 | AW25: NV | AX25: 2.4 | AY25: 0 | AZ25: NV | BA25: 4 | BB25: NV | BC25: NV | BD25: NV | BE25: 3.5 | BF25: 10 | BG25: 2.9 | BH25: 0.2 | BI25: 0.1 | BJ25: 0.8 | BK25: 0 | BL25: 3.8 | BM25: NV | BN25: 21.1 | BO25: 6.2 | BP25: 8.7 | BQ25: NV | BR25: NV | BS25: NV | BT25: 0.3 | BU25: 6.3 | BV25: 2.5 | BW25: NV | BX25: 4.8 | BY25: NV | BZ25: NV | CA25: 0 | CB25: NV | CC25: 1.1 | CD25: 0.2 | CE25: 0.3 | CF25: 2.1 | CG25: 8.3 | CH25: 0.4 | CI25: NV | CJ25: NV | CK25: NV | CL25: 3.6 | CM25: 0.7 | CN25: 1.3 | CO25: 1.2 | CP25: NV | CQ25: NV | CR25: NV | CS25: 0.2 | CT25: NV | CU25: NV | CV25: 0.7 | CW25: 0.1 | CX25: 0.2 | CY25: 0.2 | CZ25: 10.2 | DA25: NV | DB25: NV | DC25: 0 | DD25: 0.3 | DE25: 2.4 | DF25: NV | DG25: 0.4 | DH25: 8.2 | DI25: 0.9 | DJ25: 0 | DK25: NV | DL25: NV | DM25: NV | DN25: NV | DO25: 1.1 | DP25: 9.7 | DQ25: 1 | DR25: 3.5 | DS25: 2.8 | DT25: NV | DU25: 28.2 | DV25: NV | DW25: 12 | DX25: 0.2 | DY25: 0.2 | DZ25: 2.7 | EA25: NV | EB25: NV | EC25: 2.3 | ED25: NV | EE25: 0 | EF25: 2.3 | EG25: 3.4 | EH25: 12.1 | EI25: 3.5 | EJ25: 3 | EK25: NV | EL25: NV | EM25: NV | EN25: 2 | EO25: 10.2 | EP25: 1.1 | EQ25: NV | ER25: NV | ES25: NV | ET25: 0 | EU25: 0.9 | EV25: 13.9 | EW25: 0.5 | EX25: 0.4 | EY25: 1.9 | EZ25: 3.3 | FA25: 6.4 | FB25: NV | FC25: NV | FD25: NV | FE25: 0.6 | FF25: NV | FG25: NV | FH25: NV | FI25: 0.1 | FJ25: 1.3 | FK25: NV | FL25: 6.6 | FM25: 0 | FN25: 0.3 | FO25: NV | FP25: 0.1 | FQ25: 0.1 | FR25: 0.3 | FS25: NV | FT25: NV | FU25: 5.7 | FV25: 4.3 | FW25: 2 | FX25: 11 | FY25: NV | FZ25: 3.6 | GA25: 0.1 | GB25: 1.8 | GC25: 4.3 | GD25: 8.2 | GE25: 0.3 | GF25: NV | GG25: NV | GH25: 2 | GI25: NV | GJ25: 2.6 | GK25: 0.2 | GL25: 6 | GM25: 1.1 | GN25: 6.3 | GO25: 5.7 | GP25: 1 | GQ25: 0 | GR25: 0.1 | GS25: 0 | GT25: 6.6 | GU25: 0.1 | GV25: NV | GW25: 0.2 | GX25: NV | GY25: NV | GZ25: 2.2 | HA25: 0 | HB25: 5.9 | HC25: 0.4 | HD25: 1.4 | HE25: NV | HF25: NV | HG25: 1.3 | HH25: 1.6 | HI25: 3.4
A26: 25 | B26: Water Depletion Index (WDI) (2018) | C26: [0-1] The higher, the worse | D26: 0.85614663 | E26: 0.7798368 | F26: 0.93166291 | G26: 0.001001033 | H26: 0.95991333 | I26: 0.56456118 | J26: 0.041810907 | K26: 0.028281524 | L26: 0.5015731 | M26: 0.93949881 | N26: 0.5973746 | O26: 0.81626078 | P26: 0.008284118 | Q26: 0.92914341 | R26: 0.025648807 | S26: 0.83738193 | T26: 0.40106476 | U26: 0.064784442 | V26: 0.22952826 | W26: 0.30004748 | X26: 0.10845987 | Y26: 0.31340652 | Z26: 0.018630142 | AA26: 0.13512109 | AB26: 0.12321157 | AC26: 0.085266601 | AD26: 0.56024246 | AE26: 0.1240284 | AF26: 0.0010136662 | AG26: 0.69106799 | AH26: 0.3688266 | AI26: 0.15079195 | AJ26: 0.22073727 | AK26: 0.3011298 | AL26: 0.044918744 | AM26: 0.78086219 | AN26: 0.15139398 | AO26: 0.21870337 | AP26: 0.60211356 | AQ26: 0.93612507 | AR26: 0.5302732 | AS26: 0.069750094 | AT26: 0.093881894 | AU26: 0.11800122 | AV26: 0.10668085 | AW26: 0.030316304 | AX26: 0.10647141 | AY26: 0.11488918 | AZ26: 0.060091224 | BA26: 0.6733526 | BB26: 0.94015754 | BC26: 0.046532995 | BD26: 0.45269292 | BE26: 0.89046297 | BF26: 0.057198076 | BG26: 0.62423203 | BH26: 0.1591131 | BI26: 0.84286412 | BJ26: 0.18538696 | BK26: 0.08520465 | BL26: 0.867055 | BM26: 0.0095882851 | BN26: NV | BO26: 0.4518259 | BP26: 0.0011468871 | BQ26: 0.053913474 | BR26: 0.58848416 | BS26: 0.072364428 | BT26: 0.094627145 | BU26: 0.52607851 | BV26: 0.73457264 | BW26: 0.044754255 | BX26: 0.24834812 | BY26: 0.93246114 | BZ26: NV | CA26: 0.061065771 | CB26: 0.0010012075 | CC26: 0.10578935 | CD26: 0.50719461 | CE26: 0.3770973 | CF26: 0.11633842 | CG26: 0.3957321 | CH26: 0.17807421 | CI26: 0.066330463 | CJ26: 0.053145877 | CK26: 0.0068863578 | CL26: 0.79449582 | CM26: 0.13211591 | CN26: 0.94833674 | CO26: 0.87045133 | CP26: 0.012373719 | CQ26: 0.92684912 | CR26: 0.76681719 | CS26: 0.45327079 | CT26: 0.050809597 | CU26: NV | CV26: 0.96130851 | CW26: 0.72486393 | CX26: 0.44934676 | CY26: 0.028810809 | CZ26: 0.16269068 | DA26: 0.066107135 | DB26: NV | DC26: 0.8120025 | DD26: 0.86627222 | DE26: 0.23016929 | DF26: 0.00641008 | DG26: 0.93988738 | DH26: 0.43690424 | DI26: 0.12054826 | DJ26: 0.97798323 | DK26: NV | DL26: 0.0025926368 | DM26: 0.029006288 | DN26: NV | DO26: 0.10423752 | DP26: 0.33790694 | DQ26: 0.035296306 | DR26: 0.16707007 | DS26: 0.60442093 | DT26: 0.85279867 | DU26: 0.01164569 | DV26: 0.062964604 | DW26: 0.73413331 | DX26: 0.033582985 | DY26: 0.67431728 | DZ26: 0.0010000062 | EA26: 0.52044029 | EB26: NV | EC26: 0.29581733 | ED26: NV | EE26: 0.96195928 | EF26: 0.35804514 | EG26: 0.38423811 | EH26: 0.51885346 | EI26: 0.001000625 | EJ26: 0.72556755 | EK26: 0.25765117 | EL26: 0.59535545 | EM26: 0.23766899 | EN26: 0.21753226 | EO26: 0.56167001 | EP26: 0.49872813 | EQ26: 0.0010000268 | ER26: 0.064221967 | ES26: 0.0014308632 | ET26: 0.89736214 | EU26: 0.83551904 | EV26: NV | EW26: 0.14439728 | EX26: 0.0029715761 | EY26: 0.033097827 | EZ26: 0.69535927 | FA26: 0.090721813 | FB26: 0.008586523 | FC26: 0.92184876 | FD26: 0.31889407 | FE26: 0.84759294 | FF26: 0.0086582951 | FG26: 0.38823009 | FH26: 0.31610171 | FI26: 0.053144244 | FJ26: 0.0010003654 | FK26: 0.70899762 | FL26: 0.86992661 | FM26: 0.952443 | FN26: 0.65085947 | FO26: 0.29010466 | FP26: 0.039042617 | FQ26: 0.36104313 | FR26: 0.0015048934 | FS26: 0.01876765 | FT26: 0.021552764 | FU26: 0.0010000021 | FV26: 0.67763979 | FW26: 0.65764505 | FX26: NV | FY26: 0.94862867 | FZ26: 0.62897363 | GA26: 0.034417822 | GB26: 0.11531795 | GC26: 0.061065771 | GD26: 0.54219284 | GE26: 0.13672377 | GF26: 0.095751611 | GG26: 0.068711756 | GH26: 0.90460482 | GI26: 0.16211123 | GJ26: 0.8616094 | GK26: 0.21261152 | GL26: 0.48987201 | GM26: NV | GN26: 0.25310149 | GO26: 0.080232437 | GP26: 0.08294343 | GQ26: 0.94787099 | GR26: 0.8910204 | GS26: 0.94935411 | GT26: 0.0010042599 | GU26: 0.038142584 | GV26: 0.62947814 | GW26: 0.93888255 | GX26: 0.1048414 | GY26: 0.8028305 | GZ26: 0.015065538 | HA26: 0.87240821 | HB26: 0.0098296027 | HC26: 0.25401736 | HD26: 0.32077583 | HE26: 0.079258182 | HF26: 0.95392078 | HG26: 0.95828754 | HH26: 0.34288547 | HI26: 0.26161403
A27: 26 | B27: EPI Species Habitat Index (2024) | C27: [0-100] 100 : no habitat loss since 2001, 0 : highest levels of habitat loss | D27: 66.4 | E27: 53.5 | F27: 74 | G27: NV | H27: NV | I27: 71.6 | J27: NV | K27: NV | L27: 48.2 | M27: 80.4 | N27: NV | O27: 50.3 | P27: 59.9 | Q27: 80.1 | R27: 98.2 | S27: NV | T27: 80.1 | U27: NV | V27: 77.8 | W27: 48 | X27: 0 | Y27: 80.4 | Z27: NV | AA27: 87.7 | AB27: 24.3 | AC27: 75.4 | AD27: 94.2 | AE27: 0 | AF27: 33.3 | AG27: 77.5 | AH27: 74.9 | AI27: 80.7 | AJ27: 0 | AK27: 0 | AL27: 47.1 | AM27: NV | AN27: NV | AO27: 77.5 | AP27: 70.2 | AQ27: 46.8 | AR27: 24.9 | AS27: 0 | AT27: 30.4 | AU27: 0 | AV27: 72.8 | AW27: NV | AX27: 14 | AY27: 0 | AZ27: 78.4 | BA27: 21.6 | BB27: 60.2 | BC27: 68.1 | BD27: 87.1 | BE27: 81.3 | BF27: NV | BG27: 56.7 | BH27: 30.1 | BI27: 90.1 | BJ27: 66.7 | BK27: 8.8 | BL27: 86.3 | BM27: 43.3 | BN27: 26 | BO27: 78.1 | BP27: 64.9 | BQ27: 13.5 | BR27: 72.8 | BS27: NV | BT27: 77.8 | BU27: 41.8 | BV27: 85.7 | BW27: 71.9 | BX27: 42.1 | BY27: 85.1 | BZ27: NV | CA27: NV | CB27: NV | CC27: 0 | CD27: 25.4 | CE27: 0 | CF27: 79.8 | CG27: 22.2 | CH27: 0 | CI27: NV | CJ27: 77.2 | CK27: 100 | CL27: 61.1 | CM27: 0 | CN27: 69.6 | CO27: 87.1 | CP27: 97.7 | CQ27: 0 | CR27: 59.4 | CS27: 0 | CT27: 43.3 | CU27: NV | CV27: 62.3 | CW27: 88.9 | CX27: 80.7 | CY27: NV | CZ27: NV | DA27: 35.4 | DB27: NV | DC27: 67.5 | DD27: 83.9 | DE27: 0 | DF27: 44.2 | DG27: 63.2 | DH27: 53.2 | DI27: 0 | DJ27: NV | DK27: NV | DL27: 77.5 | DM27: 66.4 | DN27: NV | DO27: 0 | DP27: 86.5 | DQ27: 0 | DR27: NV | DS27: 85.4 | DT27: NV | DU27: NV | DV27: NV | DW27: 80.4 | DX27: NV | DY27: 8.2 | DZ27: NV | EA27: 58.8 | EB27: NV | EC27: 58.5 | ED27: 53.2 | EE27: 49.7 | EF27: 67 | EG27: 17 | EH27: 77.2 | EI27: NV | EJ27: 95.9 | EK27: 52.9 | EL27: NV | EM27: 59.4 | EN27: 0 | EO27: 72.2 | EP27: 62 | EQ27: NV | ER27: 67 | ES27: 74 | ET27: 61.1 | EU27: 32.7 | EV27: NV | EW27: 0 | EX27: 50 | EY27: 0 | EZ27: 10.5 | FA27: 0 | FB27: 83.6 | FC27: 64 | FD27: NV | FE27: 66.1 | FF27: NV | FG27: 62.3 | FH27: 67.3 | FI27: 67.3 | FJ27: 100 | FK27: NV | FL27: NV | FM27: 89.2 | FN27: 89.2 | FO27: 84.5 | FP27: NV | FQ27: 0 | FR27: NV | FS27: 73.7 | FT27: 52.6 | FU27: 0 | FV27: NV | FW27: 77.2 | FX27: NV | FY27: 67.3 | FZ27: 30.7 | GA27: NV | GB27: NV | GC27: NV | GD27: 70.2 | GE27: 74.9 | GF27: 3.5 | GG27: 68.7 | GH27: NV | GI27: 27.8 | GJ27: 87.7 | GK27: 73.4 | GL27: 0 | GM27: 69.3 | GN27: 81 | GO27: NV | GP27: 20.8 | GQ27: 71.9 | GR27: 64 | GS27: 89.2 | GT27: NV | GU27: 63.7 | GV27: 71.1 | GW27: 78.7 | GX27: 88 | GY27: 20.8 | GZ27: 69.9 | HA27: 66.1 | HB27: 98.8 | HC27: 56.7 | HD27: 0 | HE27: NV | HF27: NV | HG27: NV | HH27: 80.1 | HI27: 85.1
A28: 27 | B28: EPI Protected Area Representativeness Index (2024) | C28: [0-100] 100: terrestrial protected areas represent the ecosystem diversity of species | D28: 0.3 | E28: 46.4 | F28: 6.1 | G28: NV | H28: NV | I28: 35.6 | J28: NV | K28: NV | L28: 14.9 | M28: 14.4 | N28: NV | O28: 50.9 | P28: 86.4 | Q28: 7.2 | R28: 80.1 | S28: NV | T28: 0 | U28: NV | V28: 36.2 | W28: 70.4 | X28: 100 | Y28: 62.6 | Z28: NV | AA28: 40.9 | AB28: 73.3 | AC28: 55.1 | AD28: 84.1 | AE28: 100 | AF28: 20.8 | AG28: 48.7 | AH28: 50.7 | AI28: 28.3 | AJ28: 66.7 | AK28: 30.9 | AL28: 40.3 | AM28: NV | AN28: NV | AO28: 37 | AP28: 29.8 | AQ28: 34.6 | AR28: 0 | AS28: 67.6 | AT28: NV | AU28: 33.9 | AV28: 69.8 | AW28: NV | AX28: 99.9 | AY28: 37.1 | AZ28: 55.8 | BA28: 40.8 | BB28: 37.6 | BC28: 63.2 | BD28: 41.5 | BE28: 0 | BF28: NV | BG28: 56.8 | BH28: 50.1 | BI28: 22.5 | BJ28: 35 | BK28: 33.3 | BL28: 3.1 | BM28: 48.4 | BN28: 35.2 | BO28: 31.2 | BP28: 0 | BQ28: 27.4 | BR28: 71.5 | BS28: NV | BT28: 50.5 | BU28: 40 | BV28: 28.5 | BW28: 76.3 | BX28: 40.8 | BY28: 47.2 | BZ28: NV | CA28: NV | CB28: NV | CC28: 57.6 | CD28: 67.1 | CE28: 63.3 | CF28: 96.9 | CG28: 45.4 | CH28: 64.7 | CI28: NV | CJ28: 38.1 | CK28: 63 | CL28: 0 | CM28: 14.9 | CN28: 10.1 | CO28: 8.8 | CP28: 46.8 | CQ28: 18.7 | CR28: 55.4 | CS28: 44.5 | CT28: 25 | CU28: NV | CV28: 31.6 | CW28: 12.6 | CX28: 38.4 | CY28: NV | CZ28: NV | DA28: 19.1 | DB28: NV | DC28: 44.2 | DD28: 36.3 | DE28: 32.9 | DF28: 42.6 | DG28: 14.9 | DH28: 25.6 | DI28: 24.6 | DJ28: NV | DK28: NV | DL28: 41.7 | DM28: 89.6 | DN28: NV | DO28: 34.5 | DP28: 63.9 | DQ28: 14.6 | DR28: NV | DS28: 15.9 | DT28: NV | DU28: NV | DV28: NV | DW28: 0.9 | DX28: NV | DY28: 18 | DZ28: NV | EA28: 16.2 | EB28: NV | EC28: 26.5 | ED28: 65 | EE28: 12.6 | EF28: 68.4 | EG28: 7.1 | EH28: 100 | EI28: NV | EJ28: 13.8 | EK28: 52.8 | EL28: NV | EM28: 28.5 | EN28: 85.3 | EO28: 53.9 | EP28: 28.2 | EQ28: NV | ER28: 42.3 | ES28: 98 | ET28: 42.1 | EU28: 6.6 | EV28: NV | EW28: 68.9 | EX28: 0 | EY28: 43.3 | EZ28: 48.4 | FA28: 28.5 | FB28: 66.6 | FC28: 46.3 | FD28: NV | FE28: 55.3 | FF28: NV | FG28: 43.8 | FH28: 27.2 | FI28: 34.4 | FJ28: NV | FK28: NV | FL28: NV | FM28: 34.1 | FN28: 54.3 | FO28: 34.7 | FP28: NV | FQ28: 24.6 | FR28: NV | FS28: 62.4 | FT28: 69.9 | FU28: 0 | FV28: NV | FW28: 16.3 | FX28: NV | FY28: 59.5 | FZ28: 59.8 | GA28: NV | GB28: NV | GC28: NV | GD28: 11 | GE28: 100 | GF28: 40.2 | GG28: 92.9 | GH28: NV | GI28: 24 | GJ28: 29.5 | GK28: 100 | GL28: 27 | GM28: 14.8 | GN28: 45.7 | GO28: NV | GP28: 100 | GQ28: 10.7 | GR28: 5.4 | GS28: 2.3 | GT28: NV | GU28: 39.1 | GV28: 22.4 | GW28: 42.5 | GX28: 60 | GY28: 14.6 | GZ28: 6.3 | HA28: 10.8 | HB28: 1.7 | HC28: 100 | HD28: 25.4 | HE28: NV | HF28: NV | HG28: NV | HH28: 99.6 | HI28: 64.7
A29: 28 | B29: EPI Marine Protected Areas (2024) | C29: [0-100] The higher, the more marine habitats within a EEZ are protected | D29: NV | E29: 24.4 | F29: 0 | G29: NV | H29: NV | I29: 0 | J29: NV | K29: 33.1 | L29: 89.1 | M29: NV | N29: NV | O29: 42.5 | P29: NV | Q29: 20 | R29: 17.4 | S29: 59.4 | T29: 61.1 | U29: 0 | V29: NV | W29: 80 | X29: 36.7 | Y29: 0 | Z29: NV | AA29: NV | AB29: NV | AC29: 31 | AD29: NV | AE29: 39.9 | AF29: 1.1 | AG29: 0 | AH29: NV | AI29: NV | AJ29: 17.6 | AK29: 75.6 | AL29: 26.9 | AM29: 0 | AN29: NV | AO29: NV | AP29: NV | AQ29: 37.8 | AR29: 2.5 | AS29: 51 | AT29: 23.3 | AU29: 59.6 | AV29: 22.7 | AW29: NV | AX29: 37.5 | AY29: 2.4 | AZ29: 33.4 | BA29: 33.9 | BB29: 16 | BC29: NV | BD29: 17.3 | BE29: 0 | BF29: 3.2 | BG29: 43.5 | BH29: 66.3 | BI29: 27.5 | BJ29: 38.9 | BK29: 25.3 | BL29: 0 | BM29: 82.6 | BN29: NV | BO29: NV | BP29: 16.9 | BQ29: 44.7 | BR29: 58 | BS29: NV | BT29: 50 | BU29: 56.4 | BV29: 67.3 | BW29: 95.1 | BX29: 0.1 | BY29: 39.7 | BZ29: NV | CA29: 3.4 | CB29: NV | CC29: 19.2 | CD29: 7.7 | CE29: 21.4 | CF29: 0 | CG29: 26.8 | CH29: 25.6 | CI29: NV | CJ29: NV | CK29: 29.2 | CL29: 0.2 | CM29: 12 | CN29: 22.2 | CO29: 0.4 | CP29: 46.9 | CQ29: 50 | CR29: 41.8 | CS29: 20.3 | CT29: 58.7 | CU29: NV | CV29: 0 | CW29: 41.7 | CX29: 20.3 | CY29: 8 | CZ29: NV | DA29: 15.1 | DB29: NV | DC29: 7.4 | DD29: NV | DE29: NV | DF29: 42.9 | DG29: 0 | DH29: NV | DI29: 4.5 | DJ29: NV | DK29: NV | DL29: 100 | DM29: NV | DN29: NV | DO29: 14.8 | DP29: NV | DQ29: 12.4 | DR29: 1.3 | DS29: NV | DT29: 57.9 | DU29: 5.1 | DV29: NV | DW29: 20.7 | DX29: 17.1 | DY29: 48.6 | DZ29: 0 | EA29: NV | EB29: NV | EC29: NV | ED29: 0 | EE29: 6.6 | EF29: 16.6 | EG29: 2.1 | EH29: 7.7 | EI29: NV | EJ29: NV | EK29: 53.2 | EL29: NV | EM29: 24.5 | EN29: 40.6 | EO29: NV | EP29: 0.4 | EQ29: NV | ER29: NV | ES29: 11.3 | ET29: 65.8 | EU29: 0.7 | EV29: NV | EW29: 23.5 | EX29: 3.5 | EY29: NV | EZ29: 16.6 | FA29: 12.5 | FB29: 79.5 | FC29: 30.5 | FD29: NV | FE29: 36.2 | FF29: NV | FG29: 90 | FH29: 4.4 | FI29: NV | FJ29: 5.2 | FK29: NV | FL29: 0 | FM29: 5.8 | FN29: 18.4 | FO29: NV | FP29: 50.2 | FQ29: 39.1 | FR29: 0 | FS29: NV | FT29: 27.8 | FU29: 7.3 | FV29: NV | FW29: 54.6 | FX29: NV | FY29: 47.4 | FZ29: 1.5 | GA29: NV | GB29: 13.2 | GC29: 10.7 | GD29: 28 | GE29: 43.4 | GF29: 47.5 | GG29: NV | GH29: NV | GI29: 10.5 | GJ29: NV | GK29: 37.8 | GL29: 28.6 | GM29: 17.7 | GN29: 0 | GO29: 3.7 | GP29: 3.4 | GQ29: 25.7 | GR29: 21 | GS29: 12.5 | GT29: NV | GU29: NV | GV29: 34.2 | GW29: 31.1 | GX29: 54.2 | GY29: 46.1 | GZ29: 22.1 | HA29: NV | HB29: 1.8 | HC29: 14.9 | HD29: 7 | HE29: NV | HF29: NV | HG29: NV | HH29: NV | HI29: NV
A30: 29 | B30: EPI Terrestrial Protected Areas (2024) | C30: [0-100] the higher, the more terrestrial habitats are protected | D30: 24.6 | E30: 58.4 | F30: 6 | G30: NV | H30: NV | I30: 74.7 | J30: NV | K30: 72.9 | L30: 40.5 | M30: 39.5 | N30: NV | O30: 58.1 | P30: 70.6 | Q30: 41.3 | R30: 46.2 | S30: 0 | T30: 23.9 | U30: 1.7 | V30: 93.7 | W30: 46.1 | X30: 39.8 | Y30: 91.7 | Z30: NV | AA30: 77.8 | AB30: 66.5 | AC30: 67.5 | AD30: 78.8 | AE30: 59.7 | AF30: 44.5 | AG30: 99.2 | AH30: 88.8 | AI30: 89.4 | AJ30: 72.6 | AK30: 67.7 | AL30: 40.7 | AM30: 1.3 | AN30: NV | AO30: 94.5 | AP30: 72 | AQ30: 63.9 | AR30: 3.8 | AS30: 81.2 | AT30: 41.1 | AU30: 66.8 | AV30: 75 | AW30: NV | AX30: 54.7 | AY30: 94 | AZ30: 95 | BA30: 71.9 | BB30: 59.9 | BC30: 98.4 | BD30: 52.4 | BE30: 2.1 | BF30: 43 | BG30: 95.3 | BH30: 52.4 | BI30: 44.6 | BJ30: 45.5 | BK30: 100 | BL30: 0 | BM30: 95.6 | BN30: 26.6 | BO30: 29 | BP30: 5.5 | BQ30: 84 | BR30: 68.4 | BS30: NV | BT30: 90.5 | BU30: 15.5 | BV30: 31.9 | BW30: 76.7 | BX30: 90.4 | BY30: 85.2 | BZ30: NV | CA30: 60.6 | CB30: NV | CC30: 35.6 | CD30: 69.6 | CE30: 23.4 | CF30: 100 | CG30: 30.9 | CH30: 85.3 | CI30: NV | CJ30: 83.6 | CK30: 100 | CL30: 0.8 | CM30: 43.7 | CN30: 68 | CO30: 17 | CP30: 70.3 | CQ30: 23.3 | CR30: 71.9 | CS30: 58.1 | CT30: 26.9 | CU30: NV | CV30: 14.9 | CW30: 34 | CX30: 54.6 | CY30: 29.7 | CZ30: NV | DA30: 29.1 | DB30: NV | DC30: 86.8 | DD30: 13.7 | DE30: 63.2 | DF30: 95.2 | DG30: 4.3 | DH30: 66.6 | DI30: 10.3 | DJ30: NV | DK30: NV | DL30: 86.9 | DM30: 89.2 | DN30: NV | DO30: 24.5 | DP30: 79.9 | DQ30: 40 | DR30: 0 | DS30: 16.6 | DT30: 99.8 | DU30: 0 | DV30: NV | DW30: 52.3 | DX30: 6.7 | DY30: 30.7 | DZ30: 0 | EA30: 52.9 | EB30: NV | EC30: 73.4 | ED30: 50.4 | EE30: 7.7 | EF30: 81.8 | EG30: 27.7 | EH30: 99 | EI30: NV | EJ30: 80.3 | EK30: 76.8 | EL30: NV | EM30: 16.8 | EN30: 92.9 | EO30: 85.2 | EP30: 88.7 | EQ30: NV | ER30: 26.3 | ES30: 73.4 | ET30: 53.5 | EU30: 62.8 | EV30: NV | EW30: 84 | EX30: 3.9 | EY30: 61.7 | EZ30: 65.6 | FA30: 37.1 | FB30: 90.9 | FC30: 80 | FD30: NV | FE30: 94.5 | FF30: NV | FG30: 81.1 | FH30: 31 | FI30: 57 | FJ30: 14.5 | FK30: NV | FL30: 59.3 | FM30: 15.6 | FN30: 63.8 | FO30: 48.5 | FP30: 89.2 | FQ30: 63.3 | FR30: 14.9 | FS30: 91.4 | FT30: 87.3 | FU30: 5 | FV30: NV | FW30: 37.8 | FX30: NV | FY30: 64.3 | FZ30: 48.3 | GA30: NV | GB30: 44.5 | GC30: 61.6 | GD30: 16.9 | GE30: 32.6 | GF30: 69.3 | GG30: 21.7 | GH30: NV | GI30: 79.1 | GJ30: 23.1 | GK30: 82.1 | GL30: 69.6 | GM30: 56.2 | GN30: 85.4 | GO30: 0.5 | GP30: 70.5 | GQ30: 59.6 | GR30: 1 | GS30: 24.1 | GT30: NV | GU30: 77.5 | GV30: 54.5 | GW30: 95.3 | GX30: 83.5 | GY30: 36.9 | GZ30: 16.7 | HA30: 26.8 | HB30: 2.9 | HC30: 75.5 | HD30: 44.3 | HE30: NV | HF30: NV | HG30: NV | HH30: 79.4 | HI30: 95.4
A31: 30 | B31: Forced labour per country per sector (SHDB) | D31: NV | E31: NV | F31: NV | G31: NV | H31: NV | I31: NV | J31: NV | K31: NV | L31: NV | M31: NV | N31: NV | O31: NV | P31: NV | Q31: NV | R31: NV | S31: NV | T31: NV | U31: NV | V31: NV | W31: NV | X31: NV | Y31: NV | Z31: NV | AA31: NV | AB31: NV | AC31: NV | AD31: NV | AE31: NV | AF31: NV | AG31: NV | AH31: NV | AI31: NV | AJ31: NV | AK31: NV | AL31: NV | AM31: NV | AN31: NV | AO31: NV | AP31: NV | AQ31: NV | AR31: NV | AS31: NV | AT31: NV | AU31: NV | AV31: NV | AW31: NV | AX31: NV | AY31: NV | AZ31: NV | BA31: NV | BB31: NV | BC31: NV | BD31: NV | BE31: NV | BF31: NV | BG31: NV | BH31: NV | BI31: NV | BJ31: NV | BK31: NV | BL31: NV | BM31: NV | BN31: NV | BO31: NV | BP31: NV | BQ31: NV | BR31: NV | BS31: NV | BT31: NV | BU31: NV | BV31: NV | BW31: NV | BX31: NV | BY31: NV | BZ31: NV | CA31: NV | CB31: NV | CC31: NV | CD31: NV | CE31: NV | CF31: NV | CG31: NV | CH31: NV | CI31: NV | CJ31: NV | CK31: NV | CL31: NV | CM31: NV | CN31: NV | CO31: NV | CP31: NV | CQ31: NV | CR31: NV | CS31: NV | CT31: NV | CU31: NV | CV31: NV | CW31: NV | CX31: NV | CY31: NV | CZ31: NV | DA31: NV | DB31: NV | DC31: NV | DD31: NV | DE31: NV | DF31: NV | DG31: NV | DH31: NV | DI31: NV | DJ31: NV | DK31: NV | DL31: NV | DM31: NV | DN31: NV | DO31: NV | DP31: NV | DQ31: NV | DR31: NV | DS31: NV | DT31: NV | DU31: NV | DV31: NV | DW31: NV | DX31: NV | DY31: NV | DZ31: NV | EA31: NV | EB31: NV | EC31: NV | ED31: NV | EE31: NV | EF31: NV | EG31: NV | EH31: NV | EI31: NV | EJ31: NV | EK31: NV | EL31: NV | EM31: NV | EN31: NV | EO31: NV | EP31: NV | EQ31: NV | ER31: NV | ES31: NV | ET31: NV | EU31: NV | EV31: NV | EW31: NV | EX31: NV | EY31: NV | EZ31: NV | FA31: NV | FB31: NV | FC31: NV | FD31: NV | FE31: NV | FF31: NV | FG31: NV | FH31: NV | FI31: NV | FJ31: NV | FK31: NV | FL31: NV | FM31: NV | FN31: NV | FO31: NV | FP31: NV | FQ31: NV | FR31: NV | FS31: NV | FT31: NV | FU31: NV | FV31: NV | FW31: NV | FX31: NV | FY31: NV | FZ31: NV | GA31: NV | GB31: NV | GC31: NV | GD31: NV | GE31: NV | GF31: NV | GG31: NV | GH31: NV | GI31: NV | GJ31: NV | GK31: NV | GL31: NV | GM31: NV | GN31: NV | GO31: NV | GP31: NV | GQ31: NV | GR31: NV | GS31: NV | GT31: NV | GU31: NV | GV31: NV | GW31: NV | GX31: NV | GY31: NV | GZ31: NV | HA31: NV | HB31: NV | HC31: NV | HD31: NV | HE31: NV | HF31: NV | HG31: NV | HH31: NV | HI31: NV
A32: 31 | B32: High conflict zones per country per sector (SHDB) | D32: NV | E32: NV | F32: NV | G32: NV | H32: NV | I32: NV | J32: NV | K32: NV | L32: NV | M32: NV | N32: NV | O32: NV | P32: NV | Q32: NV | R32: NV | S32: NV | T32: NV | U32: NV | V32: NV | W32: NV | X32: NV | Y32: NV | Z32: NV | AA32: NV | AB32: NV | AC32: NV | AD32: NV | AE32: NV | AF32: NV | AG32: NV | AH32: NV | AI32: NV | AJ32: NV | AK32: NV | AL32: NV | AM32: NV | AN32: NV | AO32: NV | AP32: NV | AQ32: NV | AR32: NV | AS32: NV | AT32: NV | AU32: NV | AV32: NV | AW32: NV | AX32: NV | AY32: NV | AZ32: NV | BA32: NV | BB32: NV | BC32: NV | BD32: NV | BE32: NV | BF32: NV | BG32: NV | BH32: NV | BI32: NV | BJ32: NV | BK32: NV | BL32: NV | BM32: NV | BN32: NV | BO32: NV | BP32: NV | BQ32: NV | BR32: NV | BS32: NV | BT32: NV | BU32: NV | BV32: NV | BW32: NV | BX32: NV | BY32: NV | BZ32: NV | CA32: NV | CB32: NV | CC32: NV | CD32: NV | CE32: NV | CF32: NV | CG32: NV | CH32: NV | CI32: NV | CJ32: NV | CK32: NV | CL32: NV | CM32: NV | CN32: NV | CO32: NV | CP32: NV | CQ32: NV | CR32: NV | CS32: NV | CT32: NV | CU32: NV | CV32: NV | CW32: NV | CX32: NV | CY32: NV | CZ32: NV | DA32: NV | DB32: NV | DC32: NV | DD32: NV | DE32: NV | DF32: NV | DG32: NV | DH32: NV | DI32: NV | DJ32: NV | DK32: NV | DL32: NV | DM32: NV | DN32: NV | DO32: NV | DP32: NV | DQ32: NV | DR32: NV | DS32: NV | DT32: NV | DU32: NV | DV32: NV | DW32: NV | DX32: NV | DY32: NV | DZ32: NV | EA32: NV | EB32: NV | EC32: NV | ED32: NV | EE32: NV | EF32: NV | EG32: NV | EH32: NV | EI32: NV | EJ32: NV | EK32: NV | EL32: NV | EM32: NV | EN32: NV | EO32: NV | EP32: NV | EQ32: NV | ER32: NV | ES32: NV | ET32: NV | EU32: NV | EV32: NV | EW32: NV | EX32: NV | EY32: NV | EZ32: NV | FA32: NV | FB32: NV | FC32: NV | FD32: NV | FE32: NV | FF32: NV | FG32: NV | FH32: NV | FI32: NV | FJ32: NV | FK32: NV | FL32: NV | FM32: NV | FN32: NV | FO32: NV | FP32: NV | FQ32: NV | FR32: NV | FS32: NV | FT32: NV | FU32: NV | FV32: NV | FW32: NV | FX32: NV | FY32: NV | FZ32: NV | GA32: NV | GB32: NV | GC32: NV | GD32: NV | GE32: NV | GF32: NV | GG32: NV | GH32: NV | GI32: NV | GJ32: NV | GK32: NV | GL32: NV | GM32: NV | GN32: NV | GO32: NV | GP32: NV | GQ32: NV | GR32: NV | GS32: NV | GT32: NV | GU32: NV | GV32: NV | GW32: NV | GX32: NV | GY32: NV | GZ32: NV | HA32: NV | HB32: NV | HC32: NV | HD32: NV | HE32: NV | HF32: NV | HG32: NV | HH32: NV | HI32: NV
A33: 32 | B33: Child labour per country per sector (SHDB) (2010-2019) | C33: [0-100) percentage of children 5-17 years old working, the higher, the worse | D33: 18.952 | E33: 2.703 | F33: 2.842 | G33: NV | H33: NV | I33: 9.666 | J33: NV | K33: NV | L33: 1.802 | M33: 3.903 | N33: NV | O33: NV | P33: NV | Q33: NV | R33: NV | S33: NV | T33: 5.862 | U33: NV | V33: NV | W33: NV | X33: 2.283 | Y33: 16.997 | Z33: NV | AA33: 1.65 | AB33: NV | AC33: NV | AD33: NV | AE33: 1.174 | AF33: NV | AG33: NV | AH33: NV | AI33: 20.479 | AJ33: 11.506 | AK33: 33.414 | AL33: NV | AM33: NV | AN33: NV | AO33: NV | AP33: 17.743 | AQ33: 2.406 | AR33: NV | AS33: 2.036 | AT33: NV | AU33: 9.231 | AV33: 10.842 | AW33: NV | AX33: 3.38 | AY33: 17.499 | AZ33: NV | BA33: NV | BB33: NV | BC33: NV | BD33: NV | BE33: NV | BF33: NV | BG33: 5.602 | BH33: 4.905 | BI33: 3.552 | BJ33: NV | BK33: NV | BL33: NV | BM33: NV | BN33: NV | BO33: 40.545 | BP33: NV | BQ33: NV | BR33: NV | BS33: NV | BT33: NV | BU33: 13.586 | BV33: 1.777 | BW33: NV | BX33: 14.838 | BY33: NV | BZ33: NV | CA33: NV | CB33: NV | CC33: 7.334 | CD33: 19.472 | CE33: 9.13 | CF33: 9.645 | CG33: NV | CH33: 8.382 | CI33: NV | CJ33: NV | CK33: NV | CL33: 1.143 | CM33: NV | CN33: NV | CO33: 3.091 | CP33: NV | CQ33: NV | CR33: NV | CS33: 2.65 | CT33: NV | CU33: NV | CV33: 1.218 | CW33: NV | CX33: NV | CY33: 7.127 | CZ33: NV | DA33: NV | DB33: NV | DC33: NV | DD33: 20.131 | DE33: 26.274 | DF33: NV | DG33: NV | DH33: 8.237 | DI33: 11.916 | DJ33: NV | DK33: NV | DL33: NV | DM33: NV | DN33: NV | DO33: 29.852 | DP33: 25.944 | DQ33: NV | DR33: NV | DS33: 11.778 | DT33: NV | DU33: NV | DV33: NV | DW33: 12.567 | DX33: NV | DY33: 3.522 | DZ33: NV | EA33: NV | EB33: NV | EC33: 7.875 | ED33: NV | EE33: NV | EF33: NV | EG33: 8.118 | EH33: NV | EI33: NV | EJ33: 19.032 | EK33: NV | EL33: NV | EM33: NV | EN33: NV | EO33: 36.153 | EP33: 28.72 | EQ33: NV | ER33: 9.13 | ES33: NV | ET33: NV | EU33: NV | EV33: NV | EW33: 2.429 | EX33: NV | EY33: 15.524 | EZ33: 13.194 | FA33: NV | FB33: NV | FC33: NV | FD33: NV | FE33: NV | FF33: NV | FG33: NV | FH33: NV | FI33: NV | FJ33: NV | FK33: NV | FL33: 12.755 | FM33: NV | FN33: 17.137 | FO33: 9.13 | FP33: NV | FQ33: 20.999 | FR33: NV | FS33: NV | FT33: NV | FU33: NV | FV33: NV | FW33: NV | FX33: NV | FY33: NV | FZ33: 0.778 | GA33: NV | GB33: NV | GC33: NV | GD33: 15.269 | GE33: 3.479 | GF33: NV | GG33: NV | GH33: NV | GI33: NV | GJ33: NV | GK33: 22.794 | GL33: NV | GM33: 7.24 | GN33: 32.915 | GO33: 25.94 | GP33: 0.771 | GQ33: NV | GR33: NV | GS33: NV | GT33: NV | GU33: NV | GV33: 3.972 | GW33: NV | GX33: NV | GY33: NV | GZ33: NV | HA33: NV | HB33: NV | HC33: NV | HD33: 3.22 | HE33: NV | HF33: NV | HG33: NV | HH33: 3.001 | HI33: 25.588
A34: 33 | B34: Food Security Index (FSI) (2022) | C34: [0-100] the higher, the better | D34: NV | E34: NV | F34: 58.9 | G34: NV | H34: NV | I34: 43.7 | J34: NV | K34: NV | L34: 64.8 | M34: NV | N34: NV | O34: 75.4 | P34: 78.1 | Q34: 59.8 | R34: 70.3 | S34: NV | T34: 54 | U34: NV | V34: 64.5 | W34: 77.5 | X34: NV | Y34: 48.1 | Z34: NV | AA34: NV | AB34: 65 | AC34: NV | AD34: 51.1 | AE34: 65.1 | AF34: NV | AG34: 73 | AH34: 49.6 | AI34: 40.6 | AJ34: 55.7 | AK34: 46.4 | AL34: 79.1 | AM34: NV | AN34: NV | AO34: NV | AP34: 43.2 | AQ34: 74.2 | AR34: 74.2 | AS34: 60.1 | AT34: NV | AU34: 43 | AV34: NV | AW34: NV | AX34: 77.4 | AY34: 46.5 | AZ34: NV | BA34: NV | BB34: NV | BC34: 77.7 | BD34: 77.8 | BE34: NV | BF34: NV | BG34: 65 | BH34: 65.6 | BI34: 56 | BJ34: 64.2 | BK34: NV | BL34: NV | BM34: NV | BN34: NV | BO34: 44.5 | BP34: NV | BQ34: 83.7 | BR34: 80.2 | BS34: NV | BT34: NV | BU34: NV | BV34: NV | BW34: 77 | BX34: 52.6 | BY34: 72.2 | BZ34: NV | CA34: NV | CB34: NV | CC34: 62.8 | CD34: 45.1 | CE34: NV | CF34: NV | CG34: 38.5 | CH34: 61.5 | CI34: NV | CJ34: 71.4 | CK34: NV | CL34: 58.9 | CM34: 60.2 | CN34: NV | CO34: NV | CP34: 81.7 | CQ34: 74.8 | CR34: 74 | CS34: NV | CT34: 79.5 | CU34: NV | CV34: 66.2 | CW34: 72.1 | CX34: 53 | CY34: NV | CZ34: NV | DA34: 70.2 | DB34: NV | DC34: 65.2 | DD34: NV | DE34: 53.1 | DF34: NV | DG34: NV | DH34: NV | DI34: NV | DJ34: NV | DK34: NV | DL34: NV | DM34: NV | DN34: NV | DO34: 40.6 | DP34: 48.1 | DQ34: 69.9 | DR34: NV | DS34: 51.9 | DT34: NV | DU34: NV | DV34: NV | DW34: NV | DX34: NV | DY34: 69.1 | DZ34: NV | EA34: NV | EB34: NV | EC34: NV | ED34: NV | EE34: 63 | EF34: 47.3 | EG34: 57.6 | EH34: NV | EI34: NV | EJ34: 56.9 | EK34: 80.1 | EL34: NV | EM34: 77.8 | EN34: 56.6 | EO34: 46.3 | EP34: 42 | EQ34: NV | ER34: NV | ES34: 80.5 | ET34: 71.2 | EU34: 52.2 | EV34: NV | EW34: 70 | EX34: NV | EY34: 58.6 | EZ34: 70.8 | FA34: 59.3 | FB34: 75.5 | FC34: 78.7 | FD34: NV | FE34: 72.4 | FF34: NV | FG34: 68.8 | FH34: 69.1 | FI34: 50.6 | FJ34: NV | FK34: NV | FL34: NV | FM34: 69.9 | FN34: 51.2 | FO34: 61.4 | FP34: NV | FQ34: 40.5 | FR34: 73.1 | FS34: 71.1 | FT34: NV | FU34: NV | FV34: NV | FW34: 61.7 | FX34: NV | FY34: 75.7 | FZ34: 55.2 | GA34: NV | GB34: NV | GC34: NV | GD34: 42.8 | GE34: NV | GF34: 79.1 | GG34: 78.2 | GH34: 36.3 | GI34: NV | GJ34: 56.7 | GK34: 49.1 | GL34: 60.1 | GM34: NV | GN34: 46.2 | GO34: NV | GP34: NV | GQ34: 60.3 | GR34: 65.3 | GS34: NV | GT34: NV | GU34: 47.7 | GV34: 57.9 | GW34: 75.2 | GX34: 78.8 | GY34: 78 | GZ34: 71.8 | HA34: 57.5 | HB34: NV | HC34: 42.6 | HD34: 67.9 | HE34: NV | HF34: NV | HG34: 40.1 | HH34: 43.5 | HI34: NV
A35: 34 | B35: Disease outbreaks? | D35: NV | E35: NV | F35: NV | G35: NV | H35: NV | I35: NV | J35: NV | K35: NV | L35: NV | M35: NV | N35: NV | O35: NV | P35: NV | Q35: NV | R35: NV | S35: NV | T35: NV | U35: NV | V35: NV | W35: NV | X35: NV | Y35: NV | Z35: NV | AA35: NV | AB35: NV | AC35: NV | AD35: NV | AE35: NV | AF35: NV | AG35: NV | AH35: NV | AI35: NV | AJ35: NV | AK35: NV | AL35: NV | AM35: NV | AN35: NV | AO35: NV | AP35: NV | AQ35: NV | AR35: NV | AS35: NV | AT35: NV | AU35: NV | AV35: NV | AW35: NV | AX35: NV | AY35: NV | AZ35: NV | BA35: NV | BB35: NV | BC35: NV | BD35: NV | BE35: NV | BF35: NV | BG35: NV | BH35: NV | BI35: NV | BJ35: NV | BK35: NV | BL35: NV | BM35: NV | BN35: NV | BO35: NV | BP35: NV | BQ35: NV | BR35: NV | BS35: NV | BT35: NV | BU35: NV | BV35: NV | BW35: NV | BX35: NV | BY35: NV | BZ35: NV | CA35: NV | CB35: NV | CC35: NV | CD35: NV | CE35: NV | CF35: NV | CG35: NV | CH35: NV | CI35: NV | CJ35: NV | CK35: NV | CL35: NV | CM35: NV | CN35: NV | CO35: NV | CP35: NV | CQ35: NV | CR35: NV | CS35: NV | CT35: NV | CU35: NV | CV35: NV | CW35: NV | CX35: NV | CY35: NV | CZ35: NV | DA35: NV | DB35: NV | DC35: NV | DD35: NV | DE35: NV | DF35: NV | DG35: NV | DH35: NV | DI35: NV | DJ35: NV | DK35: NV | DL35: NV | DM35: NV | DN35: NV | DO35: NV | DP35: NV | DQ35: NV | DR35: NV | DS35: NV | DT35: NV | DU35: NV | DV35: NV | DW35: NV | DX35: NV | DY35: NV | DZ35: NV | EA35: NV | EB35: NV | EC35: NV | ED35: NV | EE35: NV | EF35: NV | EG35: NV | EH35: NV | EI35: NV | EJ35: NV | EK35: NV | EL35: NV | EM35: NV | EN35: NV | EO35: NV | EP35: NV | EQ35: NV | ER35: NV | ES35: NV | ET35: NV | EU35: NV | EV35: NV | EW35: NV | EX35: NV | EY35: NV | EZ35: NV | FA35: NV | FB35: NV | FC35: NV | FD35: NV | FE35: NV | FF35: NV | FG35: NV | FH35: NV | FI35: NV | FJ35: NV | FK35: NV | FL35: NV | FM35: NV | FN35: NV | FO35: NV | FP35: NV | FQ35: NV | FR35: NV | FS35: NV | FT35: NV | FU35: NV | FV35: NV | FW35: NV | FX35: NV | FY35: NV | FZ35: NV | GA35: NV | GB35: NV | GC35: NV | GD35: NV | GE35: NV | GF35: NV | GG35: NV | GH35: NV | GI35: NV | GJ35: NV | GK35: NV | GL35: NV | GM35: NV | GN35: NV | GO35: NV | GP35: NV | GQ35: NV | GR35: NV | GS35: NV | GT35: NV | GU35: NV | GV35: NV | GW35: NV | GX35: NV | GY35: NV | GZ35: NV | HA35: NV | HB35: NV | HC35: NV | HD35: NV | HE35: NV | HF35: NV | HG35: NV | HH35: NV | HI35: NV
A36: 35 | B36: Land-use regulation? | D36: NV | E36: NV | F36: NV | G36: NV | H36: NV | I36: NV | J36: NV | K36: NV | L36: NV | M36: NV | N36: NV | O36: NV | P36: NV | Q36: NV | R36: NV | S36: NV | T36: NV | U36: NV | V36: NV | W36: NV | X36: NV | Y36: NV | Z36: NV | AA36: NV | AB36: NV | AC36: NV | AD36: NV | AE36: NV | AF36: NV | AG36: NV | AH36: NV | AI36: NV | AJ36: NV | AK36: NV | AL36: NV | AM36: NV | AN36: NV | AO36: NV | AP36: NV | AQ36: NV | AR36: NV | AS36: NV | AT36: NV | AU36: NV | AV36: NV | AW36: NV | AX36: NV | AY36: NV | AZ36: NV | BA36: NV | BB36: NV | BC36: NV | BD36: NV | BE36: NV | BF36: NV | BG36: NV | BH36: NV | BI36: NV | BJ36: NV | BK36: NV | BL36: NV | BM36: NV | BN36: NV | BO36: NV | BP36: NV | BQ36: NV | BR36: NV | BS36: NV | BT36: NV | BU36: NV | BV36: NV | BW36: NV | BX36: NV | BY36: NV | BZ36: NV | CA36: NV | CB36: NV | CC36: NV | CD36: NV | CE36: NV | CF36: NV | CG36: NV | CH36: NV | CI36: NV | CJ36: NV | CK36: NV | CL36: NV | CM36: NV | CN36: NV | CO36: NV | CP36: NV | CQ36: NV | CR36: NV | CS36: NV | CT36: NV | CU36: NV | CV36: NV | CW36: NV | CX36: NV | CY36: NV | CZ36: NV | DA36: NV | DB36: NV | DC36: NV | DD36: NV | DE36: NV | DF36: NV | DG36: NV | DH36: NV | DI36: NV | DJ36: NV | DK36: NV | DL36: NV | DM36: NV | DN36: NV | DO36: NV | DP36: NV | DQ36: NV | DR36: NV | DS36: NV | DT36: NV | DU36: NV | DV36: NV | DW36: NV | DX36: NV | DY36: NV | DZ36: NV | EA36: NV | EB36: NV | EC36: NV | ED36: NV | EE36: NV | EF36: NV | EG36: NV | EH36: NV | EI36: NV | EJ36: NV | EK36: NV | EL36: NV | EM36: NV | EN36: NV | EO36: NV | EP36: NV | EQ36: NV | ER36: NV | ES36: NV | ET36: NV | EU36: NV | EV36: NV | EW36: NV | EX36: NV | EY36: NV | EZ36: NV | FA36: NV | FB36: NV | FC36: NV | FD36: NV | FE36: NV | FF36: NV | FG36: NV | FH36: NV | FI36: NV | FJ36: NV | FK36: NV | FL36: NV | FM36: NV | FN36: NV | FO36: NV | FP36: NV | FQ36: NV | FR36: NV | FS36: NV | FT36: NV | FU36: NV | FV36: NV | FW36: NV | FX36: NV | FY36: NV | FZ36: NV | GA36: NV | GB36: NV | GC36: NV | GD36: NV | GE36: NV | GF36: NV | GG36: NV | GH36: NV | GI36: NV | GJ36: NV | GK36: NV | GL36: NV | GM36: NV | GN36: NV | GO36: NV | GP36: NV | GQ36: NV | GR36: NV | GS36: NV | GT36: NV | GU36: NV | GV36: NV | GW36: NV | GX36: NV | GY36: NV | GZ36: NV | HA36: NV | HB36: NV | HC36: NV | HD36: NV | HE36: NV | HF36: NV | HG36: NV | HH36: NV | HI36: NV
A37: 36
A38: 37
A39: 38
A40: 39
A41: 40
A42: 41
A43: 42 | B43: Transformed values | C43: [0-100] The higher, the worse
A44: 43 | B44: =B2 -> WGI - Political stability & absence of Violence/terrorism (2020) | D44: =100-D2 -> 99.528302 | E44: =100-E2 -> 50.471699 | F44: =100-F2 -> 82.547171 | G44: =100-G2 -> 7.5471725 | H44: =100-H2 -> 0.94339752 | I44: =100-I2 -> 73.113207 | J44: =100-J2 -> 1.4150925 | K44: =100-K2 -> 19.811317 | ... HI44: =100-HI2 -> 86.792453
A45: 44 | B45: =B3 -> WGI - Government effectiveness (2020) | D45: =100-D3 -> 94.711538 | E45: =100-E3 -> 51.923077 | F45: =100-F3 -> 66.346153 | G45: =100-G3 -> 25.480766 | H45: =100-H3 -> 3.365387 | I45: =100-I3 -> 88.942307 | J45: =100-J3 -> 19.71154 | K45: =100-K3 -> 52.884617 | ... HI45: =100-HI3 -> 89.423077
A46: 45 | B46: =B4 -> WGI - Regulatory Quality (2020) | D46: =100-D4 -> 91.826923 | E46: =100-E4 -> 39.423077 | F46: =100-F4 -> 90.865385 | G46: =100-G4 -> 28.365387 | H46: =100-H4 -> 11.53846 | I46: =100-I4 -> 84.134615 | J46: =100-J4 -> 20.192307 | K46: =100-K4 -> 30.769234 | ... HI46: =100-HI4 -> 92.307693
A47: 46 | B47: =B5 -> WGI - Rule of law (2020) | D47: =100-D5 -> 97.596154 | E47: =100-E5 -> 59.134617 | F47: =100-F5 -> 78.365385 | G47: =100-G5 -> 13.942307 | H47: =100-H5 -> 6.7307663 | I47: =100-I5 -> 83.173077 | J47: =100-J5 -> 35.096153 | K47: =100-K5 -> 33.653847 | ... HI47: =100-HI5 -> 92.307693
A48: 47 | B48: =B6 -> WGI - Control of corruption (2020) | D48: =100-D6 -> 94.711538 | E48: =100-E6 -> 68.26923 | F48: =100-F6 -> 71.634615 | G48: =100-G6 -> 11.057693 | H48: =100-H6 -> 11.057693 | I48: =100-I6 -> 81.73077 | J48: =100-J6 -> 25.480766 | K48: =100-K6 -> 36.53846 | ... HI48: =100-HI6 -> 89.903846
A49: 48 | B49: =B7 -> WGI - Voice and Accountability (2020) | D49: =100-D7 -> 80.676329 | E49: =100-E7 -> 48.792271 | F49: =100-F7 -> 81.642511 | G49: =100-G7 -> 18.357491 | H49: =100-H7 -> 16.425117 | I49: =100-I7 -> 74.396135 | J49: =100-J7 -> #VALUE! | K49: =100-K7 -> 28.985504 | ... HI49: =100-HI7 -> 82.608696
A50: 49 | B50: =B8 -> Fragile State Index (2022) | D50: =(D8/120)*100 -> 87.5 | E50: =(E8/120)*100 -> 49.083333 | F50: =(F8/120)*100 -> 62.833333 | G50: =(G8/120)*100 -> 53.5 | H50: =(H8/120)*100 -> #VALUE! | I50: =(I8/120)*100 -> 73.166667 | J50: =(J8/120)*100 -> #VALUE! | K50: =(K8/120)*100 -> 45.333333 | ... HI50: =(HI8/120)*100 -> 82.916667
A51: 50 | B51: =B9 -> Policy Perception Index (2021) | D51: =100-D9 -> #VALUE! | E51: =100-E9 -> #VALUE! | F51: =100-F9 -> #VALUE! | G51: =100-G9 -> #VALUE! | H51: =100-H9 -> #VALUE! | I51: =100-I9 -> #VALUE! | J51: =100-J9 -> #VALUE! | K51: =100-K9 -> #VALUE! | ... HI51: =100-HI9 -> 71.12
A52: 51 | B52: =B10 -> Enabling trade index (2016) | D52: =100*(1-(D10-1)/6) -> #VALUE! | E52: =100*(1-(E10-1)/6) -> 41.5 | F52: =100*(1-(F10-1)/6) -> 58.166667 | G52: =100*(1-(G10-1)/6) -> #VALUE! | H52: =100*(1-(H10-1)/6) -> #VALUE! | I52: =100*(1-(I10-1)/6) -> #VALUE! | J52: =100*(1-(J10-1)/6) -> #VALUE! | K52: =100*(1-(K10-1)/6) -> #VALUE! | ... HI52: =100*(1-(HI10-1)/6) -> 60
A53: 52 | B53: =B11 -> Environmental Performance Index (2024) | D53: =100-D11 -> 69 | E53: =100-E11 -> 47.8 | F53: =100-F11 -> 58.3 | G53: =100-G11 -> #VALUE! | H53: =100-H11 -> #VALUE! | I53: =100-I11 -> 59.9 | J53: =100-J11 -> #VALUE! | K53: =100-K11 -> 44.4 | ... HI53: =100-HI11 -> 48.4
A54: 53 | B54: =B12 -> Child labour (% ages 5-17) (2010-2019) | D54: =D12 -> 13 | E54: =E12 -> 3.3 | F54: =F12 -> 2.5 | G54: =G12 -> NV | H54: =H12 -> NV | I54: =I12 -> 18.7 | J54: =J12 -> NV | K54: =K12 -> NV | ... HI54: =HI12 -> 27.9
A55: 54 | B55: =B13 -> Global Peace Index (2022) | D55: =100*((D13-1)/4) -> 66.1 | E55: =100*((E13-1)/4) -> 21.8 | F55: =100*((F13-1)/4) -> 32.175 | G55: =100*((G13-1)/4) -> #VALUE! | H55: =100*((H13-1)/4) -> #VALUE! | I55: =100*((I13-1)/4) -> 27.175 | J55: =100*((J13-1)/4) -> #VALUE! | K55: =100*((K13-1)/4) -> #VALUE! | ... HI55: =100*((HI13-1)/4) -> 37.125
A56: 55 | B56: =B14 -> Corruption Perceptions Index CPI (2021) | D56: =100-D14 -> 84 | E56: =100-E14 -> 65 | F56: =100-F14 -> 67 | G56: =100-G14 -> #VALUE! | H56: =100-H14 -> #VALUE! | I56: =100-I14 -> 71 | J56: =100-J14 -> #VALUE! | K56: =100-K14 -> #VALUE! | ... HI56: =100-HI14 -> 77
A57: 56 | B57: =B15 -> Human Development Index HDI (2019) | D57: =(1-D15)*100 -> 48.9 | E57: =(1-E15)*100 -> 20.5 | F57: =(1-F15)*100 -> 25.2 | G57: =(1-G15)*100 -> #VALUE! | H57: =(1-H15)*100 -> 13.2 | I57: =(1-I15)*100 -> 41.9 | J57: =(1-J15)*100 -> #VALUE! | K57: =(1-K15)*100 -> 22.2 | ... HI57: =(1-HI15)*100 -> 42.9
A58: 57 | B58: =B16 -> Natural disaster Index (NDI) (2013) | D58: =D16 -> NV | E58: =E16 -> NV | F58: =F16 -> NV | G58: =G16 -> NV | H58: =H16 -> NV | I58: =I16 -> NV | J58: =J16 -> NV | K58: =K16 -> NV | ... HI58: =HI16 -> NV
A59: 58 | B59: =B17 -> Economic Vulnerability Index (2024) | D59: =D17 -> 46.8 | E59: =E17 -> NV | F59: =F17 -> 25.2 | G59: =G17 -> NV | H59: =H17 -> NV | I59: =I17 -> 38.5 | J59: =J17 -> 0 | K59: =K17 -> 36.4 | ... HI59: =HI17 -> 46.5
A60: 59 | B60: =B18 -> Economic Vulnerability Index - Share of agriculture, forestry and fisheries (2024) | D60: =D18 -> 34.1 | E60: =E18 -> NV | F60: =F18 -> 13.4 | G60: =G18 -> NV | H60: =H18 -> NV | I60: =I18 -> 11.7 | J60: =J18 -> 0 | K60: =K18 -> 2.2 | ... HI60: =HI18 -> 8.9
A61: 60 | B61: =B19 -> Economic Vulnerability Index - Remoteness and landlockedness (2024) | D61: =D19 -> 50.9 | E61: =E19 -> NV | F61: =F19 -> 7.4 | G61: =G19 -> NV | H61: =H19 -> NV | I61: =I19 -> 60.1 | J61: =J19 -> 0 | K61: =K19 -> 52 | ... HI61: =HI19 -> 82.6
A62: 61 | B62: =B20 -> Economic Vulnerability Index - Export concentration (2024) | D62: =D20 -> 8 | E62: =E20 -> NV | F62: =F20 -> 7.1 | G62: =G20 -> NV | H62: =H20 -> NV | I62: =I20 -> 9 | J62: =J20 -> 0 | K62: =K20 -> 9.5 | ... HI62: =HI20 -> 7.9
A63: 62 | B63: =B21 -> Economic Vulnerability Index - Export instability (2024) | D63: =D21 -> 11.7 | E63: =E21 -> NV | F63: =F21 -> 2.3 | G63: =G21 -> NV | H63: =H21 -> NV | I63: =I21 -> 5.6 | J63: =J21 -> 0 | K63: =K21 -> 14.9 | ... HI63: =HI21 -> 17.8
A64: 63 | B64: =B22 -> Economic Vulnerability Index - Share of population living in low elevated coastal zones (2024) | D64: =D22 -> 0 | E64: =E22 -> NV | F64: =F22 -> 1.2 | G64: =G22 -> NV | H64: =H22 -> NV | I64: =I22 -> 1.5 | J64: =J22 -> 0 | K64: =K22 -> 12.2 | ... HI64: =HI22 -> 0
A65: 64 | B65: =B23 -> Economic Vulnerability Index - Share of population living in drylands (2024) | D65: =D23 -> 91.9 | E65: =E23 -> NV | F65: =F23 -> 94.7 | G65: =G23 -> NV | H65: =H23 -> NV | I65: =I23 -> 59.4 | J65: =J23 -> 0 | K65: =K23 -> 0 | ... HI65: =HI23 -> 70.6
A66: 65 | B66: =B24 -> Economic Vulnerability Index - Agricultural instability (2024) | D66: =D24 -> 4.4 | E66: =E24 -> NV | F66: =F24 -> 6.1 | G66: =G24 -> NV | H66: =H24 -> NV | I66: =I24 -> 9 | J66: =J24 -> 0 | K66: =K24 -> 6.6 | ... HI66: =HI24 -> 5.7
A67: 66 | B67: =B25 -> Economic Vulnerability Index - Victims of disasters (%) (2024) | D67: =D25 -> 2.6 | E67: =E25 -> NV | F67: =F25 -> 0.1 | G67: =G25 -> NV | H67: =H25 -> NV | I67: =I25 -> 0.3 | J67: =J25 -> 0 | K67: =K25 -> 1 | ... HI67: =HI25 -> 3.4
A68: 67 | B68: =B26 -> Water Depletion Index (WDI) (2018) | D68: =D26*100 -> 85.614663 | E68: =E26*100 -> 77.98368 | F68: =F26*100 -> 93.166291 | G68: =G26*100 -> 0.1001033 | H68: =H26*100 -> 95.991333 | I68: =I26*100 -> 56.456118 | J68: =J26*100 -> 4.1810907 | K68: =K26*100 -> 2.8281524 | ... HI68: =HI26*100 -> 26.161403
A69: 68 | B69: =B27 -> EPI Species Habitat Index (2024) | D69: =100-D27 -> 33.6 | E69: =100-E27 -> 46.5 | F69: =100-F27 -> 26 | G69: =100-G27 -> #VALUE! | H69: =100-H27 -> #VALUE! | I69: =100-I27 -> 28.4 | J69: =100-J27 -> #VALUE! | K69: =100-K27 -> #VALUE! | ... HI69: =100-HI27 -> 14.9
A70: 69 | B70: =B28 -> EPI Protected Area Representativeness Index (2024) | D70: =100-D28 -> 99.7 | E70: =100-E28 -> 53.6 | F70: =100-F28 -> 93.9 | G70: =100-G28 -> #VALUE! | H70: =100-H28 -> #VALUE! | I70: =100-I28 -> 64.4 | J70: =100-J28 -> #VALUE! | K70: =100-K28 -> #VALUE! | ... HI70: =100-HI28 -> 35.3
A71: 70 | B71: =B29 -> EPI Marine Protected Areas (2024) | D71: =100-D29 -> #VALUE! | E71: =100-E29 -> 75.6 | F71: =100-F29 -> 100 | G71: =100-G29 -> #VALUE! | H71: =100-H29 -> #VALUE! | I71: =100-I29 -> 100 | J71: =100-J29 -> #VALUE! | K71: =100-K29 -> 66.9 | ... HI71: =100-HI29 -> #VALUE!
A72: 71 | B72: =B30 -> EPI Terrestrial Protected Areas (2024) | D72: =100-D30 -> 75.4 | E72: =100-E30 -> 41.6 | F72: =100-F30 -> 94 | G72: =100-G30 -> #VALUE! | H72: =100-H30 -> #VALUE! | I72: =100-I30 -> 25.3 | J72: =100-J30 -> #VALUE! | K72: =100-K30 -> 27.1 | ... HI72: =100-HI30 -> 4.6
A73: 72 | B73: =B31 -> Forced labour per country per sector (SHDB) | D73: =D31 -> NV | E73: =E31 -> NV | F73: =F31 -> NV | G73: =G31 -> NV | H73: =H31 -> NV | I73: =I31 -> NV | J73: =J31 -> NV | K73: =K31 -> NV | ... HI73: =HI31 -> NV
A74: 73 | B74: =B32 -> High conflict zones per country per sector (SHDB) | D74: =D32 -> NV | E74: =E32 -> NV | F74: =F32 -> NV | G74: =G32 -> NV | H74: =H32 -> NV | I74: =I32 -> NV | J74: =J32 -> NV | K74: =K32 -> NV | ... HI74: =HI32 -> NV
A75: 74 | B75: =B33 -> Child labour per country per sector (SHDB) (2010-2019) | D75: =D33 -> 18.952 | E75: =E33 -> 2.703 | F75: =F33 -> 2.842 | G75: =G33 -> NV | H75: =H33 -> NV | I75: =I33 -> 9.666 | J75: =J33 -> NV | K75: =K33 -> NV | ... HI75: =HI33 -> 25.588
A76: 75 | B76: =B34 -> Food Security Index (FSI) (2022) | D76: =100-D34 -> #VALUE! | E76: =100-E34 -> #VALUE! | F76: =100-F34 -> 41.1 | G76: =100-G34 -> #VALUE! | H76: =100-H34 -> #VALUE! | I76: =100-I34 -> 56.3 | J76: =100-J34 -> #VALUE! | K76: =100-K34 -> #VALUE! | ... HI76: =100-HI34 -> #VALUE!
A77: 76 | B77: =B35 -> Disease outbreaks? | D77: =D35 -> NV | E77: =E35 -> NV | F77: =F35 -> NV | G77: =G35 -> NV | H77: =H35 -> NV | I77: =I35 -> NV | J77: =J35 -> NV | K77: =K35 -> NV | ... HI77: =HI35 -> NV
A78: 77 | B78: =B36 -> Land-use regulation? | D78: =D36 -> NV | E78: =E36 -> NV | F78: =F36 -> NV | G78: =G36 -> NV | H78: =H36 -> NV | I78: =I36 -> NV | J78: =J36 -> NV | K78: =K36 -> NV | ... HI78: =HI36 -> NV
A79: 78 | B79: =B37 -> 0
A80: 79 | B80: =B38 -> 0
A81: 80 | B81: =B39 -> 0
A82: 81 | B82: =B40 -> 0
A83: 82 | B83: =B41 -> 0
A84: 83 | B84: =B42 -> 0
B85: =B41 -> 0
B86: =B42 -> 0
AD95: Carrara, S. et al. 2023

Sheet Results
B2: Low-q green wood | C2: Electricity | D2: Virgin sawdust | E2: Residual biomass | F2: Adhesive | G2: Cobalt | H2: Lithium | J2: Max
A3: Supply is dominated in a few countries (bottleneck) | B3: {=17.5*LN(INDIRECT("'"&B$2&"'"&"!"&"B231"))-61.18} -> 100.00096 | C3: {=17.5*LN(INDIRECT("'"&C$2&"'"&"!"&"B231"))-61.18} -> #NUM! | D3: {=17.5*LN(INDIRECT("'"&D$2&"'"&"!"&"B231"))-61.18} -> 100.00096 | E3: {=17.5*LN(INDIRECT("'"&E$2&"'"&"!"&"B231"))-61.18} -> 100.00096 | F3: {=17.5*LN(INDIRECT("'"&F$2&"'"&"!"&"B231"))-61.18} -> 81.162916 | G3: 88.025526 | H3: 83.696938 | J3: =_xlfn.AGGREGATE(4,6,(B3:H3)) -> 100.00096
A4: =Template!D233 -> WGI - Political stability & absence of Violence/terrorism (2020) | B4: {=INDIRECT("'"&B$2&"'"&"!"&"A233")} -> 41.981133 | C4: {=INDIRECT("'"&C$2&"'"&"!"&"A233")} -> 0 | D4: {=INDIRECT("'"&D$2&"'"&"!"&"A233")} -> 41.981133 | E4: {=INDIRECT("'"&E$2&"'"&"!"&"A233")} -> 41.981133 | F4: {=INDIRECT("'"&F$2&"'"&"!"&"A233")} -> 54.056604 | G4: 78.288679 | H4: 55.976416 | J4: =_xlfn.AGGREGATE(4,6,(B4:H4)) -> 78.288679
A5: =Template!D234 -> WGI - Government effectiveness (2020) | B5: {=INDIRECT("'"&B$2&"'"&"!"&"A234")} -> 22.115387 | C5: {=INDIRECT("'"&C$2&"'"&"!"&"A234")} -> 0 | D5: {=INDIRECT("'"&D$2&"'"&"!"&"A234")} -> 22.115387 | E5: {=INDIRECT("'"&E$2&"'"&"!"&"A234")} -> 22.115387 | F5: {=INDIRECT("'"&F$2&"'"&"!"&"A234")} -> 24.096154 | G5: 77.190865 | H5: 26.278845 | J5: =_xlfn.AGGREGATE(4,6,(B5:H5)) -> 77.190865
A6: =Template!D235 -> WGI - Regulatory Quality (2020) | B6: {=INDIRECT("'"&B$2&"'"&"!"&"A235")} -> 26.442307 | C6: {=INDIRECT("'"&C$2&"'"&"!"&"A235")} -> 0 | D6: {=INDIRECT("'"&D$2&"'"&"!"&"A235")} -> 26.442307 | E6: {=INDIRECT("'"&E$2&"'"&"!"&"A235")} -> 26.442307 | F6: {=INDIRECT("'"&F$2&"'"&"!"&"A235")} -> 33.480769 | G6: 77.712019 | H6: 35.663463 | J6: =_xlfn.AGGREGATE(4,6,(B6:H6)) -> 77.712019
A7: =Template!D236 -> WGI - Rule of law (2020) | B7: {=INDIRECT("'"&B$2&"'"&"!"&"A236")} -> 21.634613 | C7: {=INDIRECT("'"&C$2&"'"&"!"&"A236")} -> 0 | D7: {=INDIRECT("'"&D$2&"'"&"!"&"A236")} -> 21.634613 | E7: {=INDIRECT("'"&E$2&"'"&"!"&"A236")} -> 21.634613 | F7: {=INDIRECT("'"&F$2&"'"&"!"&"A236")} -> 32.283653 | G7: 80.100961 | H7: 33.086539 | J7: =_xlfn.AGGREGATE(4,6,(B7:H7)) -> 80.100961
A8: =Template!D237 -> WGI - Control of corruption (2020) | B8: {=INDIRECT("'"&B$2&"'"&"!"&"A237")} -> 23.557693 | C8: {=INDIRECT("'"&C$2&"'"&"!"&"A237")} -> 0 | D8: {=INDIRECT("'"&D$2&"'"&"!"&"A237")} -> 23.557693 | E8: {=INDIRECT("'"&E$2&"'"&"!"&"A237")} -> 23.557693 | F8: {=INDIRECT("'"&F$2&"'"&"!"&"A237")} -> 32.403846 | G8: 79.775481 | H8: 31.740385 | J8: =_xlfn.AGGREGATE(4,6,(B8:H8)) -> 79.775481
A9: =Template!D238 -> WGI - Voice and Accountability (2020) | B9: {=INDIRECT("'"&B$2&"'"&"!"&"A238")} -> 19.323669 | C9: {=INDIRECT("'"&C$2&"'"&"!"&"A238")} -> 0 | D9: {=INDIRECT("'"&D$2&"'"&"!"&"A238")} -> 19.323669 | E9: {=INDIRECT("'"&E$2&"'"&"!"&"A238")} -> 19.323669 | F9: {=INDIRECT("'"&F$2&"'"&"!"&"A238")} -> 58.975846 | G9: 72.549758 | H9: 50.227051 | J9: =_xlfn.AGGREGATE(4,6,(B9:H9)) -> 72.549758
A10: =Template!D239 -> Fragile State Index (2022) | B10: {=INDIRECT("'"&B$2&"'"&"!"&"A239")} -> 33.916667 | C10: {=INDIRECT("'"&C$2&"'"&"!"&"A239")} -> 0 | D10: {=INDIRECT("'"&D$2&"'"&"!"&"A239")} -> 33.916667 | E10: {=INDIRECT("'"&E$2&"'"&"!"&"A239")} -> 33.916667 | F10: {=INDIRECT("'"&F$2&"'"&"!"&"A239")} -> 45.469167 | G10: 76.154 | H10: 43.543333 | J10: =_xlfn.AGGREGATE(4,6,(B10:H10)) -> 76.154
A11: =Template!D240 -> Policy Perception Index (2021) | B11: {=INDIRECT("'"&B$2&"'"&"!"&"A240")} -> 41.12 | C11: {=INDIRECT("'"&C$2&"'"&"!"&"A240")} -> 0 | D11: {=INDIRECT("'"&D$2&"'"&"!"&"A240")} -> 41.12 | E11: {=INDIRECT("'"&E$2&"'"&"!"&"A240")} -> 41.12 | F11: {=INDIRECT("'"&F$2&"'"&"!"&"A240")} -> 37.4987 | G11: 48.418704 | H11: 34.829223 | J11: =_xlfn.AGGREGATE(4,6,(B11:H11)) -> 48.418704
A12: =Template!D241 -> Enabling trade index (2016) | B12: {=INDIRECT("'"&B$2&"'"&"!"&"A241")} -> 28.666667 | C12: {=INDIRECT("'"&C$2&"'"&"!"&"A241")} -> 0 | D12: {=INDIRECT("'"&D$2&"'"&"!"&"A241")} -> 28.666667 | E12: {=INDIRECT("'"&E$2&"'"&"!"&"A241")} -> 28.666667 | F12: {=INDIRECT("'"&F$2&"'"&"!"&"A241")} -> 36.676667 | G12: 54.6245 | H12: 36.533333 | J12: =_xlfn.AGGREGATE(4,6,(B12:H12)) -> 54.6245
A13: =Template!D242 -> Environmental Performance Index (2024) | B13: {=INDIRECT("'"&B$2&"'"&"!"&"A242")} -> 36 | C13: {=INDIRECT("'"&C$2&"'"&"!"&"A242")} -> 0 | D13: {=INDIRECT("'"&D$2&"'"&"!"&"A242")} -> 36 | E13: {=INDIRECT("'"&E$2&"'"&"!"&"A242")} -> 36 | F13: {=INDIRECT("'"&F$2&"'"&"!"&"A242")} -> 50.11 | G13: 56.1594 | H13: 51.488 | J13: =_xlfn.AGGREGATE(4,6,(B13:H13)) -> 56.1594
A14: =Template!D243 -> Child labour (% ages 5-17) (2010-2019) | B14: {=INDIRECT("'"&B$2&"'"&"!"&"A243")} -> 0 | C14: {=INDIRECT("'"&C$2&"'"&"!"&"A243")} -> 0 | D14: {=INDIRECT("'"&D$2&"'"&"!"&"A243")} -> 0 | E14: {=INDIRECT("'"&E$2&"'"&"!"&"A243")} -> 0 | F14: {=INDIRECT("'"&F$2&"'"&"!"&"A243")} -> 0.378 | G14: 10.9287 | H14: 2.714 | J14: =_xlfn.AGGREGATE(4,6,(B14:H14)) -> 10.9287
A15: =Template!D244 -> Global Peace Index (2022) | B15: {=INDIRECT("'"&B$2&"'"&"!"&"A244")} -> 17.8 | C15: {=INDIRECT("'"&C$2&"'"&"!"&"A244")} -> 0 | D15: {=INDIRECT("'"&D$2&"'"&"!"&"A244")} -> 17.8 | E15: {=INDIRECT("'"&E$2&"'"&"!"&"A244")} -> 17.8 | F15: {=INDIRECT("'"&F$2&"'"&"!"&"A244")} -> 26.11875 | G15: 45.7932 | H15: 24.973 | J15: =_xlfn.AGGREGATE(4,6,(B15:H15)) -> 45.7932
A16: =Template!D245 -> Corruption Perceptions Index CPI (2021) | B16: {=INDIRECT("'"&B$2&"'"&"!"&"A245")} -> 39 | C16: {=INDIRECT("'"&C$2&"'"&"!"&"A245")} -> 0 | D16: {=INDIRECT("'"&D$2&"'"&"!"&"A245")} -> 39 | E16: {=INDIRECT("'"&E$2&"'"&"!"&"A245")} -> 39 | F16: {=INDIRECT("'"&F$2&"'"&"!"&"A245")} -> 43.2 | G16: 69.571 | H16: 44.88 | J16: =_xlfn.AGGREGATE(4,6,(B16:H16)) -> 69.571
A17: =Template!D246 -> Human Development Index HDI (2019) | B17: {=INDIRECT("'"&B$2&"'"&"!"&"A246")} -> 9.6 | C17: {=INDIRECT("'"&C$2&"'"&"!"&"A246")} -> 0 | D17: {=INDIRECT("'"&D$2&"'"&"!"&"A246")} -> 9.6 | E17: {=INDIRECT("'"&E$2&"'"&"!"&"A246")} -> 9.6 | F17: {=INDIRECT("'"&F$2&"'"&"!"&"A246")} -> 16.468 | G17: 41.6963 | H17: 18.085 | J17: =_xlfn.AGGREGATE(4,6,(B17:H17)) -> 41.6963
A18: =Template!D247 -> Natural disaster Index (NDI) (2013) | B18: {=INDIRECT("'"&B$2&"'"&"!"&"A247")} -> 3.07 | C18: {=INDIRECT("'"&C$2&"'"&"!"&"A247")} -> 0 | D18: {=INDIRECT("'"&D$2&"'"&"!"&"A247")} -> 3.07 | E18: {=INDIRECT("'"&E$2&"'"&"!"&"A247")} -> 3.07 | F18: {=INDIRECT("'"&F$2&"'"&"!"&"A247")} -> 18.3771 | J18: =_xlfn.AGGREGATE(4,6,(B18:H18)) -> 18.3771
A19: =Template!D248 -> Economic Vulnerability Index (2024) | B19: {=INDIRECT("'"&B$2&"'"&"!"&"A248")/1} -> 0 | C19: {=INDIRECT("'"&C$2&"'"&"!"&"A248")} -> 0 | D19: {=INDIRECT("'"&D$2&"'"&"!"&"A248")} -> 0 | E19: {=INDIRECT("'"&E$2&"'"&"!"&"A248")} -> 0 | F19: {=INDIRECT("'"&F$2&"'"&"!"&"A248")} -> 12.27 | J19: =_xlfn.AGGREGATE(4,6,(B19:H19)) -> 12.27
A20: =Template!D249 -> Economic Vulnerability Index - Share of agriculture, forestry and fisheries (2024) | B20: {=INDIRECT("'"&B$2&"'"&"!"&"A249")} -> 0 | C20: {=INDIRECT("'"&C$2&"'"&"!"&"A249")} -> 0 | D20: {=INDIRECT("'"&D$2&"'"&"!"&"A249")} -> 0 | E20: {=INDIRECT("'"&E$2&"'"&"!"&"A249")} -> 0 | F20: {=INDIRECT("'"&F$2&"'"&"!"&"A249")} -> 4.523 | J20: =_xlfn.AGGREGATE(4,6,(B20:H20)) -> 4.523
A21: =Template!D250 -> Economic Vulnerability Index - Remoteness and landlockedness (2024) | B21: {=INDIRECT("'"&B$2&"'"&"!"&"A250")} -> 0 | C21: {=INDIRECT("'"&C$2&"'"&"!"&"A250")} -> 0 | D21: {=INDIRECT("'"&D$2&"'"&"!"&"A250")} -> 0 | E21: {=INDIRECT("'"&E$2&"'"&"!"&"A250")} -> 0 | F21: {=INDIRECT("'"&F$2&"'"&"!"&"A250")} -> 22.076 | J21: =_xlfn.AGGREGATE(4,6,(B21:H21)) -> 22.076
A22: =Template!D251 -> Economic Vulnerability Index - Export concentration (2024) | B22: {=INDIRECT("'"&B$2&"'"&"!"&"A251")} -> 0 | C22: {=INDIRECT("'"&C$2&"'"&"!"&"A251")} -> 0 | D22: {=INDIRECT("'"&D$2&"'"&"!"&"A251")} -> 0 | E22: {=INDIRECT("'"&E$2&"'"&"!"&"A251")} -> 0 | F22: {=INDIRECT("'"&F$2&"'"&"!"&"A251")} -> 2.196 | J22: =_xlfn.AGGREGATE(4,6,(B22:H22)) -> 2.196
A23: =Template!D252 -> Economic Vulnerability Index - Export instability (2024) | B23: {=INDIRECT("'"&B$2&"'"&"!"&"A252")} -> 0 | C23: {=INDIRECT("'"&C$2&"'"&"!"&"A252")} -> 0 | D23: {=INDIRECT("'"&D$2&"'"&"!"&"A252")} -> 0 | E23: {=INDIRECT("'"&E$2&"'"&"!"&"A252")} -> 0 | F23: {=INDIRECT("'"&F$2&"'"&"!"&"A252")} -> 1.188 | J23: =_xlfn.AGGREGATE(4,6,(B23:H23)) -> 1.188
A24: =Template!D253 -> Economic Vulnerability Index - Share of population living in low elevated coastal zones (2024) | B24: {=INDIRECT("'"&B$2&"'"&"!"&"A253")} -> 0 | C24: {=INDIRECT("'"&C$2&"'"&"!"&"A253")} -> 0 | D24: {=INDIRECT("'"&D$2&"'"&"!"&"A253")} -> 0 | E24: {=INDIRECT("'"&E$2&"'"&"!"&"A253")} -> 0 | F24: {=INDIRECT("'"&F$2&"'"&"!"&"A253")} -> 2.7 | J24: =_xlfn.AGGREGATE(4,6,(B24:H24)) -> 2.7
A25: =Template!D254 -> Economic Vulnerability Index - Share of population living in drylands (2024) | B25: {=INDIRECT("'"&B$2&"'"&"!"&"A254")} -> 0 | C25: {=INDIRECT("'"&C$2&"'"&"!"&"A254")} -> 0 | D25: {=INDIRECT("'"&D$2&"'"&"!"&"A254")} -> 0 | E25: {=INDIRECT("'"&E$2&"'"&"!"&"A254")} -> 0 | F25: {=INDIRECT("'"&F$2&"'"&"!"&"A254")} -> 16.842 | J25: =_xlfn.AGGREGATE(4,6,(B25:H25)) -> 16.842
A26: =Template!D255 -> Economic Vulnerability Index - Agricultural instability (2024) | B26: {=INDIRECT("'"&B$2&"'"&"!"&"A255")} -> 0 | C26: {=INDIRECT("'"&C$2&"'"&"!"&"A255")} -> 0 | D26: {=INDIRECT("'"&D$2&"'"&"!"&"A255")} -> 0 | E26: {=INDIRECT("'"&E$2&"'"&"!"&"A255")} -> 0 | F26: {=INDIRECT("'"&F$2&"'"&"!"&"A255")} -> 1.002 | J26: =_xlfn.AGGREGATE(4,6,(B26:H26)) -> 1.002
A27: =Template!D256 -> Economic Vulnerability Index - Victims of disasters (%) (2024) | B27: {=INDIRECT("'"&B$2&"'"&"!"&"A256")} -> 0 | C27: {=INDIRECT("'"&C$2&"'"&"!"&"A256")} -> 0 | D27: {=INDIRECT("'"&D$2&"'"&"!"&"A256")} -> 0 | E27: {=INDIRECT("'"&E$2&"'"&"!"&"A256")} -> 0 | F27: {=INDIRECT("'"&F$2&"'"&"!"&"A256")} -> 1.892 | J27: =_xlfn.AGGREGATE(4,6,(B27:H27)) -> 1.892
A28: =Template!D257 -> Water Depletion Index (WDI) (2018) | B28: {=INDIRECT("'"&B$2&"'"&"!"&"A257")} -> 94.862867 | C28: {=INDIRECT("'"&C$2&"'"&"!"&"A257")} -> 0 | D28: {=INDIRECT("'"&D$2&"'"&"!"&"A257")} -> 94.862867 | E28: {=INDIRECT("'"&E$2&"'"&"!"&"A257")} -> 94.862867 | F28: {=INDIRECT("'"&F$2&"'"&"!"&"A257")} -> 43.400501 | J28: =_xlfn.AGGREGATE(4,6,(B28:H28)) -> 94.862867
A29: =Template!D258 -> EPI Species Habitat Index (2024) | B29: {=INDIRECT("'"&B$2&"'"&"!"&"A258")} -> 32.7 | C29: {=INDIRECT("'"&C$2&"'"&"!"&"A258")} -> 0 | D29: {=INDIRECT("'"&D$2&"'"&"!"&"A258")} -> 32.7 | E29: {=INDIRECT("'"&E$2&"'"&"!"&"A258")} -> 32.7 | F29: {=INDIRECT("'"&F$2&"'"&"!"&"A258")} -> 63.779 | J29: =_xlfn.AGGREGATE(4,6,(B29:H29)) -> 63.779
A30: =Template!D259 -> EPI Protected Area Representativeness Index (2024) | B30: {=INDIRECT("'"&B$2&"'"&"!"&"A259")} -> 40.5 | C30: {=INDIRECT("'"&C$2&"'"&"!"&"A259")} -> 0 | D30: {=INDIRECT("'"&D$2&"'"&"!"&"A259")} -> 40.5 | E30: {=INDIRECT("'"&E$2&"'"&"!"&"A259")} -> 40.5 | F30: {=INDIRECT("'"&F$2&"'"&"!"&"A259")} -> 70.712 | J30: =_xlfn.AGGREGATE(4,6,(B30:H30)) -> 70.712
A31: =Template!D260 -> EPI Marine Protected Areas (2024) | B31: {=INDIRECT("'"&B$2&"'"&"!"&"A260")} -> 52.6 | C31: {=INDIRECT("'"&C$2&"'"&"!"&"A260")} -> 0 | D31: {=INDIRECT("'"&D$2&"'"&"!"&"A260")} -> 52.6 | E31: {=INDIRECT("'"&E$2&"'"&"!"&"A260")} -> 52.6 | F31: {=INDIRECT("'"&F$2&"'"&"!"&"A260")} -> 65.093
A32: =Template!D261 -> EPI Terrestrial Protected Areas (2024) | B32: {=INDIRECT("'"&B$2&"'"&"!"&"A261")} -> 35.7 | C32: {=INDIRECT("'"&C$2&"'"&"!"&"A261")} -> 0 | D32: {=INDIRECT("'"&D$2&"'"&"!"&"A261")} -> 35.7 | E32: {=INDIRECT("'"&E$2&"'"&"!"&"A261")} -> 35.7 | F32: {=INDIRECT("'"&F$2&"'"&"!"&"A261")} -> 68.743
A33: =Template!D262 -> Forced labour per country per sector (SHDB) | B33: {=INDIRECT("'"&B$2&"'"&"!"&"A262")} -> 0 | C33: {=INDIRECT("'"&C$2&"'"&"!"&"A262")} -> 0 | D33: {=INDIRECT("'"&D$2&"'"&"!"&"A262")} -> 0 | E33: {=INDIRECT("'"&E$2&"'"&"!"&"A262")} -> 0 | F33: {=INDIRECT("'"&F$2&"'"&"!"&"A262")} -> 0
A34: =Template!D263 -> High conflict zones per country per sector (SHDB) | B34: {=INDIRECT("'"&B$2&"'"&"!"&"A263")} -> 0 | C34: {=INDIRECT("'"&C$2&"'"&"!"&"A263")} -> 0 | D34: {=INDIRECT("'"&D$2&"'"&"!"&"A263")} -> 0 | E34: {=INDIRECT("'"&E$2&"'"&"!"&"A263")} -> 0 | F34: {=INDIRECT("'"&F$2&"'"&"!"&"A263")} -> 0
A35: =Template!D264 -> Child labour per country per sector (SHDB) (2010-2019) | B35: {=INDIRECT("'"&B$2&"'"&"!"&"A264")} -> 0 | C35: {=INDIRECT("'"&C$2&"'"&"!"&"A264")} -> 0 | D35: {=INDIRECT("'"&D$2&"'"&"!"&"A264")} -> 0 | E35: {=INDIRECT("'"&E$2&"'"&"!"&"A264")} -> 0 | F35: {=INDIRECT("'"&F$2&"'"&"!"&"A264")} -> 0.08218
A36: =Template!D265 -> Food Security Index (FSI) (2022) | B36: {=INDIRECT("'"&B$2&"'"&"!"&"A265")} -> 24.3 | C36: {=INDIRECT("'"&C$2&"'"&"!"&"A265")} -> 0 | D36: {=INDIRECT("'"&D$2&"'"&"!"&"A265")} -> 24.3 | E36: {=INDIRECT("'"&E$2&"'"&"!"&"A265")} -> 24.3 | F36: {=INDIRECT("'"&F$2&"'"&"!"&"A265")} -> 25.296
A37: =Template!D266 -> Disease outbreaks? | B37: {=INDIRECT("'"&B$2&"'"&"!"&"A266")} -> 0 | C37: {=INDIRECT("'"&C$2&"'"&"!"&"A266")} -> 0 | D37: {=INDIRECT("'"&D$2&"'"&"!"&"A266")} -> 0 | E37: {=INDIRECT("'"&E$2&"'"&"!"&"A266")} -> 0 | F37: {=INDIRECT("'"&F$2&"'"&"!"&"A266")} -> 0
A38: =Template!D267 -> Land-use regulation? | B38: {=INDIRECT("'"&B$2&"'"&"!"&"A267")} -> 0 | C38: {=INDIRECT("'"&C$2&"'"&"!"&"A267")} -> 0 | D38: {=INDIRECT("'"&D$2&"'"&"!"&"A267")} -> 0 | E38: {=INDIRECT("'"&E$2&"'"&"!"&"A267")} -> 0 | F38: {=INDIRECT("'"&F$2&"'"&"!"&"A267")} -> 0
A39: =Template!D268 -> 0 | B39: {=INDIRECT("'"&B$2&"'"&"!"&"A268")} -> 0 | C39: {=INDIRECT("'"&C$2&"'"&"!"&"A268")} -> 0 | D39: {=INDIRECT("'"&D$2&"'"&"!"&"A268")} -> 0 | E39: {=INDIRECT("'"&E$2&"'"&"!"&"A268")} -> 0 | F39: {=INDIRECT("'"&F$2&"'"&"!"&"A268")} -> 0
A40: =Template!D269 -> 0 | B40: {=INDIRECT("'"&B$2&"'"&"!"&"A269")} -> 0 | C40: {=INDIRECT("'"&C$2&"'"&"!"&"A269")} -> 0 | D40: {=INDIRECT("'"&D$2&"'"&"!"&"A269")} -> 0 | E40: {=INDIRECT("'"&E$2&"'"&"!"&"A269")} -> 0 | F40: {=INDIRECT("'"&F$2&"'"&"!"&"A269")} -> 0
A41: =Template!D270 -> 0 | B41: {=INDIRECT("'"&B$2&"'"&"!"&"A270")} -> 0 | C41: {=INDIRECT("'"&C$2&"'"&"!"&"A270")} -> 0 | D41: {=INDIRECT("'"&D$2&"'"&"!"&"A270")} -> 0 | E41: {=INDIRECT("'"&E$2&"'"&"!"&"A270")} -> 0 | F41: {=INDIRECT("'"&F$2&"'"&"!"&"A270")} -> 0
A42: =Template!D271 -> 0 | B42: {=INDIRECT("'"&B$2&"'"&"!"&"A271")} -> 0 | C42: {=INDIRECT("'"&C$2&"'"&"!"&"A271")} -> 0 | D42: {=INDIRECT("'"&D$2&"'"&"!"&"A271")} -> 0 | E42: {=INDIRECT("'"&E$2&"'"&"!"&"A271")} -> 0 | F42: {=INDIRECT("'"&F$2&"'"&"!"&"A271")} -> 0
A43: =Template!D272 -> 0 | B43: {=INDIRECT("'"&B$2&"'"&"!"&"A272")} -> 0 | C43: {=INDIRECT("'"&C$2&"'"&"!"&"A272")} -> 0 | D43: {=INDIRECT("'"&D$2&"'"&"!"&"A272")} -> 0 | E43: {=INDIRECT("'"&E$2&"'"&"!"&"A272")} -> 0 | F43: {=INDIRECT("'"&F$2&"'"&"!"&"A272")} -> 0
A44: Total subjected to export restrictions | B44: {=INDIRECT("'"&B$2&"'"&"!"&"A273")} -> 0 | C44: {=INDIRECT("'"&C$2&"'"&"!"&"A273")} -> 0 | D44: {=INDIRECT("'"&D$2&"'"&"!"&"A273")} -> 0 | E44: {=INDIRECT("'"&E$2&"'"&"!"&"A273")} -> 0 | F44: {=INDIRECT("'"&F$2&"'"&"!"&"A273")} -> 0.15 | G44: 0.786 | H44: 0.11 | J44: =_xlfn.AGGREGATE(4,6,(B44:H44)) -> 0.786
A45: =Template!C283 -> Potential to recycle | B45: {=INDIRECT("'"&B$2&"'"&"!"&"D283")} -> 50 | C45: {=INDIRECT("'"&C$2&"'"&"!"&"D283")} -> 0 | D45: {=INDIRECT("'"&D$2&"'"&"!"&"D283")} -> 100 | E45: {=INDIRECT("'"&E$2&"'"&"!"&"D283")} -> 100 | F45: {=INDIRECT("'"&F$2&"'"&"!"&"D283")} -> 100 | J45: =_xlfn.AGGREGATE(4,6,(B45:H45)) -> 100
A46: Amount of phosphorous applied (kg) in a product system | B46: {=INDIRECT("'"&B$2&"'"&"!"&"H287")} -> 0 | C46: {=INDIRECT("'"&C$2&"'"&"!"&"H287")} -> 0 | D46: {=INDIRECT("'"&D$2&"'"&"!"&"H287")} -> 0 | E46: {=INDIRECT("'"&E$2&"'"&"!"&"H287")} -> 0 | F46: {=INDIRECT("'"&F$2&"'"&"!"&"H287")} -> 0 | J46: =_xlfn.AGGREGATE(4,6,(B46:H46)) -> 0
A47: Amount of land used (h/year) in a product system | B47: {=INDIRECT("'"&B$2&"'"&"!"&"H288")} -> 0 | C47: {=INDIRECT("'"&C$2&"'"&"!"&"H288")} -> 0 | D47: {=INDIRECT("'"&D$2&"'"&"!"&"H288")} -> 0 | E47: {=INDIRECT("'"&E$2&"'"&"!"&"H288")} -> 0 | F47: {=INDIRECT("'"&F$2&"'"&"!"&"H288")} -> 0 | J47: =_xlfn.AGGREGATE(4,6,(B47:H47)) -> 0
A48: Cradle-to-gate LCA (single score) | B48: {=INDIRECT("'"&B$2&"'"&"!"&"H289")} -> 0 | C48: {=INDIRECT("'"&C$2&"'"&"!"&"H289")} -> 0 | D48: {=INDIRECT("'"&D$2&"'"&"!"&"H289")} -> 0 | E48: {=INDIRECT("'"&E$2&"'"&"!"&"H289")} -> 0 | F48: {=INDIRECT("'"&F$2&"'"&"!"&"H289")} -> 0 | G48: 4.5169385 | H48: 2.6348808 | J48: =_xlfn.AGGREGATE(4,6,(B48:H48)) -> 4.5169385
A49: Climate change | B49: {=INDIRECT("'"&B$2&"'"&"!"&"H290")} -> 0 | C49: {=INDIRECT("'"&C$2&"'"&"!"&"H290")} -> 0 | D49: {=INDIRECT("'"&D$2&"'"&"!"&"H290")} -> 0 | E49: {=INDIRECT("'"&E$2&"'"&"!"&"H290")} -> 0 | F49: {=INDIRECT("'"&F$2&"'"&"!"&"H290")} -> 0 | J49: =_xlfn.AGGREGATE(4,6,(B49:H49)) -> 0
A50: Acidification | B50: {=INDIRECT("'"&B$2&"'"&"!"&"H291")} -> 0 | C50: {=INDIRECT("'"&C$2&"'"&"!"&"H291")} -> 0 | D50: {=INDIRECT("'"&D$2&"'"&"!"&"H291")} -> 0 | E50: {=INDIRECT("'"&E$2&"'"&"!"&"H291")} -> 0 | F50: {=INDIRECT("'"&F$2&"'"&"!"&"H291")} -> 0 | J50: =_xlfn.AGGREGATE(4,6,(B50:H50)) -> 0
A51: Eutrophication | B51: {=INDIRECT("'"&B$2&"'"&"!"&"H292")} -> 0 | C51: {=INDIRECT("'"&C$2&"'"&"!"&"H292")} -> 0 | D51: {=INDIRECT("'"&D$2&"'"&"!"&"H292")} -> 0 | E51: {=INDIRECT("'"&E$2&"'"&"!"&"H292")} -> 0 | F51: {=INDIRECT("'"&F$2&"'"&"!"&"H292")} -> 0 | J51: =_xlfn.AGGREGATE(4,6,(B51:H51)) -> 0
A52: Ozone Depletion | B52: {=INDIRECT("'"&B$2&"'"&"!"&"H293")} -> 0 | C52: {=INDIRECT("'"&C$2&"'"&"!"&"H293")} -> 0 | D52: {=INDIRECT("'"&D$2&"'"&"!"&"H293")} -> 0 | E52: {=INDIRECT("'"&E$2&"'"&"!"&"H293")} -> 0 | F52: {=INDIRECT("'"&F$2&"'"&"!"&"H293")} -> 0 | J52: =_xlfn.AGGREGATE(4,6,(B52:H52)) -> 0
A53: Photochemical ozone formation | B53: {=INDIRECT("'"&B$2&"'"&"!"&"H294")} -> 0 | C53: {=INDIRECT("'"&C$2&"'"&"!"&"H294")} -> 0 | D53: {=INDIRECT("'"&D$2&"'"&"!"&"H294")} -> 0 | E53: {=INDIRECT("'"&E$2&"'"&"!"&"H294")} -> 0 | F53: {=INDIRECT("'"&F$2&"'"&"!"&"H294")} -> 0 | J53: =_xlfn.AGGREGATE(4,6,(B53:H53)) -> 0
A54: Cumulative energy demand | B54: {=INDIRECT("'"&B$2&"'"&"!"&"H295")} -> 0 | C54: {=INDIRECT("'"&C$2&"'"&"!"&"H295")} -> 0 | D54: {=INDIRECT("'"&D$2&"'"&"!"&"H295")} -> 0 | E54: {=INDIRECT("'"&E$2&"'"&"!"&"H295")} -> 0 | F54: {=INDIRECT("'"&F$2&"'"&"!"&"H295")} -> 0 | G54: 128 | H54: 125 | J54: =_xlfn.AGGREGATE(4,6,(B54:H54)) -> 128
A55: Threatened Species Index (TSI) | B55: {=INDIRECT("'"&B$2&"'"&"!"&"H296")} -> 0 | C55: {=INDIRECT("'"&C$2&"'"&"!"&"H296")} -> 0 | D55: {=INDIRECT("'"&D$2&"'"&"!"&"H296")} -> 0 | E55: {=INDIRECT("'"&E$2&"'"&"!"&"H296")} -> 0 | F55: {=INDIRECT("'"&F$2&"'"&"!"&"H296")} -> 0 | J55: =_xlfn.AGGREGATE(4,6,(B55:H55)) -> 0
A56: Primary material use (%) | B56: {=INDIRECT("'"&B$2&"'"&"!"&"H299")} -> 100 | C56: {=INDIRECT("'"&C$2&"'"&"!"&"H299")} -> 0 | D56: {=INDIRECT("'"&D$2&"'"&"!"&"H299")} -> 0 | E56: {=INDIRECT("'"&E$2&"'"&"!"&"H299")} -> 0 | F56: {=INDIRECT("'"&F$2&"'"&"!"&"H299")} -> 100 | J56: =_xlfn.AGGREGATE(4,6,(B56:H56)) -> 100
A57: Biotic resource depletion | B57: {=INDIRECT("'"&B$2&"'"&"!"&"H304")} -> #DIV/0! | C57: {=INDIRECT("'"&C$2&"'"&"!"&"H304")} -> 0 | D57: {=INDIRECT("'"&D$2&"'"&"!"&"H304")} -> #DIV/0! | E57: {=INDIRECT("'"&E$2&"'"&"!"&"H304")} -> #DIV/0! | F57: {=INDIRECT("'"&F$2&"'"&"!"&"H304")} -> #DIV/0! | J57: =_xlfn.AGGREGATE(4,6,(B57:H57)) -> 0
A58: Replenishment rate (man-made biotic materials) | B58: {=INDIRECT("'"&B$2&"'"&"!"&"H308")*40} -> 60 | C58: {=INDIRECT("'"&C$2&"'"&"!"&"H308")*40} -> 0 | D58: {=INDIRECT("'"&D$2&"'"&"!"&"H308")*40} -> 0 | E58: {=INDIRECT("'"&E$2&"'"&"!"&"H308")*40} -> 0 | F58: {=INDIRECT("'"&F$2&"'"&"!"&"H308")*40} -> 0 | J58: =_xlfn.AGGREGATE(4,6,(B58:H58)) -> 60
A59: Substance of very high concern for Authorisation (REACH framework) | B59: {=INDIRECT("'"&B$2&"'"&"!"&"H310")} -> 0 | C59: {=INDIRECT("'"&C$2&"'"&"!"&"H310")} -> 0 | D59: {=INDIRECT("'"&D$2&"'"&"!"&"H310")} -> 0 | E59: {=INDIRECT("'"&E$2&"'"&"!"&"H310")} -> 0 | F59: {=INDIRECT("'"&F$2&"'"&"!"&"H310")} -> 100 | G59: 0 | H59: 0 | J59: =_xlfn.AGGREGATE(4,6,(B59:H59)) -> 100
A60: % supply as by-product | B60: {=INDIRECT("'"&B$2&"'"&"!"&"H312")} -> 1 | C60: {=INDIRECT("'"&C$2&"'"&"!"&"H312")} -> 0 | D60: {=INDIRECT("'"&D$2&"'"&"!"&"H312")} -> 1 | E60: {=INDIRECT("'"&E$2&"'"&"!"&"H312")} -> 1 | F60: {=INDIRECT("'"&F$2&"'"&"!"&"H312")} -> 0 | G60: 0.98 | H60: 0.52 | J60: =_xlfn.AGGREGATE(4,6,(B60:H60)) -> 1
A61: % expected demand growth | B61: {=INDIRECT("'"&B$2&"'"&"!"&"H318")} -> 0 | C61: {=INDIRECT("'"&C$2&"'"&"!"&"H318")} -> 0 | D61: {=INDIRECT("'"&D$2&"'"&"!"&"H318")} -> 0 | E61: {=INDIRECT("'"&E$2&"'"&"!"&"H318")} -> 0 | F61: {=INDIRECT("'"&F$2&"'"&"!"&"H318")} -> 0.052 | G61: 0.10990058 | H61: 0.21669448 | J61: =_xlfn.AGGREGATE(4,6,(B61:H61)) -> 0.21669448
A64: Normalized values | B64: Low-quality green wood | C64: =C2 -> Electricity | D64: =D2 -> Virgin sawdust | E64: =E2 -> Residual biomass | F64: =F2 -> Adhesive | G64: =G2 -> Cobalt | H64: =H2 -> Lithium
A65: =A3 -> Supply is dominated in a few countries (bottleneck) | B65: =IFERROR(IFERROR(B3,0)/$J3,0) -> 1 | C65: =IFERROR(IFERROR(C3,0)/$J3,0) -> 0 | D65: =IFERROR(IFERROR(D3,0)/$J3,0) -> 1 | E65: =IFERROR(IFERROR(E3,0)/$J3,0) -> 1 | F65: =IFERROR(IFERROR(F3,0)/$J3,0) -> 0.81162139 | G65: =IFERROR(IFERROR(G3,0)/$J3,0) -> 0.88024684 | H65: =IFERROR(IFERROR(H3,0)/$J3,0) -> 0.83696137
A66: =A4 -> WGI - Political stability & absence of Violence/terrorism (2020) | B66: =IFERROR(IFERROR(B4,0)/$J4,0) -> 0.53623503 | C66: =IFERROR(IFERROR(C4,0)/$J4,0) -> 0 | D66: =IFERROR(IFERROR(D4,0)/$J4,0) -> 0.53623503 | E66: =IFERROR(IFERROR(E4,0)/$J4,0) -> 0.53623503 | F66: =IFERROR(IFERROR(F4,0)/$J4,0) -> 0.69047792 | G66: =IFERROR(IFERROR(G4,0)/$J4,0) -> 1 | H66: =IFERROR(IFERROR(H4,0)/$J4,0) -> 0.71500013
A67: =A5 -> WGI - Government effectiveness (2020) | B67: =IFERROR(IFERROR(B5,0)/$J5,0) -> 0.28650264 | C67: =IFERROR(IFERROR(C5,0)/$J5,0) -> 0 | D67: =IFERROR(IFERROR(D5,0)/$J5,0) -> 0.28650264 | E67: =IFERROR(IFERROR(E5,0)/$J5,0) -> 0.28650264 | F67: =IFERROR(IFERROR(F5,0)/$J5,0) -> 0.31216328 | G67: =IFERROR(IFERROR(G5,0)/$J5,0) -> 1 | H67: =IFERROR(IFERROR(H5,0)/$J5,0) -> 0.34043983
A68: =A6 -> WGI - Regulatory Quality (2020) | B68: =IFERROR(IFERROR(B6,0)/$J6,0) -> 0.34026019 | C68: =IFERROR(IFERROR(C6,0)/$J6,0) -> 0 | D68: =IFERROR(IFERROR(D6,0)/$J6,0) -> 0.34026019 | E68: =IFERROR(IFERROR(E6,0)/$J6,0) -> 0.34026019 | F68: =IFERROR(IFERROR(F6,0)/$J6,0) -> 0.43083128 | G68: =IFERROR(IFERROR(G6,0)/$J6,0) -> 1 | H68: =IFERROR(IFERROR(H6,0)/$J6,0) -> 0.45891824
A69: =A7 -> WGI - Rule of law (2020) | B69: =IFERROR(IFERROR(B7,0)/$J7,0) -> 0.2700918 | C69: =IFERROR(IFERROR(C7,0)/$J7,0) -> 0 | D69: =IFERROR(IFERROR(D7,0)/$J7,0) -> 0.2700918 | E69: =IFERROR(IFERROR(E7,0)/$J7,0) -> 0.2700918 | F69: =IFERROR(IFERROR(F7,0)/$J7,0) -> 0.40303702 | G69: =IFERROR(IFERROR(G7,0)/$J7,0) -> 1 | H69: =IFERROR(IFERROR(H7,0)/$J7,0) -> 0.41306045
A70: =A8 -> WGI - Control of corruption (2020) | B70: =IFERROR(IFERROR(B8,0)/$J8,0) -> 0.29529992 | C70: =IFERROR(IFERROR(C8,0)/$J8,0) -> 0 | D70: =IFERROR(IFERROR(D8,0)/$J8,0) -> 0.29529992 | E70: =IFERROR(IFERROR(E8,0)/$J8,0) -> 0.29529992 | F70: =IFERROR(IFERROR(F8,0)/$J8,0) -> 0.40618804 | G70: =IFERROR(IFERROR(G8,0)/$J8,0) -> 1 | H70: =IFERROR(IFERROR(H8,0)/$J8,0) -> 0.39787144
A71: =A9 -> WGI - Voice and Accountability (2020) | B71: =IFERROR(IFERROR(B9,0)/$J9,0) -> 0.26635057 | C71: =IFERROR(IFERROR(C9,0)/$J9,0) -> 0 | D71: =IFERROR(IFERROR(D9,0)/$J9,0) -> 0.26635057 | E71: =IFERROR(IFERROR(E9,0)/$J9,0) -> 0.26635057 | F71: =IFERROR(IFERROR(F9,0)/$J9,0) -> 0.81290203 | G71: =IFERROR(IFERROR(G9,0)/$J9,0) -> 1 | H71: =IFERROR(IFERROR(H9,0)/$J9,0) -> 0.69231177
A72: =A10 -> Fragile State Index (2022) | B72: =IFERROR(IFERROR(B10,0)/$J10,0) -> 0.44536947 | C72: =IFERROR(IFERROR(C10,0)/$J10,0) -> 0 | D72: =IFERROR(IFERROR(D10,0)/$J10,0) -> 0.44536947 | E72: =IFERROR(IFERROR(E10,0)/$J10,0) -> 0.44536947 | F72: =IFERROR(IFERROR(F10,0)/$J10,0) -> 0.59706866 | G72: =IFERROR(IFERROR(G10,0)/$J10,0) -> 1 | H72: =IFERROR(IFERROR(H10,0)/$J10,0) -> 0.57177999
A73: =A11 -> Policy Perception Index (2021) | B73: =IFERROR(IFERROR(B11,0)/$J11,0) -> 0.84925858 | C73: =IFERROR(IFERROR(C11,0)/$J11,0) -> 0 | D73: =IFERROR(IFERROR(D11,0)/$J11,0) -> 0.84925858 | E73: =IFERROR(IFERROR(E11,0)/$J11,0) -> 0.84925858 | F73: =IFERROR(IFERROR(F11,0)/$J11,0) -> 0.77446724 | G73: =IFERROR(IFERROR(G11,0)/$J11,0) -> 1 | H73: =IFERROR(IFERROR(H11,0)/$J11,0) -> 0.71933406
A74: =A12 -> Enabling trade index (2016) | B74: =IFERROR(IFERROR(B12,0)/$J12,0) -> 0.52479504 | C74: =IFERROR(IFERROR(C12,0)/$J12,0) -> 0 | D74: =IFERROR(IFERROR(D12,0)/$J12,0) -> 0.52479504 | E74: =IFERROR(IFERROR(E12,0)/$J12,0) -> 0.52479504 | F74: =IFERROR(IFERROR(F12,0)/$J12,0) -> 0.67143254 | G74: =IFERROR(IFERROR(G12,0)/$J12,0) -> 1 | H74: =IFERROR(IFERROR(H12,0)/$J12,0) -> 0.66880856
A75: =A13 -> Environmental Performance Index (2024) | B75: =IFERROR(IFERROR(B13,0)/$J13,0) -> 0.64103249 | C75: =IFERROR(IFERROR(C13,0)/$J13,0) -> 0 | D75: =IFERROR(IFERROR(D13,0)/$J13,0) -> 0.64103249 | E75: =IFERROR(IFERROR(E13,0)/$J13,0) -> 0.64103249 | F75: =IFERROR(IFERROR(F13,0)/$J13,0) -> 0.89228161 | G75: =IFERROR(IFERROR(G13,0)/$J13,0) -> 1 | H75: =IFERROR(IFERROR(H13,0)/$J13,0) -> 0.91681891
A76: =A14 -> Child labour (% ages 5-17) (2010-2019) | B76: =IFERROR(IFERROR(B14,0)/$J14,0) -> 0 | C76: =IFERROR(IFERROR(C14,0)/$J14,0) -> 0 | D76: =IFERROR(IFERROR(D14,0)/$J14,0) -> 0 | E76: =IFERROR(IFERROR(E14,0)/$J14,0) -> 0 | F76: =IFERROR(IFERROR(F14,0)/$J14,0) -> 0.034587828 | G76: =IFERROR(IFERROR(G14,0)/$J14,0) -> 1 | H76: =IFERROR(IFERROR(H14,0)/$J14,0) -> 0.24833695
